Workbook

Sheet Консол
A1: Анализ исполнения консолидированного бюджета Моргаушского муниципального округа на 01.02.2023 г.
A2: Показатели | B2: Код БК | C2: Консолидированный бюджет | F2: Районный бюджет
C3: план на 2023 г. | D3: исполнено на 01.02.2023 г. | E3: % исполнения к плану | F3: план на 2023 г. | G3: исполнено на 01.02.2023 г. | H3: % исполнения к плану
A4: НАЛОГОВЫЕ ДОХОДЫ | C4: =SUM(C5:C13) -> 411895.42 | D4: =SUM(D5:D13) -> 88254.864 | E4: =D4/C4*100 -> 21.426522 | F4: =SUM(F5:F13) -> 411895.42 | G4: =SUM(G5:G13) -> 88254.864 | H4: =G4/F4*100 -> 21.426522
A5: налог на доходы физических лиц | B5: 10102 | C5: =F5 -> 299265.1 | D5: =G5 -> 75160.383 | E5: =D5/C5*100 -> 25.114984 | F5: =район!C6 -> 299265.1 | G5: =район!D6 -> 75160.383 | H5: =G5/F5*100 -> 25.114984
A6: налоги на товары (работы и услуги), реализуемые на территории РФ | B6: 10300 | C6: =F6 -> 25111.324 | D6: =G6 -> 7507.4776 | E6: =D6/C6*100 -> 29.896781 | F6: =район!C8 -> 25111.324 | G6: =район!D8 -> 7507.4776 | H6: =G6/F6*100 -> 29.896781
A7: налог на совокупный доход | B7: 10500 | C7: =F7 -> 47550 | D7: =G7 -> -1496.6443 | E7: =D7/C7*100 -> -3.1475169 | F7: =район!C13 -> 47550 | G7: =район!D13 -> -1496.6443 | H7: =G7/F7*100 -> -3.1475169
A8: налог на имущество | B8: 10601 | C8: =F8 -> 10428 | D8: =G8 -> 525.18668 | E8: =D8/C8*100 -> 5.0363126 | F8: =SUM(район!C19) -> 10428 | G8: =SUM(район!D19) -> 525.18668
A9: транспортный налог | B9: 10604 | C9: =F9 -> 3365 | D9: =G9 -> 124.60386 | E9: =D9/C9*100 -> 3.7029379 | F9: =SUM(район!C20) -> 3365 | G9: =район!D20 -> 124.60386 | H9: =G9/F9*100 -> 3.7029379
A10: земельный налог | B10: 10606 | C10: =F10 -> 17613 | D10: =G10 -> 3529.9587 | E10: =D10/C10*100 -> 20.04178 | F10: =SUM(район!C23) -> 17613 | G10: =SUM(район!D23) -> 3529.9587 | H10: 0
A11: налоги, сборы за пользование природными ресурсами | B11: 10701 | C11: =F11 -> 505 | D11: =G11 -> 90.464 | E11: =D11/C11*100 -> 17.913663 | F11: =район!C26 -> 505 | G11: =район!D26 -> 90.464 | H11: =G11/F11*100 -> 17.913663
A12: госпошлина | B12: 10800 | C12: =F12 -> 8058 | D12: =G12 -> 2813.4342 | E12: =D12/C12*100 -> 34.914795 | F12: =район!C28 -> 8058 | G12: =район!D28 -> 2813.4342 | H12: =G12/F12*100 -> 34.914795
A13: задол. по отм. нал., сборам | B13: 10900 | C13: =F13 -> 0 | D13: =G13 -> 0 | F13: =район!C32 -> 0 | G13: =район!D32 -> 0
A14: НЕНАЛОГОВЫЕ ДОХОДЫ | C14: =SUM(C15:C21) -> 59455.936 | D14: =SUM(D15:D21) -> 42062.212 | E14: =D14/C14*100 -> 70.745185 | F14: =F15+F16+F17+F18+F20+F21+F19 -> 59455.936 | G14: =G15+G16+G17+G18+G20+G21+G19 -> 42062.212 | H14: =G14/F14*100 -> 70.745185
A15: доходы от использования имущества, находящегося в государственной и муниципальной собственности | B15: 11100 | C15: =F15 -> 13340 | D15: =G15 -> 8596.9211 | E15: =D15/C15*100 -> 64.444686 | F15: =район!C38 -> 13340 | G15: =район!D38 -> 8596.9211 | H15: =G15/F15*100 -> 64.444686
A16: плата за негативное воздействие на окуржающую среду | B16: 11200 | C16: =F16 -> 0 | D16: =G16 -> 0 | E16: =D16/C16*100 -> #DIV/0! | F16: =район!C48 -> 0 | G16: =район!D48 -> 0 | H16: =G16/F16*100 -> #DIV/0!
A17: доходы от оказания платных услуг и компенсации затрат государства | B17: 11300 | C17: =F17 -> 1000 | D17: =G17 -> 348.99247 | E17: =D17/C17*100 -> 34.899247 | F17: =район!C50 -> 1000 | G17: =район!D50 -> 348.99247 | H17: =G17/F17*100 -> 34.899247
A18: доходы от продажи материальных и нематериальных активов | B18: 11400 | C18: =F18 -> 12500 | D18: =G18 -> 2728.8219 | E18: =D18/C18*100 -> 21.830575 | F18: =район!C53 -> 12500 | G18: =район!D53 -> 2728.8219 | H18: =G18/F18*100 -> 21.830575
A19: административные платежи и сборы | B19: 11500 | C19: =F19 -> 0 | D19: =G19 -> 28796.553 | F19: =район!C58 -> 0 | G19: =район!D66 -> 28796.553
A20: штрафы, санкции, возмещние ущерба | B20: 11600 | C20: =F20 -> 2500 | D20: =G20 -> 1590.9241 | E20: =D20/C20*100 -> 63.636964 | F20: =район!C60 -> 2500 | G20: =район!D60 -> 1590.9241 | H20: =G20/F20*100 -> 63.636964
A21: прочие неналоговые доходы | B21: 11700 | C21: =F21 -> 30115.936 | D21: =G21 -> 0 | F21: =район!C66 -> 30115.936
A22: ДОХОДЫ ОТ ПРЕДПРИНИМАТЕЛЬСКОЙ ДЕЯТЕЛЬНОСТИ | B22: 30000 | C22: =F22 -> 0 | D22: =G22 -> 0 | F22: 0 | G22: 0
A23: ИТОГО СОБСТВЕННЫХ ДОХОДОВ | B23: 10000 | C23: =SUM(C4,C14,C22,) -> 471351.36 | D23: =SUM(D4,D14,) -> 130317.08 | E23: =D23/C23*100 -> 27.647544 | F23: =SUM(F4,F14,) -> 471351.36 | G23: =SUM(G4,G14,G22) -> 130317.08 | H23: =G23/F23*100 -> 27.647544
A24: БЕЗВОЗМЕЗДНЫЕ ПЕРЕЧИСЛЕНИЯ | B24: 20200 | C24: 717224.66 | D24: -46567.792 | E24: =D24/C24*100 -> -6.4927762 | F24: =район!C70 -> 1246602.1 | G24: =район!D70 -> 362361.17 | H24: =G24/F24*100 -> 29.067908
A25: Прочие безвозмездные поступления | B25: 20700 | C25: =F25 -> 0 | D25: =SUM(G25) -> 0 | E25: =D25/C25*100 -> #DIV/0! | F25: 0 | G25: 0
A26: Возврат излишне уплаченных сумм | B26: 20800 | C26: =F26 -> 0 | D26: =район!D75 -> 0 | E26: =D26/C26*100 -> #DIV/0! | F26: 0 | G26: 0
A27: Доходы бюджетов муниц.районов от возврата оргнизациями остатков субсидий прошлых лет | B27: 21800 | C27: 0 | D27: =SUM(район!D76) -> 0 | F27: 0 | G27: 0
A28: Возврат остатков субсидий и субвенций | B28: 21900 | C28: =F28 -> 0 | D28: -87055.707 | F28: =район!C77 -> 0 | G28: =район!D77 -> -25594.683
A29: ВСЕГО ДОХОДОВ | C29: =C24+C23+C28+C25 -> 1188576 | D29: =D24+D23+D25+D27+D26 -> 83749.283 | E29: =D29/C29*100 -> 7.0461865 | F29: =F24+F23 -> 1717953.5 | G29: =G24+G23+G26 -> 492678.24 | H29: =G29/F29*100 -> 28.678206
A30: ВСЕГО РАСХОДОВ | C30: =C31+C32+C33+C34+C35+C36+C37+C38+C39+C43+C40+C41+C42 -> #REF! | D30: =SUM(D31:D43) -> #REF! | E30: =D30/C30*100 -> #REF! | F30: =SUM(F31+F32+F33+F34+F35+F36+F37+F38+F39+F40+F41+F42+F43) -> #REF! | G30: =SUM(G31:G43) -> #REF! | H30: =G30/F30*100 -> #REF!
A31: общегосударственные вопросы | B31: 0100 | C31: =F31 -> 196851.11 | D31: =G31 -> 50255.474 | E31: =D31/C31*100 -> 25.529688 | F31: =район!C82 -> 196851.11 | G31: =район!D82 -> 50255.474 | H31: =G31/F31*100 -> 25.529688
A32: национальная оборона | B32: 0200 | C32: =F32 -> 3475.7 | D32: =G32 -> 1005.736 | E32: =D32/C32*100 -> 28.936213 | F32: =район!C92 -> 3475.7 | G32: =район!D92 -> 1005.736 | H32: =G32/F32*100 -> 28.936213
A33: национальная безопасность и правоохранительная деятельность | B33: 0300 | C33: =F33 -> 14619.282 | D33: =G33 -> 2768.8871 | E33: =D33/C33*100 -> 18.939966 | F33: =район!C94 -> 14619.282 | G33: =район!D94 -> 2768.8871 | H33: =G33/F33*100 -> 18.939966
A34: национальная экономика | B34: 0400 | C34: 119953.7 | D34: 12.33 | E34: =D34/C34*100 -> 0.010278966 | F34: =район!C99 -> 243862.35 | G34: =район!D99 -> 51304.748 | H34: =G34/F34*100 -> 21.038405
A35: жилищно-коммунальное хозяйство | B35: 0500 | C35: 132002.97 | D35: 20.5 | E35: =D35/C35*100 -> 0.015529954 | F35: =район!C120 -> 347092.51 | G35: =район!D120 -> 11266.157 | H35: =G35/F35*100 -> 3.2458658
A36: охрана окружающей среды | B36: 0600 | C36: =F36 -> 3744.4755 | D36: =G36 -> 0 | E36: =D36/C36*100 -> 0 | F36: =район!C138 -> 3744.4755 | G36: =район!D138 -> 0 | H36: =G36/F36*100 -> 0
A37: образование | B37: 0700 | C37: =F37 -> 794430.49 | D37: =G37 -> 305551.79 | E37: =D37/C37*100 -> 38.46174 | F37: =район!C143 -> 794430.49 | G37: =район!D143 -> 305551.79 | H37: =G37/F37*100 -> 38.46174
A38: культура | B38: 0800 | C38: 53583.964 | D38: 3468.4 | E38: =D38/C38*100 -> 6.4728321 | F38: =район!C166 -> 108191.84 | G38: =район!D166 -> 38227.109 | H38: =G38/F38*100 -> 35.332711
A39: социальная политика | B39: 1000 | C39: 40552.978 | D39: 0 | E39: =D39/C39*100 -> 0 | F39: =район!C175 -> 78128.091 | G39: =район!D175 -> 11615.069 | H39: =G39/F39*100 -> 14.8667
A40: физическая культура | B40: 1100 | C40: 7825.1 | D40: 306.254 | E40: =D40/C40*100 -> 3.9137391 | F40: =район!C187 -> 40413.69 | G40: =район!D187 -> 13573.664 | H40: =G40/F40*100 -> 33.586797
A41: средства массовой информации | B41: 1200 | C41: =F41 -> #REF! | D41: =G41 -> #REF! | E41: =D41/C41*100 -> #REF! | F41: =район!#REF! -> #REF! | G41: =район!#REF! -> #REF! | H41: =G41/F41*100 -> #REF!
A42: обслуживание государственного и муниципального долга | B42: 1300 | C42: =F42 -> #REF! | D42: =G42 -> #REF! | F42: =район!#REF! -> #REF! | G42: =район!#REF! -> #REF! | H42: 0
A43: межбюджетные трансферты | B43: 1400 | C43: 0 | D43: 0 | E43: 0 | F43: =район!#REF! -> #REF! | G43: =район!#REF! -> #REF! | H43: =G43/F43*100 -> #REF!
C45: =C29-C30 -> #REF! | D45: =D29-D30 -> #REF! | F45: =F29-F30 -> #REF! | G45: =G29-G30 -> #REF!
C46: =C45-F46 -> #REF! | D46: =D45-G46 -> #REF! | F46: =F45+#REF! -> #REF! | G46: =G45+#REF! -> #REF!
F47: =C30+F46-C23-C28 -> #REF! | G47: =D30+G46-D23-D28 -> #REF!
A51: Начальник финансового отдела
A52: администрации Моргаушского района | C52: Р.И. Ананьева

Sheet Справка
AD1: Приложение 3
AD2: к письму Минфина Чувашии
AD3: от 02.02.2007 №04-16/491
B4: С П Р А В К А
B5: об исполнении бюджетов поселений Моргаушского района на 1 января 2023 г.
A7: № п/п | B7: Наименование поселений | C7: Доходы - всего (код дохода 00085000000000000000) | F7: в том числе: | DM7: Расходы - всего (код расхода 00096000000000000000) | FC7: Дефицит - всего (код БК 00079000000000000000)
F8: Налоговые и неналоговые доходы (код дохода 00010000000000000000) | L8: из них: | CF8: Безвозмездные поступления (код дохода 00020000000000000000) | CI8: из них: | DD8: Доходы от предпринимательской и иной приносящей доход деятельности (код дохода 00030000000000000000) | DP8: из них:
L9: налог на доходы физических лиц (код дохода 00010102000010000110) | R9: доходы от уплаты акцизов на дизельное топливо 00010302230010000110 | U9: доходы от уплаты акцизов на моторные масла 00010302240010000110 | X9: доходы от уплаты акцизов на автомобильный бензин 00010302250010000110 | AA9: доходы от уплаты акцизов на прямогонный бензин 00010302260010000110 | AD9: единый сельскохозяйственный налог (код дохода 00010503000010000110) | AG9: налог на имущество физических лиц, зачисляемые в бюджеты поселений (код дохода 00010601030100000110) | AJ9: земельный налог (код дохода 00010606000000000110) | AM9: Госпошлина (108) | AP9: Задолженность и перерасчеты по отмененным налогам, сборам и иным обязательным платежам (код дохода 00010900000000000000) | AS9: арендная плата за земли, находящиеся в государственной собственности до разграничения государственной собственности на землю, и поступления от продажи права на заключение договоров аренды указанных земельных участков (код дохода 00011105010000000120) | AV9: арендная плата за земли после разграничения государственной собственности на землю и поступления от продажи права на заключение договоров аренды указанных земельных участков (код дохода 00011105025100000120) | AY9: доходы от сдачи в аренду имущества, находящегося в оперативном управлении органов управления поселений и создаваемых ими учреждений и в хозяйственном ведении муниципальных унитарных предприятий (код дохода 00011105035100000120) | BB9: Задолженность и перерасчет по отмененным налогам (109) | BE9: Доходы от оказания платных услуг и компенсации затрат государства 000 113 00000 00 0000 000 | BH9: Доходы от реализации имущества, находящегося в собственности сельских поселений 000 11402050100000 410 | BK9: Доходы от реализации имущества 000 114 02014100000 420 | BN9: Прочие доходы от оказания платных услуг получателям средств бюджетов поселений и компенсации затрат бюджетов поселений (код 000 113 03050 10 0000 180 | BQ9: Денежные взыскания (штрафы) за нарушение законодательства о налогах и сборах (116 00000 00 0000 000) | BT9: Штрафы, санкции, возмещение ущерба (код 000 1 16 00000 00 0000 000) | BW9: прочие неналоговые доходы бюджетов поселений (код 000 1 17 00000 00 0000 000) | BZ9: Государственная пошлина за совершение нотариальных действийдолжностными лицами органов местного самоуправления (000 1 08 04020 01 0000 110) | CC9: Возврат остатков субсидий и сцбвенций из бюджетов поселений (000 1 19 05000 10 0000 151) | CI9: дотации бюджетам поселений на выравнивание уровня бюджетной обеспеченности (код доходов 00020215001100000151) | CL9: дотации бюджетам поселений на поддержку мер по обеспечению сбалансированности бюджетов (код доходов 00020215002000000151) | CO9: Субсидии | CR9: Субвенции | CU9: Иные межбюджетные трансферты | CX9: Прочие безвозмездные поступления | DA9: Возврат остатков субсидий, субвенций и иных межбюджетных трансфертов, имеющих целевое назначение, прошлых лет | DG9: Прочие безвозмездные поступления в бюджеты поселений | DJ9: Прочие безвозмездные поступления от других бюджетов бюджетной системы | DP9: Общегосударственные вопросы (код расхода 00001000000000000000) | DS9: в том числе: | EE9: Национальная оборона (02000000000000) | EH9: Национальная безопасность (0300000000000000) | EK9: Национальная экономика (код расхода 00004000000000000000) | EN9: Жилищно-коммунальное хозяйство (код расхода 00005000000000000000) | EQ9: Культура (код расхода 00008000000000000000) | ET9: Cоциальная политика (код БК расходов 100000000000) | EW9: Физическая культура и спорт (1101000000000000000) | EZ9: Межбюджетные трансферты (140000000000)
DS11: Функционирование местных администраций (код расхода 01040000000000000) | DV11: Обеспечение проведения выборов и референдумов (010700000000000) | DY11: Резервные фонды (0111000000000000) | EB11: Другие общегосударственные расходы (0113000000000000)
C12: план | D12: факт | E12: процент исполнения | F12: план | G12: факт | H12: процент исполнения | L12: план | M12: факт | N12: процент исполнения | R12: план | S12: факт | T12: процент исполнения | U12: план | V12: факт | W12: процент исполнения | X12: план | Y12: факт | Z12: процент исполнения | AA12: план | AB12: факт | AC12: процент исполнения | AD12: план | AE12: факт | AF12: процент исполнения | AG12: план | AH12: факт | AI12: процент исполнения | AJ12: план | AK12: факт | AL12: процент исполнения | AM12: план | AN12: факт | AO12: процент исполнения | AP12: план | AQ12: факт | AR12: процент исполнения | AS12: план | AT12: факт | AU12: процент исполнения | AV12: план | AW12: факт | AX12: процент исполнения | AY12: план | AZ12: факт | BA12: процент исполнения | BB12: план | BC12: факт | BD12: процент исполнения | BE12: план | BF12: факт | BG12: процент исполнения | BK12: план | BL12: факт | BM12: процент исполнения | BN12: план | BO12: факт | BP12: процент исполнения | BQ12: план | BR12: факт | BS12: процент исполнения | BT12: план | BU12: факт | BV12: процент исполнения | BW12: план | BX12: факт | BY12: процент исполнения | BZ12: план | CA12: факт | CB12: процент исполнения | CC12: план | CD12: факт | CE12: процент исполнения | CF12: план | CG12: факт | CH12: процент исполнения | CI12: план | CJ12: факт | CK12: процент исполнения | CL12: план | CM12: факт | CN12: процент исполнения | CO12: план | CP12: факт | CQ12: процент исполнения | CR12: план | CS12: факт | CT12: процент исполнения | CU12: план | CV12: факт | CW12: процент исполнения | CX12: план | CY12: факт | CZ12: процент исполнения | DA12: план | DB12: факт | DC12: процент исполнения | DD12: план | DE12: факт | DF12: процент исполнения | DG12: план | DH12: факт | DI12: процент исполнения | DJ12: план | DK12: факт | DL12: процент исполнения | DM12: план | DN12: факт | DO12: процент исполнения | DP12: план | DQ12: факт | DR12: процент исполнения | DS12: план | DT12: факт | DU12: процент исполнения | DV12: план | DW12: факт | DX12: процент исполнения | DY12: план | DZ12: факт | EA12: процент исполнения | EB12: план | EC12: факт | ED12: процент исполнения | EE12: план | EF12: факт | EG12: процент исполнения | EH12: план | EI12: факт | EJ12: процент исполнения | EK12: план | EL12: факт | EM12: процент исполнения | EN12: план | EO12: факт | EP12: процент исполнения | EQ12: план | ER12: факт | ES12: процент исполнения | ET12: план | EU12: факт | EV12: процент исполнения | EW12: план | EX12: факт | EY12: процент исполнения | EZ12: план | FA12: факт | FB12: процент исполнения | FC12: план | FD12: факт | FE12: процент исполнения
A13: 1 | B13: 2 | C13: 3 | D13: 4 | E13: 5 | F13: 6 | G13: 7 | H13: 8 | L13: 9 | M13: 10 | N13: 11 | R13: 12 | S13: 13 | T13: 14 | U13: 15 | V13: 16 | W13: 17 | X13: 18 | Y13: 19 | Z13: 20 | AA13: 21 | AB13: 22 | AC13: 23 | AD13: 24 | AE13: 25 | AF13: 26 | AG13: 27 | AH13: 28 | AI13: 29 | AJ13: 30 | AK13: 31 | AL13: 32 | AM13: 33 | AN13: 34 | AO13: 35 | AP13: 36 | AQ13: 37 | AR13: 38 | AS13: 39 | AT13: 40 | AU13: 41 | AV13: 42 | AW13: 43 | AX13: 44 | AY13: 45 | AZ13: 46 | BA13: 47 | BB13: 48 | BC13: 49 | BD13: 50 | BE13: 48 | BF13: 49 | BG13: 50 | BH13: 51 | BI13: 52 | BJ13: 56 | BK13: 51 | BL13: 52 | BM13: 53 | BN13: 60 | BO13: 61 | BP13: 62 | BQ13: 63 | BR13: 64 | BS13: 65 | BT13: 66 | BU13: 67 | BV13: 68 | BW13: 54 | BX13: 55 | BY13: 56 | BZ13: 72 | CA13: 73 | CB13: 74 | CC13: 75 | CD13: 76 | CE13: 77 | CF13: 57 | CG13: 58 | CH13: 59 | CI13: 60 | CJ13: 61 | CK13: 62 | CL13: 63 | CM13: 64 | CN13: 65 | CO13: 66 | CP13: 67 | CQ13: 68 | CR13: 69 | CS13: 70 | CT13: 71 | CU13: 72 | CV13: 73 | CW13: 74 | CX13: 75 | CY13: 76 | CZ13: 77 | DA13: 78 | DB13: 79 | DC13: 80 | DD13: 96 | DE13: 97 | DF13: 98 | DG13: 99 | DH13: 100 | DI13: 101 | DJ13: 102 | DK13: 103 | DL13: 104 | DM13: 81 | DN13: 82 | DO13: 83 | DP13: 84 | DQ13: 85 | DR13: 86 | DS13: 87 | DT13: 88 | DU13: 89 | DV13: 90 | DW13: 91 | DX13: 92 | DY13: 93 | DZ13: 94 | EA13: 95 | EB13: 96 | EC13: 97 | ED13: 98 | EE13: 99 | EF13: 100 | EG13: 101 | EH13: 102 | EI13: 103 | EJ13: 104 | EK13: 105 | EL13: 106 | EM13: 107 | EN13: 108 | EO13: 109 | EP13: 110 | EQ13: 111 | ER13: 112 | ES13: 113 | ET13: 114 | EU13: 115 | EV13: 116 | EW13: 117 | EX13: 118 | EY13: 119 | EZ13: 120 | FA13: 121 | FB13: 122 | FC13: 123 | FD13: 124 | FE13: 125
A14: 1 | B14: Александровское | C14: =F14+CF14 -> 7133.6503 | D14: =G14+CG14+DE14 -> 7163.8775 | E14: =D14/C14*100 -> 100.42373 | F14: =L14+AD14+AG14+AJ14+AM14+AS14+AY14+BK14+BW14+BT14+AP14+BE14+R14+X14+U14+AA14+AV14 -> 1098.621 | G14: =M14+AE14+AH14+AK14+AN14+AT14+AZ14+BL14+AQ14+BX14+BU14+BF14+S14+Y14+V14+AB14+AW14 -> 1128.8483 | H14: =G14/F14*100 -> 102.75138 | I14: =L14+R14+U14+X14+AA14+AD14+AG14+AJ14+AM14 -> 613.77 | L14: =Але!C6 -> 81 | M14: =Але!D6 -> 81.83063 | N14: =M14/L14*100 -> 101.02547 | O14: =R14+U14+X14+AA14 -> 286.77 | P14: =S14+V14+Y14+AB14 -> 339.03285 | R14: =Але!C8 -> 106.965 | S14: =Але!D8 -> 169.95956 | T14: =S14/R14*100 -> 158.89268 | U14: =Але!C9 -> 1.147 | V14: =Але!D9 -> 0.91805 | W14: =V14/U14*100 -> 80.039233 | X14: =Але!C10 -> 178.658 | Y14: =Але!D10 -> 187.65454 | Z14: =Y14/X14*100 -> 105.03562 | AA14: =Але!C11 -> 0 | AB14: =Але!D11 -> -19.4993 | AC14: =AB14/AA14*100 -> #DIV/0! | AD14: =Але!C13 -> 10 | AE14: =Але!D13 -> 0 | AF14: =AE14/AD14*100 -> 0 | AG14: =Але!C15 -> 86 | AH14: =Але!D15 -> 68.34394 | AI14: =AH14/AG14*100 -> 79.469698 | AJ14: =Але!C16 -> 147 | AK14: =Але!D16 -> 142.96259 | AL14: =AK14/AJ14*100 -> 97.253463 | AM14: =Але!C18 -> 3 | AN14: =Але!D18 -> 1.1 | AO14: =AN14/AM14*100 -> 36.666667 | AR14: =AQ14/AP14*100 -> #DIV/0! | AS14: 0 | AT14: 0 | AU14: =AT14/AS14*100 -> #DIV/0! | AV14: =Але!C27 -> 50 | AW14: =Але!D27 -> 54.28468 | AX14: =AW14/AV14*100 -> 108.56936 | AY14: =Але!C28 -> 0 | AZ14: =Але!D28 -> 0 | BA14: =AZ14/AY14*100 -> #DIV/0! | BD14: =BC14/BB14*100 -> #DIV/0! | BE14: =Але!C29 -> 0 | BF14: =Але!D29 -> 0.35256 | BG14: =BF14/BE14*100 -> #DIV/0! | BH14: =Але!C30 -> 0 | BI14: =Але!D30 -> 0.35256 | BJ14: =BI14/BH14*100 -> #DIV/0! | BK14: =Але!C32 -> 0 | BL14: =Але!D31 -> 0 | BM14: =BL14/BK14*100 -> #DIV/0! | BP14: =BO14/BN14*100 -> #DIV/0! | BV14: =BU14/BT14*100 -> #DIV/0! | BW14: =Але!C34 -> 434.851 | BX14: =Але!D36 -> 440.941 | BY14: =BX14/BW14*100 -> 101.40048 | CB14: =BZ14/CA14*100 -> #DIV/0! | CE14: =CC14/CD14*100 -> #DIV/0! | CF14: =CI14+CL14+CO14+CR14+CX14+CU14 -> 6035.0293 | CG14: =CJ14+CM14+CP14+CS14+CY14+CV14+DB14 -> 6035.0293 | CH14: =CG14/CF14*100 -> 100 | CI14: =Але!C39 -> 1839.6 | CJ14: =Але!D39 -> 1839.6 | CK14: =CJ14/CI14*100 -> 100 | CL14: =Але!C40 -> 0 | CM14: =Але!D40 -> 0 | CN14: =CM14/CL14*100 -> #DIV/0! | CO14: =Але!C41 -> 2800.9645 | CP14: =Але!D41 -> 2800.9645 | CQ14: =CP14/CO14*100 -> 100 | CR14: =Але!C42 -> 108.54453 | CS14: =Але!D42 -> 108.54453 | CT14: =CS14/CR14*100 -> 100 | CU14: =Але!C44 -> 1285.9202 | CV14: =Але!D44 -> 1285.9202 | CW14: =CV14/CU14*100 -> 100 | CX14: =Але!C43 -> 0 | CY14: =Але!D43 -> 0 | CZ14: =CY14/CX14*100 -> #DIV/0! | DB14: =Але!D45 -> 0 | DC14: =DB13:DB14/DA14*100 -> #DIV/0! | DF14: =DE14/DD14*100 -> #DIV/0! | DM14: =DP14+EE14+EH14+EK14+EN14+EQ14+ET14+EW14+EZ14 -> 7895.2142 | DN14: =DQ14+EF14+EI14+EL14+EO14+ER14+EU14+EX14+FA14 -> 7712.6722 | DO14: =DN14/DM14*100 -> 97.687941 | DP14: =DS14+DV14+DY14+EB14 -> 1412.8372 | DQ14: =DT14+DW14+DZ14+EC14 -> 1397.4266 | DR14: =DQ14/DP14*100 -> 98.909249 | DS14: =Але!C54 -> 1409.1872 | DT14: =Але!D54 -> 1394.7766 | DU14: =DT14/DS14*100 -> 98.977386 | DV14: =Але!C57 -> 0 | DW14: =Але!D57 -> 0 | DX14: =DW14/DV14*100 -> #DIV/0! | DY14: =Але!C58 -> 1 | DZ14: =Але!D58 -> 0 | EA14: =DZ14/DY14*100 -> 0 | EB14: =Але!C59 -> 2.65 | EC14: =Але!D59 -> 2.65 | ED14: =EC14/EB14*100 -> 100 | EE14: =Але!C61 -> 108.54453 | EF14: =Але!D61 -> 108.54453 | EG14: =EF14/EE14*100 -> 100 | EH14: =Але!C62 -> 18 | EI14: =Але!D62 -> 17.32196 | EJ14: =EI14/EH14*100 -> 96.233111 | EK14: =Але!C68 -> 851.65996 | EL14: =Але!D68 -> 760.8612 | EM14: =EL14/EK14*100 -> 89.338614 | EN14: =Але!C73 -> 5212.0376 | EO14: =Але!D73 -> 5136.3829 | EP14: =EO14/EN14*100 -> 98.548462 | EQ14: =Але!C77 -> 286.6 | ER14: =Але!D77 -> 286.6 | ES14: =ER14/EQ14*100 -> 100 | ET14: =Але!C79 -> 0 | EU14: =Але!D79 -> 0 | EV14: =EU14/ET14*100 -> #DIV/0! | EW14: =Але!C84 -> 5.535 | EX14: =Але!D84 -> 5.535 | EY14: =EX14/EW14*100 -> 100 | EZ14: =Але!C90 -> 0 | FA14: =Але!D90 -> 0 | FB14: =FA14/EZ14*100 -> #DIV/0! | FC14: =SUM(C14-DM14) -> -761.56396 | FD14: =SUM(D14-DN14) -> -548.79468 | FE14: =FD14/FC14*100% -> 0.72061535
A15: 2 | B15: Большесундырское | C15: =F15+CF15 -> 59182.849 | D15: =G15+CG15+DE15 -> 39002.107 | E15: =D15/C15*100 -> 65.901029 | F15: =L15+AD15+AG15+AJ15+AM15+AS15+AY15+BK15+BW15+BT15+AP15+BE15+R15+X15+U15+AA15+AV15 -> 3972.4 | G15: =M15+AE15+AH15+AK15+AN15+AT15+AZ15+BL15+AQ15+BX15+BU15+BF15+S15+Y15+V15+AB15+AW15 -> 6686.2259 | H15: =G15/F15*100 -> 168.31704 | I15: =L15+R15+U15+X15+AA15+AD15+AG15+AJ15+AM15 -> 3692.4 | L15: =Сун!C6 -> 396 | M15: =Сун!D6 -> 1142.7193 | N15: =M15/L15*100 -> 288.56547 | O15: =R15+U15+X15+AA15 -> 823.4 | P15: =S15+V15+Y15+AB15 -> 973.46063 | R15: =Сун!C8 -> 307.128 | S15: =Сун!D8 -> 488.0027 | T15: =S15/R15*100 -> 158.89229 | U15: =Сун!C9 -> 3.294 | V15: =Сун!D9 -> 2.63592 | W15: =V15/U15*100 -> 80.021858 | X15: =Сун!C10 -> 512.978 | Y15: =Сун!D10 -> 538.81008 | Z15: =Y15/X15*100 -> 105.03571 | AA15: =Сун!C11 -> 0 | AB15: =Сун!D11 -> -55.98807 | AC15: =AB15/AA15*100 -> #DIV/0! | AD15: =Сун!C13 -> 45 | AE15: =Сун!D13 -> 42.50697 | AF15: =AE15/AD15*100 -> 94.459933 | AG15: =Сун!C15 -> 1023 | AH15: =Сун!D15 -> 1140.8602 | AI15: =AH15/AG15*100 -> 111.52103 | AJ15: =Сун!C16 -> 1395 | AK15: =Сун!D16 -> 1677.9717 | AL15: =AK15/AJ15*100 -> 120.28471 | AM15: =Сун!C18 -> 10 | AN15: =Сун!D18 -> 8.17 | AO15: =AN15/AM15*100 -> 81.7 | AR15: =AQ15/AP15*100 -> #DIV/0! | AS15: =Сун!C27 -> 0 | AT15: =Сун!D27 -> 0 | AU15: =AT15/AS15*100 -> #DIV/0! | AV15: =Сун!C28 -> 200 | AW15: =Сун!D28 -> 221 | AX15: =AW15/AV15*100 -> 110.5 | AY15: =Сун!C29 -> 50 | AZ15: =Сун!D29 -> 37.503 | BA15: =AZ15/AY15*100 -> 75.006 | BD15: =BC15/BB15*100 -> #DIV/0! | BE15: =Сун!C31 -> 30 | BF15: =SUM(Сун!D30) -> 165.45399 | BG15: =BF15/BE15*100 -> 551.5133 | BK15: =Сун!C33 -> 0 | BL15: =Сун!D33 -> 1132.147 | BM15: =BL15/BK15*100 -> #DIV/0! | BP15: =BO15/BN15*100 -> #DIV/0! | BQ15: =Сун!C36 -> 0 | BR15: =Сун!D36 -> 144.43317 | BT15: =Сун!C36 -> 0 | BU15: =Сун!D36 -> 144.43317 | BV15: =BU15/BT15*100 -> #DIV/0! | BW15: =Сун!C38 -> 0 | BX15: =Сун!D38 -> 0 | BY15: =BX15/BW15*100 -> #DIV/0! | CB15: =BZ15/CA15*100 -> #DIV/0! | CE15: =CC15/CD15*100 -> #DIV/0! | CF15: =CI15+CL15+CO15+CR15+CX15+CU15 -> 55210.449 | CG15: =CJ15+CM15+CP15+CS15+CY15+CV15+DB15 -> 32315.881 | CH15: =CG15/CF15*100 -> 58.532183 | CI15: =Сун!C43 -> 5604.2 | CJ15: =Сун!D43 -> 5604.2 | CK15: =CJ15/CI15*100 -> 100 | CL15: =Сун!C44 -> 0 | CM15: =Сун!D44 -> 0 | CN15: =CM15/CL15*100 -> #DIV/0! | CO15: =Сун!C45 -> 47116.958 | CP15: =Сун!D45 -> 25825.013 | CQ15: =CP15/CO15*100 -> 54.810442 | CR15: =Сун!C47 -> 309.01751 | CS15: =Сун!D47 -> 309.01751 | CT15: =CS15/CR15*100 -> 100 | CU15: =Сун!C48 -> 2180.273 | CV15: =Сун!D48 -> 577.6501 | CW15: =CV15/CU15*100 -> 26.494393 | CX15: =Сун!C49 -> 0 | CY15: =Сун!D49 -> 0 | CZ15: =CY15/CX15*100 -> #DIV/0! | DF15: =DE15/DD15*100 -> #DIV/0! | DM15: =DP15+EE15+EH15+EK15+EN15+EQ15+ET15+EW15+EZ15 -> 60977.589 | DN15: =DQ15+EF15+EI15+EL15+EO15+ER15+EU15+EX15+FA15 -> 37072.416 | DO15: =DN15/DM15*100 -> 60.79679 | DP15: =DS15+DV15+DY15+EB15 -> 2166.4862 | DQ15: =DT15+DW15+DZ15+EC15 -> 1969.2427 | DR15: =DQ15/DP15*100 -> 90.895697 | DS15: =Сун!C60 -> 2123.1742 | DT15: =Сун!D60 -> 1956.9307 | DU15: =DT15/DS15*100 -> 92.170051 | DV15: =Сун!C63 -> 0 | DW15: =Сун!D63 -> 0 | DX15: =DW15/DV15*100 -> #DIV/0! | DY15: =Сун!C64 -> 1 | DZ15: =Сун!D64 -> 0 | EA15: =DZ15/DY15*100 -> 0 | EB15: =Сун!C65 -> 42.312 | EC15: =Сун!D65 -> 12.312 | ED15: =EC15/EB15*100 -> 29.098128 | EE15: =Сун!C67 -> 273.28601 | EF15: =Сун!D67 -> 273.28601 | EG15: =EF15/EE15*100 -> 100 | EH15: =Сун!C68 -> 16.63134 | EI15: =Сун!D68 -> 16.63134 | EJ15: =EI15/EH15*100 -> 100 | EK15: =Сун!C74 -> 2844.9801 | EL15: =Сун!D74 -> 2513.6552 | EM15: =EL15/EK15*100 -> 88.354049 | EN15: =Сун!C79 -> 52464.655 | EO15: =Сун!D79 -> 29146.558 | EP15: =EO15/EN15*100 -> 55.554656 | EQ15: =Сун!C84 -> 3211.5503 | ER15: =Сун!D84 -> 3153.0431 | ES15: =ER15/EQ15*100 -> 98.178227 | ET15: =Сун!C87 -> 0 | EU15: =Сун!D87 -> 0 | EV15: =EU15/ET15*100 -> #DIV/0! | EW15: =Сун!C92 -> 0 | EX15: =Сун!D92 -> 0 | EY15: =EX15/EW15*100 -> #DIV/0! | EZ15: =Сун!C98 -> 0 | FA15: =Сун!D98 -> 0 | FB15: =FA15/EZ15*100 -> #DIV/0! | FC15: =SUM(C15-DM15) -> -1794.7398 | FD15: =SUM(D15-DN15) -> 1929.6901 | FE15: =FD15/FC15*100% -> -1.0751921
A16: 3 | B16: Ильинское | C16: =F16+CF16 -> 18638.027 | D16: =G16+CG16+DE16 -> 17278.989 | E16: =D16/C16*100 -> 92.708256 | F16: =L16+AD16+AG16+AJ16+AM16+AS16+AY16+BK16+BW16+BT16+AP16+BE16+R16+X16+U16+AA16+AV16 -> 3627.0881 | G16: =M16+AE16+AH16+AK16+AN16+AT16+AZ16+BL16+AQ16+BX16+BU16+BF16+S16+Y16+V16+AB16+AW16 -> 3559.9952 | H16: =G16/F16*100 -> 98.150227 | I16: =L16+R16+U16+X16+AA16+AD16+AG16+AJ16+AM16 -> 2207.97 | L16: =Иль!C6 -> 120 | M16: =Иль!D6 -> 65.11987 | N16: =M16/L16*100 -> 54.266558 | O16: =R16+U16+X16+AA16 -> 777.97 | P16: =S16+V16+Y16+AB16 -> 919.75251 | R16: =Иль!C8 -> 290.183 | S16: =Иль!D8 -> 461.07841 | T16: =S16/R16*100 -> 158.89229 | U16: =Иль!C9 -> 3.112 | V16: =Иль!D9 -> 2.49055 | W16: =V16/U16*100 -> 80.030527 | X16: =Иль!C10 -> 484.675 | Y16: =Иль!D10 -> 509.08263 | Z16: =Y16/X16*100 -> 105.03588 | AA16: =Иль!C11 -> 0 | AB16: =Иль!D11 -> -52.89908 | AC16: =AB16/AA16*100 -> #DIV/0! | AD16: =Иль!C13 -> 10 | AE16: =Иль!D13 -> 2.793 | AF16: =AE16/AD16*100 -> 27.93 | AG16: =Иль!C15 -> 406 | AH16: =Иль!D15 -> 463.41651 | AI16: =AH16/AG16*100 -> 114.142 | AJ16: =Иль!C16 -> 890 | AK16: =Иль!D16 -> 831.42898 | AL16: =AK16/AJ16*100 -> 93.418987 | AM16: =Иль!C18 -> 4 | AN16: =Иль!D18 -> 3.05 | AO16: =AN16/AM16*100 -> 76.25 | AR16: =AQ16/AP16*100 -> #DIV/0! | AS16: =Иль!C27 -> 0 | AT16: =Иль!D27 -> 0 | AU16: =AT16/AS16*100 -> #DIV/0! | AV16: =Иль!C28 -> 250 | AW16: =Иль!D28 -> 284.21056 | AX16: =AW16/AV16*100 -> 113.68422 | AY16: =Иль!C29 -> 20 | AZ16: =Иль!D29 -> 46.20765 | BA16: =AZ16/AY16*100 -> 231.03825 | BD16: =BC16/BB16*100 -> #DIV/0! | BE16: =Иль!C30 -> 30 | BF16: =Иль!D30 -> 85.46 | BG16: =BF16/BE16*100 -> 284.86667 | BK16: =Иль!C35 -> 0 | BL16: =SUM(Иль!D33) -> 0 | BM16: =BL16/BK16*100 -> #DIV/0! | BP16: =BO16/BN16*100 -> #DIV/0! | BT16: =Иль!C36 -> 82.90176 | BU16: =Иль!D36 -> 85.20245 | BV16: =BU16/BT16*100 -> 102.7752 | BW16: =SUM(Иль!C39) -> 1036.2164 | BX16: =Иль!D39 -> 773.35372 | BY16: =BX16/BW16*100 -> 74.632455 | CB16: =BZ16/CA16*100 -> #DIV/0! | CE16: =CC16/CD16*100 -> #DIV/0! | CF16: =CI16+CL16+CO16+CR16+CX16+CU16 -> 15010.938 | CG16: =CJ16+CM16+CP16+CS16+CY16+CV16+DB16 -> 13718.994 | CH16: =CG16/CF16*100 -> 91.393314 | CI16: =Иль!C43 -> 2693 | CJ16: =Иль!D43 -> 2693 | CK16: =CJ16/CI16*100 -> 100 | CL16: =Иль!C44 -> 0 | CM16: =Иль!D44 -> 0 | CN16: =CM16/CL16*100 -> #DIV/0! | CO16: =Иль!C45 -> 10312.837 | CP16: =Иль!D45 -> 9111.3297 | CQ16: =CP16/CO16*100 -> 88.349398 | CR16: =Иль!C47 -> 126.63952 | CS16: =Иль!D47 -> 126.63952 | CT16: =CS16/CR16*100 -> 100 | CU16: =Иль!C48 -> 1878.4616 | CV16: =Иль!D48 -> 1788.0249 | CW16: =CV16/CU16*100 -> 95.185598 | CX16: =Иль!C49 -> 0 | CY16: =Иль!D49 -> 0 | CZ16: =CY16/CX16*100 -> #DIV/0! | DF16: =DE16/DD16*100 -> #DIV/0! | DL16: 0 | DM16: =DP16+EE16+EH16+EK16+EN16+EQ16+ET16+EW16+EZ16 -> 19744.993 | DN16: =DQ16+EF16+EI16+EL16+EO16+ER16+EU16+EX16+FA16 -> 17806.487 | DO16: =DN16/DM16*100 -> 90.182289 | DP16: =DS16+DV16+DY16+EB16 -> 1513.7357 | DQ16: =DT16+DW16+DZ16+EC16 -> 1451.2435 | DR16: =DQ16/DP16*100 -> 95.87166 | DS16: =Иль!C58 -> 1501.3077 | DT16: =Иль!D58 -> 1439.8155 | DU16: =DT16/DS16*100 -> 95.904093 | DV16: =Иль!C61 -> 0 | DW16: =Иль!D61 -> 0 | DX16: =DW16/DV16*100 -> #DIV/0! | DY16: =Иль!C62 -> 1 | DZ16: =Иль!D62 -> 0 | EA16: =DZ16/DY16*100 -> 0 | EB16: =Иль!C63 -> 11.428 | EC16: =Иль!D63 -> 11.428 | ED16: =EC16/EB16*100 -> 100 | EE16: =Иль!C65 -> 112.34692 | EF16: =Иль!D65 -> 112.34692 | EG16: =EF16/EE16*100 -> 100 | EH16: =Иль!C66 -> 27.51134 | EI16: =Иль!D66 -> 27.51134 | EJ16: =EI16/EH16*100 -> 100 | EK16: =Иль!C72 -> 10038.508 | EL16: =Иль!D72 -> 9454.4382 | EM16: =EL16/EK16*100 -> 94.181706 | EN16: =Иль!C79 -> 5947.437 | EO16: =Иль!D79 -> 4655.4927 | EP16: =EO16/EN16*100 -> 78.277292 | EQ16: =Иль!C83 -> 2099.4523 | ER16: =Иль!D83 -> 2099.4523 | ES16: =ER16/EQ16*100 -> 100 | ET16: =Иль!C85 -> 0 | EU16: =Иль!D85 -> 0 | EV16: =EU16/ET16*100 -> #DIV/0! | EW16: =Иль!C90 -> 6.002 | EX16: =Иль!D90 -> 6.002 | EY16: =EX16/EW16*100 -> 100 | EZ16: =Иль!C96 -> 0 | FA16: =Иль!D96 -> 0 | FB16: =FA16/EZ16*100 -> #DIV/0! | FC16: =SUM(C16-DM16) -> -1106.9669 | FD16: =SUM(D16-DN16) -> -527.49764 | FE16: =FD16/FC16*100 -> 47.652523
A17: 4 | B17: Кадикасинское | C17: =F17+CF17 -> 12995.165 | D17: =G17+CG17+DE17 -> 14657.816 | E17: =D17/C17*100 -> 112.79438 | F17: =L17+AD17+AG17+AJ17+AM17+AS17+AY17+BK17+BW17+BT17+AP17+BE17+R17+X17+U17+AA17+AV17 -> 6189.3123 | G17: =M17+AE17+AH17+AK17+AN17+AT17+AZ17+BL17+AQ17+BX17+BU17+BF17+S17+Y17+V17+AB17+AW17 -> 7851.9632 | H17: =G17/F17*100 -> 126.86326 | I17: =L17+R17+U17+X17+AA17+AD17+AG17+AJ17+AM17 -> 5123.31 | L17: =Кад!C6 -> 594 | M17: =Кад!D6 -> 769.03701 | N17: =M17/L17*100 -> 129.46751 | O17: =R17+U17+X17+AA17 -> 971.31 | P17: =S17+V17+Y17+AB17 -> 1094.3041 | R17: =Кад!C8 -> 390.953 | S17: =Кад!D8 -> 548.58234 | T17: =S17/R17*100 -> 140.31926 | U17: =Кад!C9 -> 3.702 | V17: =Кад!D9 -> 2.9632 | W17: =V17/U17*100 -> 80.04322 | X17: =Кад!C10 -> 576.655 | Y17: =Кад!D10 -> 605.69684 | Z17: =Y17/X17*100 -> 105.03626 | AA17: =Кад!C11 -> 0 | AB17: =Кад!D11 -> -62.93831 | AC17: =AB17/AA17*100 -> #DIV/0! | AD17: =Кад!C13 -> 75 | AE17: =Кад!D13 -> 139.50817 | AF17: =AE17/AD17*100 -> 186.01089 | AG17: =Кад!C15 -> 473 | AH17: =Кад!D15 -> 558.89953 | AI17: =AH17/AG17*100 -> 118.16058 | AJ17: =Кад!C16 -> 3000 | AK17: =Кад!D16 -> 3263.7217 | AL17: =AK17/AJ17*100 -> 108.79072 | AM17: =Кад!C18 -> 10 | AN17: =Кад!D18 -> 7.4 | AO17: =AN17/AM17*100 -> 74 | AR17: =AQ17/AP17*100 -> #DIV/0! | AS17: 0 | AT17: 0 | AU17: =AT17/AS17*100 -> #DIV/0! | AV17: =Кад!C27 -> 200 | AW17: =Кад!D27 -> 247.834 | AX17: =AW17/AV17*100 -> 123.917 | AY17: =Кад!C28 -> 12 | AZ17: =Кад!D28 -> 18 | BA17: =AZ17/AY17*100 -> 150 | BD17: =BC17/BB17*100 -> #DIV/0! | BE17: =Кад!C30 -> 30 | BF17: =Кад!D30 -> 80.3417 | BG17: =BF17/BE17*100 -> 267.80567 | BK17: =Кад!C33 -> 0 | BL17: =Кад!D33 -> 0 | BM17: =BL17/BK17*100 -> #DIV/0! | BP17: =BO17/BN17*100 -> #DIV/0! | BT17: =Кад!C34 -> 0 | BU17: =Кад!D34 -> 15.28323 | BV17: =BU17/BT17*100 -> #DIV/0! | BW17: =Кад!C36 -> 824.00226 | BX17: =Кад!D36 -> 1657.6338 | BY17: =BX17/BW17*100 -> 201.1686 | CB17: =BZ17/CA17*100 -> #DIV/0! | CE17: =CC17/CD17*100 -> #DIV/0! | CF17: =CI17+CL17+CO17+CR17+CX17+CU17 -> 6805.8526 | CG17: =CJ17+CM17+CP17+CS17+CY17+CV17+DB17 -> 6805.8526 | CH17: =CG17/CF17*100 -> 100 | CI17: =Кад!C41 -> 2418.1 | CJ17: =Кад!D41 -> 2418.1 | CK17: =CJ17/CI17*100 -> 100 | CL17: =Кад!C42 -> 0 | CM17: =Кад!D42 -> 0 | CN17: =CM17/CL17*100 -> #DIV/0! | CO17: =Кад!C43 -> 3774.861 | CP17: =Кад!D43 -> 3774.861 | CQ17: =CP17/CO17*100 -> 100 | CR17: =Кад!C45 -> 280.75861 | CS17: =Кад!D45 -> 280.75861 | CT17: =CS17/CR17*100 -> 100 | CU17: =Кад!C46 -> 332.133 | CV17: =Кад!D46 -> 332.133 | CW17: =CV17/CU17*100 -> 100 | CX17: =Кад!C47 -> 0 | CY17: =Кад!D47 -> 0 | CZ17: =CY17/CX17*100 -> #DIV/0! | DF17: =DE17/DD17*100 -> #DIV/0! | DM17: =DP17+EE17+EH17+EK17+EN17+EQ17+ET17+EW17+EZ17 -> 15075.563 | DN17: =DQ17+EF17+EI17+EL17+EO17+ER17+EU17+EX17+FA17 -> 14810.015 | DO17: =DN17/DM17*100 -> 98.238552 | DP17: =DS17+DV17+DY17+EB17 -> 2356.408 | DQ17: =DT17+DW17+DZ17+EC17 -> 2283.4608 | DR17: =DQ17/DP17*100 -> 96.904306 | DS17: =Кад!C57 -> 2223.308 | DT17: =Кад!D57 -> 2161.1443 | DU17: =DT17/DS17*100 -> 97.204001 | DV17: =Кад!C60 -> 0 | DW17: =Кад!D60 -> 0 | DX17: =DW17/DV17*100 -> #DIV/0! | DY17: =Кад!C61 -> 10 | DZ17: =Кад!D61 -> 0 | EA17: =DZ17/DY17*100 -> 0 | EB17: =Кад!C62 -> 123.1 | EC17: =Кад!D62 -> 122.3165 | ED17: =EC17/EB17*100 -> 99.363526 | EE17: =Кад!C64 -> 280.75861 | EF17: =Кад!D64 -> 280.75861 | EG17: =EF17/EE17*100 -> 100 | EH17: =Кад!C65 -> 7.8 | EI17: =Кад!D65 -> 7.63134 | EJ17: =EI17/EH17*100 -> 97.837692 | EK17: =Кад!C71 -> 5183.358 | EL17: =Кад!D71 -> 5128.8055 | EM17: =EL17/EK17*100 -> 98.947544 | EN17: =Кад!C76 -> 4934.9865 | EO17: =Кад!D76 -> 4797.1322 | EP17: =EO17/EN17*100 -> 97.206592 | EQ17: =Кад!C80 -> 2312.252 | ER17: =Кад!D80 -> 2312.2264 | ES17: =ER17/EQ17*100 -> 99.998894 | ET17: =Кад!C82 -> 0 | EU17: =Кад!D82 -> 0 | EV17: =EU17/ET17*100 -> #DIV/0! | EW17: =Кад!C87 -> 0 | EX17: =Кад!D87 -> 0 | EY17: =EX17/EW17*100 -> #DIV/0! | EZ17: =Кад!C93 -> 0 | FA17: =Кад!D93 -> 0 | FB17: =FA17/EZ17*100 -> #DIV/0! | FC17: =SUM(C17-DM17) -> -2080.3983 | FD17: =SUM(D17-DN17) -> -152.19908 | FE17: =FD17/FC17*100 -> 7.3158626
A18: 5 | B18: Моргаушское | C18: =F18+CF18 -> 29606.027 | D18: =G18+CG18+DE18 -> 17652.123 | E18: =D18/C18*100 -> 59.623411 | F18: =L18+AD18+AG18+AJ18+AM18+AS18+AY18+BK18+BW18+BT18+AP18+BE18+R18+X18+U18+AA18+AV18 -> 5994.7681 | G18: =M18+AE18+AH18+AK18+AN18+AT18+AZ18+BL18+AQ18+BX18+BU18+BF18+S18+Y18+V18+AB18+AW18 -> 6126.5436 | H18: =G18/F18*100 -> 102.19818 | I18: =L18+R18+U18+X18+AA18+AD18+AG18+AJ18+AM18 -> 5784.1004 | L18: =Мор!C6 -> 2181 | M18: =Мор!D6 -> 2334.3495 | N18: =M18/L18*100 -> 107.03116 | O18: =R18+U18+X18+AA18 -> 557.1004 | P18: =S18+V18+Y18+AB18 -> 540.43852 | R18: =Мор!C8 -> 270.4994 | S18: =Мор!D8 -> 270.92563 | T18: =S18/R18*100 -> 100.15757 | U18: =Мор!C9 -> 1.828 | V18: =Мор!D9 -> 1.46341 | W18: =V18/U18*100 -> 80.055252 | X18: =Мор!C10 -> 284.773 | Y18: =Мор!D10 -> 299.1325 | Z18: =Y18/X18*100 -> 105.04244 | AA18: =Мор!C11 -> 0 | AB18: =Мор!D11 -> -31.08302 | AC18: =AB18/AA18*100 -> #DIV/0! | AD18: =Мор!C13 -> 80 | AE18: =Мор!D13 -> 53.9865 | AF18: =AE18/AD18*100 -> 67.483125 | AG18: =Мор!C15 -> 1266 | AH18: =Мор!D15 -> 1456.0142 | AI18: =AH18/AG18*100 -> 115.00902 | AJ18: =Мор!C16 -> 1700 | AK18: =Мор!D16 -> 981.05989 | AL18: =AK18/AJ18*100 -> 57.709405 | AM18: =Мор!C18 -> 0 | AN18: =Мор!D18 -> 0 | AO18: =AN18/AM18*100 -> #DIV/0! | AP18: =Мор!C22 -> 0 | AQ18: =Мор!D22 -> 0 | AR18: =AQ18/AP18*100 -> #DIV/0! | AS18: 0 | AU18: =AT18/AS18*100 -> #DIV/0! | AV18: =Мор!C27 -> 0 | AW18: =Мор!D27 -> 0 | AX18: =AW18/AV18*100 -> #DIV/0! | AY18: =Мор!C28 -> 0 | AZ18: =Мор!D28 -> 0 | BA18: =AZ18/AY18*100 -> #DIV/0! | BD18: =BC18/BB18*100 -> #DIV/0! | BE18: =Мор!C29 -> 0 | BF18: =Мор!D29 -> 70 | BG18: =BF18/BE18*100 -> #DIV/0! | BK18: =Мор!C33 -> 0 | BL18: =SUM(Мор!D31) -> 15.811 | BM18: =Мор!E33 -> #DIV/0! | BN18: =Мор!F33 -> 0 | BO18: =Мор!G33 -> 0 | BP18: =Мор!H33 -> 0 | BQ18: =Мор!I33 -> 0 | BR18: =Мор!J33 -> 0 | BS18: =Мор!K33 -> 0 | BT18: =Мор!C34 -> 0 | BU18: =Мор!D34 -> 0 | BV18: =BU18/BT18*100 -> #DIV/0! | BW18: =Мор!C36 -> 210.66771 | BX18: =Мор!D36 -> 674.88398 | BY18: =BX18/BW18*100 -> 320.35473 | CB18: =BZ18/CA18*100 -> #DIV/0! | CE18: =CC18/CD18*100 -> #DIV/0! | CF18: =CI18+CL18+CO18+CR18+CX18+CU18 -> 23611.259 | CG18: =CJ18+CM18+CP18+CS18+CY18+CV18+DB18 -> 11525.579 | CH18: =CG18/CF18*100 -> 48.813913 | CI18: =Мор!C41 -> 8286.3 | CJ18: =Мор!D41 -> 8286.3 | CK18: =CJ18/CI18*100 -> 100 | CL18: =Мор!C42 -> 0 | CM18: =Мор!D42 -> 0 | CN18: =CM18/CL18*100 -> #DIV/0! | CO18: =Мор!C43 -> 12879.856 | CP18: =Мор!D43 -> 1640.2046 | CQ18: =CP18/CO18*100 -> 12.73465 | CR18: =Мор!C45 -> 64.3444 | CS18: =Мор!D45 -> 64.3167 | CT18: =CS18/CR18*100 -> 99.95695 | CU18: =Мор!C46 -> 2380.758 | CV18: =Мор!D46 -> 1534.758 | CW18: =CV18/CU18*100 -> 64.465099 | CX18: =Мор!C48 -> 0 | CY18: =Мор!D48 -> 0 | CZ18: =CY18/CX18*100 -> #DIV/0! | DB18: =SUM(Мор!D49) -> 0 | DF18: =DE18/DD18*100 -> #DIV/0! | DM18: =DP18+EE18+EH18+EK18+EN18+EQ18+ET18+EW18+EZ18 -> 31911.257 | DN18: =DQ18+EF18+EI18+EL18+EO18+ER18+EU18+EX18+FA18 -> 18988.433 | DO18: =DN18/DM18*100 -> 59.50387 | DP18: =DS18+DV18+DY18+EB18 -> 2428.6605 | DQ18: =DT18+DW18+DZ18+EC18 -> 2288.1989 | DR18: =DQ18/DP18*100 -> 94.216498 | DS18: =Мор!C58 -> 2389.4525 | DT18: =Мор!D58 -> 2268.9909 | DU18: =DT18/DS18*100 -> 94.95861 | DV18: =Мор!C61 -> 0 | DW18: =Мор!D61 -> 0 | DX18: =DW18/DV18*100 -> #DIV/0! | DY18: =Мор!C62 -> 10 | DZ18: =Мор!D62 -> 0 | EA18: =DZ18/DY18*100 -> 0 | EB18: =Мор!C63 -> 29.208 | EC18: =Мор!D63 -> 19.208 | ED18: =EC18/EB18*100 -> 65.762805 | EE18: =Мор!C64 -> 0 | EF18: =Мор!D64 -> 0 | EG18: =EF18/EE18*100 -> #DIV/0! | EH18: =Мор!C66 -> 15 | EI18: =Мор!D66 -> 9.9 | EJ18: =EI18/EH18*100 -> 66 | EK18: =Мор!C72 -> 3588.0215 | EL18: =Мор!D72 -> 3506.3091 | EM18: =EL18/EK18*100 -> 97.722635 | EN18: =Мор!C77 -> 19062.275 | EO18: =Мор!D77 -> 6375.725 | EP18: =EO18/EN18*100 -> 33.446821 | EQ18: =Мор!C81 -> 6815.3 | ER18: =Мор!D81 -> 6808.3 | ES18: =ER18/EQ18*100 -> 99.89729 | ET18: =Мор!C84 -> 0 | EU18: =Мор!D84 -> 0 | EV18: =EU18/ET18*100 -> #DIV/0! | EW18: =Мор!C89 -> 2 | EX18: =Мор!D89 -> 0 | EY18: =EX18/EW18*100 -> 0 | EZ18: =Мор!C95 -> 0 | FA18: =Мор!D95 -> 0 | FB18: =FA18/EZ18*100 -> #DIV/0! | FC18: =SUM(C18-DM18) -> -2305.2303 | FD18: =SUM(D18-DN18) -> -1336.31 | FE18: =FD18/FC18*100 -> 57.968612
A19: 6 | B19: Москакасинское | C19: =F19+CF19 -> 22750.407 | D19: =G19+CG19+DE19 -> 22342.562 | E19: =D19/C19*100 -> 98.207309 | F19: =L19+AD19+AG19+AJ19+AM19+AS19+AY19+BK19+BW19+BT19+AP19+BE19+R19+X19+U19+AA19+AV19 -> 7887.6426 | G19: =M19+AE19+AH19+AK19+AN19+AT19+AZ19+BL19+AQ19+BX19+BU19+BF19+S19+Y19+V19+AB19+AW19 -> 7596.219 | H19: =G19/F19*100 -> 96.305314 | I19: =L19+R19+U19+X19+AA19+AD19+AG19+AJ19+AM19 -> 5621.4026 | L19: =Мос!C6 -> 1704 | M19: =Мос!D6 -> 1630.0955 | N19: =M19/L19*100 -> 95.662879 | O19: =R19+U19+X19+AA19 -> 960.31 | P19: =S19+V19+Y19+AB19 -> 1017.0986 | R19: =Мос!C8 -> 420.896 | S19: =Мос!D8 -> 509.87867 | T19: =S19/R19*100 -> 121.14125 | U19: =Мос!C9 -> 3.441 | V19: =Мос!D9 -> 2.75415 | W19: =V19/U19*100 -> 80.039233 | X19: =Мос!C10 -> 535.973 | Y19: =Мос!D10 -> 562.96364 | Z19: =Y19/X19*100 -> 105.03582 | AA19: =Мос!C11 -> 0 | AB19: =Мос!D11 -> -58.49787 | AC19: =AB19/AA19*100 -> #DIV/0! | AD19: =Мос!C13 -> 60 | AE19: =Мос!D13 -> 58.41 | AF19: =AE19/AD19*100 -> 97.35 | AG19: =Мос!C15 -> 999 | AH19: =Мос!D15 -> 581.25049 | AI19: =AH19/AG19*100 -> 58.183232 | AJ19: =Мос!C16 -> 1890.0926 | AK19: =Мос!D16 -> 1943.6412 | AL19: =AK19/AJ19*100 -> 102.83312 | AM19: =Мос!C18 -> 8 | AN19: =Мос!D18 -> 3.7 | AO19: =AN19/AM19*100 -> 46.25 | AR19: =AQ19/AP19*100 -> #DIV/0! | AS19: =Мос!C27 -> 0 | AT19: 0 | AU19: =AT19/AS19*100 -> #DIV/0! | AV19: 0 | AW19: =Мос!D27 -> 27.3 | AX19: =AW19/AV19*100 -> #DIV/0! | AY19: =Мос!C26 -> 0 | AZ19: =Мос!D28 -> 0 | BA19: =AZ19/AY19*100 -> #DIV/0! | BD19: =BC19/BB19*100 -> #DIV/0! | BE19: =Мос!C30 -> 0 | BF19: =Мос!D30 -> 0.39237 | BG19: =BF19/BE19*100 -> #DIV/0! | BK19: =SUM(Мос!C31) -> 1366.24 | BL19: =Мос!D31 -> 1366.24 | BM19: =BL19/BK19*100 -> 100 | BP19: =BO19/BN19*100 -> #DIV/0! | BT19: =Мос!C34 -> 0 | BU19: =Мос!D35 -> 10.48064 | BV19: =BU19/BT19*100 -> #DIV/0! | BW19: =Мос!C36 -> 900 | BX19: =Мос!D36 -> 957.61023 | BY19: =BX19/BW19*100 -> 106.40114 | CB19: =BZ19/CA19*100 -> #DIV/0! | CE19: =CC19/CD19*100 -> #DIV/0! | CF19: =CI19+CL19+CO19+CR19+CX19+CU19 -> 14862.764 | CG19: =CJ19+CM19+CP19+CS19+CY19+CV19+DB19 -> 14746.343 | CH19: =CG19/CF19*100 -> 99.216695 | CI19: =SUM(Мос!C41) -> 1479.2 | CJ19: =SUM(Мос!D41) -> 1479.2 | CK19: =CJ19/CI19*100 -> 100 | CL19: =Мос!C42 -> 0 | CM19: =Мос!D42 -> 0 | CN19: =CM19/CL19*100 -> #DIV/0! | CO19: =Мос!C43 -> 9585.9363 | CP19: =Мос!D43 -> 9480.7693 | CQ19: =CP19/CO19*100 -> 98.902904 | CR19: =Мос!C45 -> 100.99429 | CS19: =Мос!D45 -> 100.99429 | CT19: =CS19/CR19*100 -> 100 | CU19: =Мос!C46 -> 3696.6336 | CV19: =Мос!D46 -> 3685.3798 | CW19: =CV19/CU19*100 -> 99.695565 | CX19: =Мос!C51 -> 0 | CY19: =Мос!D51 -> 0 | CZ19: =CY19/CX19*100 -> #DIV/0! | DF19: =DE19/DD19*100 -> #DIV/0! | DM19: =DP19+EE19+EH19+EK19+EN19+EQ19+ET19+EW19+EZ19 -> 23503.717 | DN19: =DQ19+EF19+EI19+EL19+EO19+ER19+EU19+EX19+FA19 -> 22321.864 | DO19: =DN19/DM19*100 -> 94.971631 | DP19: =DS19+DV19+DY19+EB19 -> 2831.9648 | DQ19: =DT19+DW19+DZ19+EC19 -> 2787.7169 | DR19: =DQ19/DP19*100 -> 98.437556 | DS19: =Мос!C59 -> 2660.6981 | DT19: =Мос!D59 -> 2617.4502 | DU19: =DT19/DS19*100 -> 98.374567 | DV19: =Мос!C62 -> 0 | DW19: =Мос!D62 -> 0 | DX19: =DW19/DV19*100 -> #DIV/0! | DY19: =Мос!C63 -> 1 | DZ19: =Мос!D63 -> 0 | EA19: =DZ19/DY19*100 -> 0 | EB19: =Мос!C64 -> 170.26667 | EC19: =Мос!D64 -> 170.26667 | ED19: =EC19/EB19*100 -> 100 | EE19: =Мос!C66 -> 100.99429 | EF19: =Мос!D66 -> 100.99429 | EG19: =EF19/EE19*100 -> 100 | EH19: =Мос!C67 -> 10.5 | EI19: =Мос!D67 -> 8 | EJ19: =EI19/EH19*100 -> 76.190476 | EK19: =Мос!C73 -> 4577.6576 | EL19: =Мос!D73 -> 4574.0727 | EM19: =EL19/EK19*100 -> 99.921688 | EN19: =Мос!C78 -> 14680.549 | EO19: =Мос!D78 -> 14467.795 | EP19: =EO19/EN19*100 -> 98.550777 | EQ19: =Мос!C83 -> 1263.052 | ER19: =Мос!D83 -> 344.285 | ES19: =ER19/EQ19*100 -> 27.258181 | ET19: =Мос!C88 -> 4 | EU19: =Мос!D88 -> 4 | EV19: =EU19/ET19*100 -> 100 | EW19: =Мос!C93 -> 35 | EX19: =Мос!D93 -> 35 | EY19: =EX19/EW19*100 -> 100 | EZ19: =Мос!C99 -> 0 | FA19: =Мос!D99 -> 0 | FB19: =FA19/EZ19*100 -> #DIV/0! | FC19: =SUM(C19-DM19) -> -753.31071 | FD19: =SUM(D19-DN19) -> 20.69847 | FE19: =FD19/FC19*100 -> -2.747667
A20: 7 | B20: Орининское | C20: =F20+CF20 -> 14425.718 | D20: =G20+CG20+DE20 -> 15213.795 | E20: =D20/C20*100 -> 105.463 | F20: =L20+AD20+AG20+AJ20+AM20+AS20+AY20+BK20+BW20+BT20+AP20+BE20+R20+X20+U20+AA20+AV20 -> 3258.4829 | G20: =M20+AE20+AH20+AK20+AN20+AT20+AZ20+BL20+AQ20+BX20+BU20+BF20+S20+Y20+V20+AB20+AW20 -> 4301.8335 | H20: =G20/F20*100 -> 132.01952 | I20: =L20+R20+U20+X20+AA20+AD20+AG20+AJ20+AM20 -> 2301.82 | L20: =Ори!C6 -> 273 | M20: =Ори!D6 -> 323.16827 | N20: =M20/L20*100 -> 118.37666 | O20: =R20+U20+X20+AA20 -> 550.82 | P20: =S20+V20+Y20+AB20 -> 651.21163 | R20: =Ори!C8 -> 205.456 | S20: =Ори!D8 -> 326.45698 | T20: =S20/R20*100 -> 158.89387 | U20: =Ори!C9 -> 2.203 | V20: =Ори!D9 -> 1.76338 | W20: =V20/U20*100 -> 80.044485 | X20: =Ори!C10 -> 343.161 | Y20: =Ори!D10 -> 360.44537 | Z20: =Y20/X20*100 -> 105.03681 | AA20: =Ори!C11 -> 0 | AB20: =Ори!D11 -> -37.4541 | AC20: =AB20/AA20*100 -> #DIV/0! | AD20: =Ори!C13 -> 10 | AE20: =Ори!D13 -> 3.70086 | AF20: =AE20/AD20*100 -> 37.0086 | AG20: =Ори!C15 -> 360 | AH20: =Ори!D15 -> 371.22931 | AI20: =AH20/AG20*100 -> 103.11925 | AJ20: =Ори!C16 -> 1100 | AK20: =Ори!D16 -> 1216.3887 | AL20: =AK20/AJ20*100 -> 110.58079 | AM20: =Ори!C18 -> 8 | AN20: =Ори!D18 -> 4.84 | AO20: =AN20/AM20*100 -> 60.5 | AR20: =AQ20/AP20*100 -> #DIV/0! | AS20: 0 | AT20: 0 | AU20: =AT20/AS20*100 -> #DIV/0! | AV20: =Ори!C27 -> 100 | AW20: =Ори!D27 -> 149.25879 | AX20: =AW20/AV20*100 -> 149.25879 | AY20: =Ори!C28 -> 30 | AZ20: =Ори!D28 -> 54.00075 | BA20: =AZ20/AY20*100 -> 180.0025 | BD20: =BC20/BB20*100 -> #DIV/0! | BE20: =Ори!C31 -> 50 | BF20: =Ори!D31 -> 63.02065 | BG20: =BF20/BE20*100 -> 126.0413 | BK20: =Ори!C34 -> 0 | BL20: =SUM(Ори!D32) -> 97.8405 | BM20: =BL20/BK20*100 -> #DIV/0! | BP20: =BO20/BN20*100 -> #DIV/0! | BT20: =Ори!C36 -> 0 | BU20: =Ори!D35 -> 218.01412 | BV20: =BU20/BT20*100 -> #DIV/0! | BW20: =Ори!C37 -> 776.66285 | BX20: =Ори!D37 -> 1149.16 | BY20: =BX20/BW20*100 -> 147.96124 | CB20: =BZ20/CA20*100 -> #DIV/0! | CE20: =CC20/CD20*100 -> #DIV/0! | CF20: =CI20+CL20+CO20+CR20+CX20+CU20 -> 11167.235 | CG20: =CJ20+CM20+CP20+CS20+CY20+CV20+DB20 -> 10911.962 | CH20: =CG20/CF20*100 -> 97.714088 | CI20: =Ори!C42 -> 3478.3 | CJ20: =Ори!D42 -> 3478.3 | CK20: =CJ20/CI20*100 -> 100 | CL20: =Ори!C43 -> 0 | CM20: =Ори!D43 -> 0 | CN20: =CM20/CL20*100 -> #DIV/0! | CO20: =Ори!C44 -> 5605.0821 | CP20: =Ори!D44 -> 5434.8999 | CQ20: =CP20/CO20*100 -> 96.963789 | CR20: =Ори!C46 -> 278.29859 | CS20: =Ори!D46 -> 278.29859 | CT20: =CS20/CR20*100 -> 100 | CU20: =Ори!C47 -> 1805.5544 | CV20: =Ори!D47 -> 1720.4633 | CW20: =CV20/CU20*100 -> 95.287261 | CX20: =Ори!C48 -> 0 | CY20: =Ори!D48 -> 0 | CZ20: =CY20/CX20*100 -> #DIV/0! | DF20: =DE20/DD20*100 -> #DIV/0! | DM20: =DP20+EE20+EH20+EK20+EN20+EQ20+ET20+EW20+EZ20 -> 14735.899 | DN20: =DQ20+EF20+EI20+EL20+EO20+ER20+EU20+EX20+FA20 -> 13577.253 | DO20: =DN20/DM20*100 -> 92.137257 | DP20: =DS20+DV20+DY20+EB20 -> 1880.068 | DQ20: =DT20+DW20+DZ20+EC20 -> 1734.7408 | DR20: =DQ20/DP20*100 -> 92.270108 | DS20: =Ори!C59 -> 1853.566 | DT20: =Ори!D59 -> 1718.2388 | DU20: =DT20/DS20*100 -> 92.699088 | DV20: =Ори!C62 -> 0 | DW20: =Ори!D62 -> 0 | DX20: =DW20/DV20*100 -> #DIV/0! | DY20: =Ори!C63 -> 10 | DZ20: =Ори!D63 -> 0 | EA20: =DZ20/DY20*100 -> 0 | EB20: =Ори!C64 -> 16.502 | EC20: =Ори!D64 -> 16.502 | ED20: =EC20/EB20*100 -> 100 | EE20: =Ори!C66 -> 264.00599 | EF20: =Ори!D66 -> 264.00599 | EG20: =EF20/EE20*100 -> 100 | EH20: =Ори!C67 -> 18.5 | EI20: =Ори!D67 -> 11.56134 | EJ20: =EI20/EH20*100 -> 62.49373 | EK20: =Ори!C73 -> 7933.1312 | EL20: =Ори!D73 -> 7505.4549 | EM20: =EL20/EK20*100 -> 94.608985 | EN20: =Ори!C78 -> 2777.094 | EO20: =Ори!D78 -> 2203.6189 | EP20: =EO20/EN20*100 -> 79.349812 | EQ20: =Ори!C83 -> 1819.1 | ER20: =Ори!D83 -> 1813.8714 | ES20: =ER20/EQ20*100 -> 99.712572 | ET20: =Ори!C85 -> 0 | EU20: =Ори!D85 -> 0 | EV20: =EU20/ET20*100 -> #DIV/0! | EW20: =Ори!C90 -> 44 | EX20: =Ори!D90 -> 44 | EY20: =EX20/EW20*100 -> 100 | EZ20: =Ори!C96 -> 0 | FA20: =Ори!D96 -> 0 | FB20: =FA20/EZ20*100 -> #DIV/0! | FC20: =SUM(C20-DM20) -> -310.18126 | FD20: =SUM(D20-DN20) -> 1636.5421 | FE20: =FD20/FC20*100 -> -527.60831
A21: 8 | B21: Сятракасинское | C21: =F21+CF21 -> 19228.124 | D21: =G21+CG21+DE21 -> 19214.441 | E21: =D21/C21*100 -> 99.928842 | F21: =L21+AD21+AG21+AJ21+AM21+AS21+AY21+BK21+BW21+BT21+AP21+BE21+R21+X21+U21+AA21+AV21 -> 2608.9772 | G21: =M21+AE21+AH21+AK21+AN21+AT21+AZ21+BL21+AQ21+BX21+BU21+BF21+S21+Y21+V21+AB21+AW21 -> 2622.1948 | H21: =G21/F21*100 -> 100.50662 | I21: =L21+R21+U21+X21+AA21+AD21+AG21+AJ21+AM21 -> 1933.927 | L21: =Сят!C6 -> 162 | M21: =Сят!D6 -> 190.92481 | N21: =M21/L21*100 -> 117.85482 | O21: =R21+U21+X21+AA21 -> 779.92697 | P21: =S21+V21+Y21+AB21 -> 808.97938 | R21: =Сят!C8 -> 350.88997 | S21: =Сят!D8 -> 405.54706 | T21: =S21/R21*100 -> 115.5767 | U21: =Сят!C9 -> 2.737 | V21: =Сят!D9 -> 2.19058 | W21: =V21/U21*100 -> 80.035806 | X21: =Сят!C10 -> 426.3 | Y21: =Сят!D10 -> 447.76975 | Z21: =Y21/X21*100 -> 105.0363 | AA21: =Сят!C11 -> 0 | AB21: =Сят!D11 -> -46.52801 | AC21: =AB21/AA21*100 -> #DIV/0! | AD21: =Сят!C13 -> 30 | AE21: =Сят!D13 -> 2.0487 | AF21: =AE21/AD21*100 -> 6.829 | AG21: =Сят!C15 -> 198 | AH21: =Сят!D15 -> 199.17414 | AI21: =AH21/AG21*100 -> 100.593 | AJ21: =Сят!C16 -> 760 | AK21: =Сят!D16 -> 715.0054 | AL21: =AK21/AJ21*100 -> 94.079658 | AM21: =Сят!C18 -> 4 | AN21: =Сят!D18 -> 7.3 | AO21: =AN21/AM21*100 -> 182.5 | AP21: =Сят!C22 -> 0 | AQ21: =Сят!D20 -> 0 | AR21: =AQ21/AP21*100 -> #DIV/0! | AS21: 0 | AT21: 0 | AU21: =AT21/AS21*100 -> #DIV/0! | AV21: =Сят!C27 -> 207.87064 | AW21: =Сят!D27 -> 204.54 | AX21: =AW21/AV21*100 -> 98.397734 | AY21: =Сят!C28 -> 6 | AZ21: =Сят!D28 -> 6.77376 | BA21: =AZ21/AY21*100 -> 112.896 | BD21: =BC21/BB21*100 -> #DIV/0! | BE21: =Сят!C30 -> 10 | BF21: =Сят!D30 -> 7.5 | BG21: =BF21/BE21*100 -> 75 | BK21: =Сят!C31 -> 13.4 | BL21: =SUM(Сят!D31) -> 64.9947 | BM21: =BL21/BK21*100 -> 485.03507 | BP21: =BO21/BN21*100 -> #DIV/0! | BT21: =Сят!C34 -> 0 | BU21: =Сят!D34 -> 0 | BV21: =BU21/BT21*100 -> #DIV/0! | BW21: =Сят!C36 -> 437.77956 | BX21: =Сят!D36 -> 414.9539 | BY21: =BX21/BW21*100 -> 94.786038 | CB21: =BZ21/CA21*100 -> #DIV/0! | CE21: =CC21/CD21*100 -> #DIV/0! | CF21: =CI21+CL21+CO21+CR21+CX21+CU21 -> 16619.146 | CG21: =CJ21+CM21+CP21+CS21+CY21+CV21+DB21 -> 16592.246 | CH21: =CG21/CF21*100 -> 99.838138 | CI21: =Сят!C41 -> 4849.2 | CJ21: =Сят!D41 -> 4849.2 | CK21: =CJ21/CI21*100 -> 100 | CL21: =Сят!C42 -> 0 | CM21: =Сят!D42 -> 0 | CN21: =CM21/CL21*100 -> #DIV/0! | CO21: =Сят!C43 -> 10736.637 | CP21: =Сят!D43 -> 10709.737 | CQ21: =CP21/CO21*100 -> 99.749456 | CR21: =Сят!C44 -> 266.97909 | CS21: =Сят!D44 -> 266.97909 | CT21: =CS21/CR21*100 -> 100 | CU21: =Сят!C48 -> 766.32999 | CV21: =Сят!D48 -> 766.32999 | CW21: =CV21/CU21*100 -> 100 | CX21: =Сят!C49 -> 0 | CY21: =Сят!D49 -> 0 | CZ21: =CY21/CX21*100 -> #DIV/0! | DB21: =Сят!D50 -> 0 | DF21: =DE21/DD21*100 -> #DIV/0! | DM21: =DP21+EE21+EH21+EK21+EN21+EQ21+ET21+EW21+EZ21 -> 19887.453 | DN21: =DQ21+EF21+EI21+EL21+EO21+ER21+EU21+EX21+FA21 -> 19383.764 | DO21: =DN21/DM21*100 -> 97.467303 | DP21: =DS21+DV21+DY21+EB21 -> 1924.6408 | DQ21: =Сят!D56 -> 1770.5265 | DR21: =DQ21/DP21*100 -> 91.992568 | DS21: =Сят!C58 -> 1830.51 | DT21: =Сят!D58 -> 1756.3957 | DU21: =DT21/DS21*100 -> 95.951167 | DV21: =Сят!C61 -> 0 | DW21: =Сят!D61 -> 0 | DX21: =DW21/DV21*100 -> #DIV/0! | DY21: =Сят!C62 -> 10 | DZ21: =Сят!D62 -> 0 | EA21: =DZ21/DY21*100 -> 0 | EB21: =Сят!C63 -> 84.13084 | EC21: =Сят!D63 -> 14.13084 | ED21: =EC21/EB21*100 -> 16.796266 | EE21: =Сят!C65 -> 266.97909 | EF21: =Сят!D65 -> 266.97909 | EG21: =EF21/EE21*100 -> 100 | EH21: =Сят!C66 -> 12.5 | EI21: =Сят!D66 -> 11.87134 | EJ21: =EI21/EH21*100 -> 94.97072 | EK21: =Сят!C72 -> 6575.8639 | EL21: =Сят!D72 -> 6540.8639 | EM21: =EL21/EK21*100 -> 99.46775 | EN21: =Сят!C77 -> 1271.3392 | EO21: =Сят!D77 -> 1020.8332 | EP21: =EO21/EN21*100 -> 80.295897 | EQ21: =Сят!C81 -> 9821.13 | ER21: =Сят!D81 -> 9760.19 | ES21: =ER21/EQ21*100 -> 99.379501 | ET21: =Сят!C83 -> 0 | EU21: =Сят!D83 -> 0 | EV21: =EU21/ET21*100 -> #DIV/0! | EW21: =Сят!C88 -> 15 | EX21: =Сят!D88 -> 12.5 | EY21: =EX21/EW21*100 -> 83.333333 | EZ21: =Сят!C94 -> 0 | FA21: =Сят!D94 -> 0 | FB21: =FA21/EZ21*100 -> #DIV/0! | FC21: =SUM(C21-DM21) -> -659.32936 | FD21: =SUM(D21-DN21) -> -169.32279 | FE21: =FD21/FC21*100 -> 25.681063
A22: 9 | B22: Тораевское | C22: =F22+CF22 -> 11326.065 | D22: =G22+CG22+DE22 -> 12009.553 | E22: =D22/C22*100 -> 106.03465 | F22: =L22+AD22+AG22+AJ22+AM22+AS22+AY22+BK22+BW22+BT22+AP22+BE22+R22+X22+U22+AA22+AV22 -> 2874.0152 | G22: =M22+AE22+AH22+AK22+AN22+AT22+AZ22+BL22+AQ22+BX22+BU22+BF22+S22+Y22+V22+AB22+AW22 -> 3557.5359 | H22: =G22/F22*100 -> 123.78278 | I22: =L22+R22+U22+X22+AA22+AD22+AG22+AJ22+AM22 -> 1837.2266 | L22: =Тор!C6 -> 159 | M22: =Тор!D6 -> 173.74345 | N22: =M22/L22*100 -> 109.27261 | O22: =R22+U22+X22+AA22 -> 938.22664 | P22: =S22+V22+Y22+AB22 -> 1084.2338 | R22: =Тор!C8 -> 363.20564 | S22: =Тор!D8 -> 543.53403 | T22: =S22/R22*100 -> 149.64912 | U22: =Тор!C9 -> 3.668 | V22: =Тор!D9 -> 2.93593 | W22: =V22/U22*100 -> 80.041712 | X22: =Тор!C10 -> 571.353 | Y22: =Тор!D10 -> 600.12295 | Z22: =Y22/X22*100 -> 105.03541 | AA22: =Тор!C11 -> 0 | AB22: =Тор!D11 -> -62.35914 | AC22: =AB22/AA22*100 -> #DIV/0! | AD22: =Тор!C13 -> 30 | AE22: =Тор!D13 -> 5.982 | AF22: =AE22/AD22*100 -> 19.94 | AG22: =Тор!C15 -> 247 | AH22: =Тор!D15 -> 179.51551 | AI22: =AH22/AG22*100 -> 72.678344 | AJ22: =Тор!C16 -> 455 | AK22: =Тор!D16 -> 427.03436 | AL22: =AK22/AJ22*100 -> 93.853705 | AM22: =Тор!C18 -> 8 | AN22: =Тор!D18 -> 6.1 | AO22: =AN22/AM22*100 -> 76.25 | AQ22: =Тор!D20 -> 0 | AR22: =AQ22/AP22*100 -> #DIV/0! | AS22: 0 | AT22: 0 | AU22: =AT22/AS22*100 -> #DIV/0! | AV22: =Тор!C27 -> 320 | AW22: =Тор!D27 -> 488.1133 | AX22: =AW22/AV22*100 -> 152.53541 | AY22: =Тор!C28 -> 30 | AZ22: =Тор!D28 -> 80.44078 | BA22: =AZ22/AY22*100 -> 268.13593 | BD22: =BC22/BB22*100 -> #DIV/0! | BE22: =Тор!C29 -> 130 | BF22: =Тор!D29 -> 137.39689 | BG22: =BF22/BE22*100 -> 105.68992 | BK22: =Тор!C34+Тор!C33 -> 32.2525 | BL22: =Тор!D32 -> 32.2525 | BM22: =BL22/BK22*100 -> 100 | BP22: =BO22/BN22*100 -> #DIV/0! | BT22: =Тор!C35 -> 10.63425 | BU22: =Тор!D35 -> 27.53533 | BV22: =BU22/BT22*100 -> 258.93063 | BW22: =Тор!C37 -> 513.90181 | BX22: =Тор!D37 -> 915.18797 | BY22: =BX22/BW22*100 -> 178.08615 | CB22: =BZ22/CA22*100 -> #DIV/0! | CE22: =CC22/CD22*100 -> #DIV/0! | CF22: =CI22+CL22+CO22+CR22+CX22+CU22 -> 8452.0496 | CG22: =CJ22+CM22+CP22+CS22+CY22+CV22+DB22 -> 8452.017 | CH22: =CG22/CF22*100 -> 99.999615 | CI22: =Тор!C42 -> 2338.7 | CJ22: =Тор!D42 -> 2338.7 | CK22: =CJ22/CI22*100 -> 100 | CL22: =Тор!C43 -> 0 | CM22: =Тор!D43 -> 0 | CN22: =CM22/CL22*100 -> #DIV/0! | CO22: =Тор!C44 -> 4937.9275 | CP22: =Тор!D44 -> 4937.9275 | CQ22: =CP22/CO22*100 -> 100 | CR22: =Тор!C45 -> 110.18913 | CS22: =Тор!D45 -> 110.18913 | CT22: =CS22/CR22*100 -> 100 | CU22: =Тор!C46 -> 1065.233 | CV22: =Тор!D46 -> 1065.2004 | CW22: =CV22/CU22*100 -> 99.996943 | CX22: =Тор!C48 -> 0 | CY22: =Тор!D48 -> 0 | CZ22: =CY22/CX22*100 -> #DIV/0! | DB22: =Тор!D49 -> 0 | DF22: =DE22/DD22*100 -> #DIV/0! | DM22: =DP22+EE22+EH22+EK22+EN22+EQ22+ET22+EW22+EZ22 -> 11856.092 | DN22: =DQ22+EF22+EI22+EL22+EO22+ER22+EU22+EX22+FA22 -> 11659.782 | DO22: =DN22/DM22*100 -> 98.344223 | DP22: =DS22+DV22+DY22+EB22 -> 1352.6251 | DQ22: =DT22+DW22+DZ22+EC22 -> 1336.0837 | DR22: =DQ22/DP22*100 -> 98.77709 | DS22: =Тор!C58 -> 1347.6691 | DT22: =Тор!D58 -> 1332.1277 | DU22: =DT22/DS22*100 -> 98.846795 | DV22: =Тор!C61 -> 0 | DW22: =Тор!D61 -> 0 | DX22: =DW22/DV22*100 -> #DIV/0! | DY22: =Тор!C62 -> 1 | DZ22: =Тор!D62 -> 0 | EA22: =DZ22/DY22*100 -> 0 | EB22: =Тор!C63 -> 3.956 | EC22: =Тор!D63 -> 3.956 | ED22: =EC22/EB22*100 -> 100 | EE22: =Тор!C65 -> 110.18913 | EF22: =+Тор!D64 -> 110.18913 | EG22: =EF22/EE22*100 -> 100 | EH22: =Тор!C66 -> 7.63134 | EI22: =Тор!D66 -> 7.63134 | EJ22: =EI22/EH22*100 -> 100 | EK22: =Тор!C72 -> 5377.7926 | EL22: =Тор!D72 -> 5328.9065 | EM22: =EL22/EK22*100 -> 99.090963 | EN22: =Тор!C78 -> 3897.7041 | EO22: =Тор!D78 -> 3782.8212 | EP22: =EO22/EN22*100 -> 97.052548 | EQ22: =Тор!C82 -> 1099.15 | ER22: =Тор!D82 -> 1083.15 | ES22: =ER22/EQ22*100 -> 98.54433 | ET22: =Тор!C84 -> 9 | EU22: =Тор!D84 -> 9 | EV22: =EU22/ET22*100 -> 100 | EW22: =Тор!C96 -> 2 | EX22: =Тор!D96 -> 2 | EY22: =EX22/EW22*100 -> 100 | EZ22: =Тор!C94 -> 0 | FA22: =Тор!D94 -> 0 | FB22: =FA22/EZ22*100 -> #DIV/0! | FC22: =SUM(C22-DM22) -> -530.02748 | FD22: =SUM(D22-DN22) -> 349.77111 | FE22: =FD22/FC22*100 -> -65.991127
A23: 10 | B23: Хорнойское | C23: =F23+CF23 -> 12584.729 | D23: =G23+CG23+DE23 -> 12865.08 | E23: =D23/C23*100 -> 102.22771 | F23: =L23+AD23+AG23+AJ23+AM23+AS23+AY23+BK23+BW23+BT23+AP23+BE23+R23+X23+U23+AA23+AV23 -> 1935.7252 | G23: =M23+AE23+AH23+AK23+AN23+AT23+AZ23+BL23+AQ23+BX23+BU23+BF23+S23+Y23+V23+AB23+AW23 -> 2216.076 | H23: =G23/F23*100 -> 114.48299 | I23: =L23+R23+U23+X23+AA23+AD23+AG23+AJ23+AM23 -> 1139.73 | L23: =Хор!C6 -> 111 | M23: =Хор!D6 -> 86.458 | N23: =M23/L23*100 -> 77.89009 | O23: =R23+U23+X23+AA23 -> 428.73 | P23: =S23+V23+Y23+AB23 -> 506.87091 | R23: =Хор!C8 -> 159.916 | S23: =Хор!D8 -> 254.09796 | T23: =S23/R23*100 -> 158.89464 | U23: =Хор!C9 -> 1.715 | V23: =Хор!D9 -> 1.37252 | W23: =V23/U23*100 -> 80.030321 | X23: =Хор!C10 -> 267.099 | Y23: =Хор!D10 -> 280.55284 | Z23: =Y23/X23*100 -> 105.03702 | AA23: =Хор!C11 -> 0 | AB23: =Хор!D11 -> -29.15241 | AC23: =AB23/AA23*100 -> #DIV/0! | AD23: =Хор!C13 -> 10 | AE23: =Хор!D13 -> 1.09181 | AF23: =AE23/AD23*100 -> 10.9181 | AG23: =Хор!C15 -> 271 | AH23: =Хор!D15 -> 201.5835 | AI23: =AH23/AG23*100 -> 74.385055 | AJ23: =Хор!C16 -> 314 | AK23: =Хор!D16 -> 323.87514 | AL23: =AK23/AJ23*100 -> 103.14495 | AM23: =Хор!C18 -> 5 | AN23: =Хор!D18 -> 5.5 | AO23: =AN23/AM23*100 -> 110 | AR23: =AQ23/AP23*100 -> #DIV/0! | AS23: 0 | AT23: 0 | AU23: =AT23/AS23*100 -> #DIV/0! | AV23: =Хор!C25 -> 30 | AW23: =Хор!D25 -> 23.9533 | AX23: =AW23/AV23*100 -> 79.844333 | AY23: =Хор!C26 -> 0 | AZ23: =Хор!D26 -> 0 | BA23: =AZ23/AY23*100 -> #DIV/0! | BD23: =BC23/BB23*100 -> #DIV/0! | BE23: =Хор!C27 -> 0 | BF23: =Хор!D27 -> 0.08353 | BG23: =BF23/BE23*100 -> #DIV/0! | BK23: =Хор!C31 -> 0 | BL23: =Хор!D31 -> 0 | BM23: =BL23/BK23*100 -> #DIV/0! | BP23: =BO23/BN23*100 -> #DIV/0! | BU23: =Хор!D32 -> 0.86636 | BV23: =BU23/BT23*100 -> #DIV/0! | BW23: =Хор!C33 -> 765.99516 | BX23: =Хор!D33 -> 1065.7935 | BY23: =BX23/BW23*100 -> 139.13841 | CB23: =BZ23/CA23*100 -> #DIV/0! | CE23: =CC23/CD23*100 -> #DIV/0! | CF23: =CI23+CL23+CO23+CR23+CX23+CU23 -> 10649.004 | CG23: =CJ23+CM23+CP23+CS23+CY23+CV23+DB23 -> 10649.004 | CH23: =CG23/CF23*100 -> 100 | CI23: =Хор!C38 -> 2095.3 | CJ23: =Хор!D38 -> 2095.3 | CK23: =CJ23/CI23*100 -> 100 | CL23: =Хор!C40 -> 0 | CM23: =Хор!D40 -> 0 | CN23: =CM23/CL23*100 -> #DIV/0! | CO23: =Хор!C41 -> 5392.4916 | CP23: =Хор!D41 -> 5392.4916 | CQ23: =CP23/CO23*100 -> 100 | CR23: =Хор!C42 -> 96.75047 | CS23: =Хор!D42 -> 96.75047 | CT23: =CS23/CR23*100 -> 100 | CU23: =Хор!C43 -> 3064.4615 | CV23: =Хор!D43 -> 3064.4615 | CW23: =CV23/CU23*100 -> 100 | CX23: =Хор!C44 -> 0 | CY23: =Хор!D44 -> 0 | CZ23: =CY23/CX23*100 -> #DIV/0! | DF23: =DE23/DD23*100 -> #DIV/0! | DK23: =Хор!D47 -> 0 | DM23: =DP23+EE23+EH23+EK23+EN23+EQ23+ET23+EW23+EZ23 -> 12647.385 | DN23: =DQ23+EF23+EI23+EL23+EO23+ER23+EU23+EX23+FA23 -> 12613.366 | DO23: =DN23/DM23*100 -> 99.731021 | DP23: =DS23+DV23+DY23+EB23 -> 1527.2872 | DQ23: =DT23+DW23+DZ23+EC23 -> 1505.9527 | DR23: =DQ23/DP23*100 -> 98.603113 | DS23: =Хор!C55 -> 1523.1352 | DT23: =Хор!D55 -> 1502.8007 | DU23: =DT23/DS23*100 -> 98.664959 | DV23: =Хор!C58 -> 0 | DW23: =Хор!D58 -> 0 | DX23: =DW23/DV23*100 -> #DIV/0! | DY23: =Хор!C59 -> 1 | DZ23: =Хор!D59 -> 0 | EA23: =DZ23/DY23*100 -> 0 | EB23: =Хор!C60 -> 3.152 | EC23: =Хор!D60 -> 3.152 | ED23: =EC23/EB23*100 -> 100 | EE23: =Хор!C62 -> 96.75047 | EF23: =Хор!D62 -> 96.75047 | EG23: =EF23/EE23*100 -> 100 | EH23: =Хор!C63 -> 7.65134 | EI23: =Хор!D63 -> 7.65134 | EJ23: =EI23/EH23*100 -> 100 | EK23: =Хор!C69 -> 1284.1928 | EL23: =Хор!D69 -> 1271.5086 | EM23: =EL23/EK23*100 -> 99.012277 | EN23: =Хор!C74 -> 8968.1703 | EO23: =Хор!D74 -> 8968.1703 | EP23: =EO23/EN23*100 -> 100 | EQ23: =Хор!C78 -> 758.33289 | ER23: =Хор!D78 -> 758.33289 | ES23: =ER23/EQ23*100 -> 100 | ET23: =Хор!C80 -> 0 | EU23: =Хор!D80 -> 0 | EV23: =EU23/ET23*100 -> #DIV/0! | EW23: =Хор!C85 -> 5 | EX23: =Хор!D85 -> 5 | EY23: =EX23/EW23*100 -> 100 | EZ23: =Хор!C91 -> 0 | FA23: =Хор!D91 -> 0 | FB23: =FA23/EZ23*100 -> #DIV/0! | FC23: =SUM(C23-DM23) -> -62.65628 | FD23: =SUM(D23-DN23) -> 251.71334 | FE23: =FD23/FC23*100 -> -401.73681
A24: 11 | B24: Чуманкасинское | C24: =F24+CF24 -> 8308.3484 | D24: =G24+CG24+DE24 -> 8478.5759 | E24: =D24/C24*100 -> 102.04887 | F24: =L24+AD24+AG24+AJ24+AM24+AS24+AY24+BK24+BW24+BT24+AP24+BE24+R24+X24+U24+AA24+AV24 -> 1380.9459 | G24: =M24+AE24+AH24+AK24+AN24+AT24+AZ24+BL24+AQ24+BX24+BU24+BF24+S24+Y24+V24+AB24+AW24 -> 1611.4984 | H24: =G24/F24*100 -> 116.69526 | I24: =L24+R24+U24+X24+AA24+AD24+AG24+AJ24+AM24 -> 1122.556 | L24: =Чум!C6 -> 93 | M24: =Чум!D6 -> 109.58057 | N24: =M24/L24*100 -> 117.82857 | O24: =R24+U24+X24+AA24 -> 528.86 | P24: =S24+V24+Y24+AB24 -> 483.37358 | R24: =Чум!C8 -> 272.505 | S24: =Чум!D8 -> 242.31857 | T24: =S24/R24*100 -> 88.922614 | U24: =Чум!C9 -> 1.635 | V24: =Чум!D9 -> 1.30889 | W24: =V24/U24*100 -> 80.054434 | X24: =Чум!C10 -> 254.72 | Y24: =Чум!D10 -> 267.5471 | Z24: =Y24/X24*100 -> 105.03576 | AA24: =Чум!C11 -> 0 | AB24: =Чум!D11 -> -27.80098 | AC24: =AB24/AA24*100 -> #DIV/0! | AD24: =Чум!C13 -> 40 | AE24: =Чум!D13 -> 143.49298 | AF24: =AE24/AD24*100 -> 358.73245 | AG24: =Чум!C15 -> 96 | AH24: =Чум!D15 -> 117.6803 | AI24: =AH24/AG24*100 -> 122.58365 | AJ24: =Чум!C16 -> 359.696 | AK24: =Чум!D16 -> 348.84931 | AL24: =AK24/AJ24*100 -> 96.984484 | AM24: =Чум!C18 -> 5 | AN24: =Чум!D18 -> 2.1 | AO24: =AN24/AM24*100 -> 42 | AP24: =Чум!C22 -> 0 | AQ24: 0.00365 | AR24: =AQ24/AP24*100 -> #DIV/0! | AS24: 0 | AU24: =AT24/AS24*100 -> #DIV/0! | AV24: =Чум!C27 -> 86.14 | AW24: =Чум!D27 -> 86.69916 | AX24: =AW24/AV24*100 -> 100.64913 | AY24: =Чум!C28 -> 0 | AZ24: =Чум!D28 -> 0 | BA24: =AZ24/AY24*100 -> #DIV/0! | BD24: =BC24/BB24*100 -> #DIV/0! | BE24: =Чум!C30 -> 50 | BF24: =Чум!D30 -> 58.90735 | BG24: =BF24/BE24*100 -> 117.8147 | BK24: =Чум!C33 -> 0 | BL24: =Чум!D31 -> 78.477 | BM24: =BL24/BK24*100 -> #DIV/0! | BP24: =BO24/BN24*100 -> #DIV/0! | BU24: =Чум!D34 -> 0 | BV24: =BU24/BT24*100 -> #DIV/0! | BW24: =Чум!C37 -> 122.24988 | BX24: =Чум!D37 -> 182.33452 | BY24: =BX24/BW24*100 -> 149.14904 | CB24: =BZ24/CA24*100 -> #DIV/0! | CE24: =CC24/CD24*100 -> #DIV/0! | CF24: =CI24+CL24+CO24+CR24+CX24+CU24 -> 6927.4025 | CG24: =CJ24+CM24+CP24+CS24+CY24+CV24+DB24 -> 6867.0775 | CH24: =CG24/CF24*100 -> 99.129183 | CI24: =Чум!C42 -> 3395.5 | CJ24: =Чум!D42 -> 3395.5 | CK24: =CJ24/CI24*100 -> 100 | CL24: =Чум!C43 -> 0 | CM24: =Чум!D43 -> 0 | CN24: =CM24/CL24*100 -> #DIV/0! | CO24: =Чум!C44 -> 2915.1731 | CP24: =Чум!D44 -> 2915.1731 | CQ24: =CP24/CO24*100 -> 100 | CR24: =Чум!C45 -> 110.81102 | CS24: =Чум!D45 -> 110.81102 | CT24: =CS24/CR24*100 -> 100 | CU24: =Чум!C46 -> 505.91838 | CV24: =Чум!D46 -> 445.59338 | CW24: =CV24/CU24*100 -> 88.07614 | CX24: =Чум!C50 -> 0 | CY24: =Чум!D50 -> 0 | CZ24: =CY24/CX24*100 -> #DIV/0! | DF24: =DE24/DD24*100 -> #DIV/0! | DM24: =DP24+EE24+EH24+EK24+EN24+EQ24+ET24+EW24+EZ24 -> 8636.5372 | DN24: =DQ24+EF24+EI24+EL24+EO24+ER24+EU24+EX24+FA24 -> 8344.0469 | DO24: =DN24/DM24*100 -> 96.613339 | DP24: =DS24+DV24+DY24+EB24 -> 1722.408 | DQ24: =DT24+DW24+DZ24+EC24 -> 1590.3137 | DR24: =DQ24/DP24*100 -> 92.330837 | DS24: =Чум!C58 -> 1703.48 | DT24: =Чум!D58 -> 1581.3857 | DU24: =DT24/DS24*100 -> 92.832656 | DV24: =Чум!C61 -> 0 | DW24: =Чум!D61 -> 0 | DX24: =DW24/DV24*100 -> #DIV/0! | DY24: =Чум!C62 -> 10 | DZ24: =Чум!D62 -> 0 | EA24: =DZ24/DY24*100 -> 0 | EB24: =Чум!C63 -> 8.928 | EC24: =Чум!D63 -> 8.928 | ED24: =EC24/EB24*100 -> 100 | EE24: =Чум!C65 -> 110.81102 | EF24: =Чум!D65 -> 110.81102 | EG24: =EF24/EE24*100 -> 100 | EH24: =Чум!C66 -> 10.832 | EI24: =Чум!D66 -> 10.43134 | EJ24: =EI24/EH24*100 -> 96.301145 | EK24: =Чум!C72 -> 1530.3852 | EL24: =Чум!D72 -> 1504.6552 | EM24: =EL24/EK24*100 -> 98.318723 | EN24: =Чум!C77 -> 4218.271 | EO24: =Чум!D77 -> 4084.0057 | EP24: =EO24/EN24*100 -> 96.817054 | EQ24: =Чум!C81 -> 1038.4 | ER24: =Чум!D81 -> 1038.4 | ES24: =ER24/EQ24*100 -> 100 | ET24: =Чум!C83 -> 0 | EU24: =Чум!D83 -> 0 | EV24: =EU24/ET24*100 -> #DIV/0! | EW24: =Чум!C88 -> 5.43 | EX24: =Чум!D88 -> 5.43 | EY24: =EX24/EW24*100 -> 100 | EZ24: =Чум!C94 -> 0 | FA24: =Чум!D94 -> 0 | FB24: =FA24/EZ24*100 -> #DIV/0! | FC24: =SUM(C24-DM24) -> -328.18882 | FD24: =SUM(D24-DN24) -> 134.52897 | FE24: =FD24/FC24*100 -> -40.991332
A25: 12 | B25: Шатьмапосинское | C25: =F25+CF25 -> 9784.2704 | D25: =G25+CG25+DE25 -> 9987.5325 | E25: =D25/C25*100 -> 102.07744 | F25: =L25+AD25+AG25+AJ25+AM25+AS25+AY25+BK25+BW25+BT25+AP25+BE25+R25+X25+U25+AA25+AV25 -> 2751.2669 | G25: =M25+AE25+AH25+AK25+AN25+AT25+AZ25+BL25+AQ25+BX25+BU25+BF25+S25+Y25+V25+AB25+AW25 -> 3111.452 | H25: =G25/F25*100 -> 113.09161 | I25: =L25+R25+U25+X25+AA25+AD25+AG25+AJ25+AM25 -> 890.2 | L25: =Шать!C6 -> 60 | M25: =Шать!D6 -> 54.59605 | N25: =M25/L25*100 -> 90.993417 | O25: =R25+U25+X25+AA25 -> 420.2 | P25: =S25+V25+Y25+AB25 -> 496.80062 | R25: =Шать!C8 -> 156.735 | S25: =Шать!D8 -> 249.04965 | T25: =S25/R25*100 -> 158.89855 | U25: =Шать!C9 -> 1.68 | V25: =Шать!D9 -> 1.34526 | W25: =V25/U25*100 -> 80.075 | X25: =Шать!C10 -> 261.785 | Y25: =Шать!D10 -> 274.97894 | Z25: =Y25/X25*100 -> 105.03999 | AA25: =Шать!C11 -> 0 | AB25: =Шать!D11 -> -28.57323 | AC25: =AB25/AA25*100 -> #DIV/0! | AD25: =Шать!C13 -> 10 | AE25: =Шать!D13 -> 3.4328 | AF25: =AE25/AD25*100 -> 34.328 | AG25: =Шать!C15 -> 90 | AH25: =Шать!D15 -> 127.09181 | AI25: =AH25/AG25*100 -> 141.21312 | AJ25: =Шать!C16 -> 307 | AK25: =Шать!D16 -> 319.56336 | AL25: =AK25/AJ25*100 -> 104.0923 | AM25: =Шать!C18 -> 3 | AN25: =Шать!D18 -> 2 | AO25: =AN25/AM25*100 -> 66.666667 | AR25: =AP25/AQ25*100 -> #DIV/0! | AS25: 0 | AT25: =0 -> 0 | AU25: =AT25/AS25*100 -> #DIV/0! | AV25: =Шать!C27 -> 180 | AW25: =Шать!D27 -> 240.8073 | AX25: =AW25/AV25*100 -> 133.78183 | AY25: =Шать!C28 -> 20 | AZ25: =Шать!D28 -> 26.0112 | BA25: =AZ25/AY25*100 -> 130.056 | BD25: =BC25/BB25*100 -> #DIV/0! | BE25: =Шать!C29 -> 30 | BF25: =Шать!D29 -> 32.16205 | BG25: =BF25/BE25*100 -> 107.20683 | BK25: =Шать!C31 -> 1294.56 | BL25: =Шать!D31 -> 1320.396 | BM25: =BL25/BK25*100 -> 101.99574 | BP25: =BO25/BN25*100 -> #DIV/0! | BT25: =Шать!C34 -> 0 | BU25: =Шать!D34 -> 0 | BV25: =BU25/BT25*100 -> #DIV/0! | BW25: =Шать!C37 -> 336.5069 | BX25: =SUM(Шать!D37) -> 488.59084 | BY25: =BX25/BW25*100 -> 145.19489 | CB25: =BZ25/CA25*100 -> #DIV/0! | CE25: =CC25/CD25*100 -> #DIV/0! | CF25: =CI25+CL25+CO25+CR25+CX25+CU25 -> 7033.0035 | CG25: =CJ25+CM25+CP25+CS25+CY25+CV25+DB25 -> 6876.0805 | CH25: =CG25/CF25*100 -> 97.768762 | CI25: =Шать!C42 -> 1897.8 | CJ25: =Шать!D42 -> 1897.8 | CK25: =CJ25/CI25*100 -> 100 | CL25: =Шать!C43 -> 0 | CM25: =Шать!D43 -> 0 | CN25: =CM25/CL25*100 -> #DIV/0! | CO25: =Шать!C44 -> 4067.5971 | CP25: =Шать!D44 -> 3921.6578 | CQ25: =CP25/CO25*100 -> 96.41215 | CR25: =Шать!C45 -> 117.81358 | CS25: =Шать!D45 -> 117.81358 | CT25: =CS25/CR25*100 -> 100 | CU25: =Шать!C46 -> 949.7928 | CV25: =Шать!D46 -> 938.80903 | CW25: =CV25/CU25*100 -> 98.843561 | CX25: =Шать!C50 -> 0 | CY25: =Шать!D50 -> 0 | CZ25: =CY25/CX25*100 -> #DIV/0! | DF25: =DE25/DD25*100 -> #DIV/0! | DM25: =DP25+EE25+EH25+EK25+EN25+EQ25+ET25+EW25+EZ25 -> 10111.472 | DN25: =DQ25+EF25+EI25+EL25+EO25+ER25+EU25+EX25+FA25 -> 9878.4558 | DO25: =DN25/DM25*100 -> 97.695531 | DP25: =DS25+DV25+DY25+EB25 -> 1621.973 | DQ25: =DT25+DW25+DZ25+EC25 -> 1574.0285 | DR25: =DQ25/DP25*100 -> 97.044065 | DS25: =Шать!C58 -> 1593.997 | DT25: =Шать!D58 -> 1551.0525 | DU25: =DT25/DS25*100 -> 97.305863 | DV25: =Шать!C61 -> 0 | DW25: =Шать!D61 -> 0 | DX25: =DW25/DV25*100 -> #DIV/0! | DY25: =Шать!C62 -> 5 | DZ25: =Шать!D62 -> 0 | EA25: =DZ25/DY25*100 -> 0 | EB25: =Шать!C63 -> 22.976 | EC25: =Шать!D63 -> 22.976 | ED25: =EC25/EB25*100 -> 100 | EE25: =Шать!C65 -> 110.66728 | EF25: =Шать!D65 -> 110.66728 | EG25: =EF25/EE25*100 -> 100 | EH25: =Шать!C66 -> 3 | EI25: =Шать!D66 -> 2.83134 | EJ25: =EI25/EH25*100 -> 94.378 | EK25: =Шать!C72 -> 2892.2158 | EL25: =Шать!D72 -> 2864.5189 | EM25: =EL25/EK25*100 -> 99.042364 | EN25: =Шать!C77 -> 4753.3655 | EO25: =Шать!D77 -> 4596.1597 | EP25: =EO25/EN25*100 -> 96.692749 | EQ25: =Шать!C81 -> 705.42 | ER25: =Шать!D81 -> 705.42 | ES25: =ER25/EQ25*100 -> 100 | ET25: =Шать!C83 -> 0 | EU25: =Шать!D83 -> 0 | EV25: =EU25/ET25*100 -> #DIV/0! | EW25: =Шать!C88 -> 24.83 | EX25: =Шать!D88 -> 24.83 | EY25: =EX25/EW25*100 -> 100 | EZ25: =Шать!C94 -> 0 | FA25: =Шать!D94 -> 0 | FB25: =FA25/EZ25*100 -> #DIV/0! | FC25: =SUM(C25-DM25) -> -327.20116 | FD25: =SUM(D25-DN25) -> 109.07664 | FE25: =FD25/FC25*100 -> -33.336263
A26: 13 | B26: Юнгинское | C26: =F26+CF26 -> 13767.251 | D26: =G26+CG26+DE26 -> 15229.783 | E26: =D26/C26*100 -> 110.62327 | F26: =L26+AD26+AG26+AJ26+AM26+AS26+AY26+BK26+BW26+BT26+AP26+BE26+R26+X26+U26+AA26+AV26 -> 2863.75 | G26: =M26+AE26+AH26+AK26+AN26+AT26+AZ26+BL26+AQ26+BX26+BU26+BF26+S26+Y26+V26+AB26+AW26 -> 4350.9584 | H26: =G26/F26*100 -> 151.9322 | I26: =L26+R26+U26+X26+AA26+AD26+AG26+AJ26+AM26 -> 2365.75 | L26: =Юнг!C6 -> 149 | M26: =Юнг!D6 -> 177.08707 | N26: =M26/L26*100 -> 118.85038 | O26: =R26+U26+X26+AA26 -> 675.75 | P26: =S26+V26+Y26+AB26 -> 798.90917 | R26: =Юнг!C8 -> 252.055 | S26: =Юнг!D8 -> 400.49877 | T26: =S26/R26*100 -> 158.8934 | U26: =Юнг!C9 -> 2.703 | V26: =Юнг!D9 -> 2.16334 | W26: =V26/U26*100 -> 80.034776 | X26: =Юнг!C10 -> 420.992 | Y26: =Юнг!D10 -> 442.19588 | Z26: =Y26/X26*100 -> 105.03665 | AA26: =Юнг!C11 -> 0 | AB26: =Юнг!D11 -> -45.94882 | AC26: =AB26/AA26*100 -> #DIV/0! | AD26: =Юнг!C13 -> 80 | AE26: =Юнг!D13 -> 81.32193 | AF26: =AE26/AD26*100 -> 101.65241 | AG26: =Юнг!C15 -> 433 | AH26: =Юнг!D15 -> 411.26124 | AI26: =AH26/AG26*100 -> 94.979501 | AJ26: =Юнг!C16 -> 1020 | AK26: =Юнг!D16 -> 962.31596 | AL26: =AK26/AJ26*100 -> 94.344702 | AM26: =Юнг!C18 -> 8 | AN26: =Юнг!D18 -> 3.2 | AO26: =AN26/AM26*100 -> 40 | AR26: =AP26/AQ26*100 -> #DIV/0! | AS26: 0 | AU26: =AT26/AS26*100 -> #DIV/0! | AV26: =Юнг!C27 -> 388 | AW26: =Юнг!D27 -> 499.31669 | AX26: =AW26/AV26*100 -> 128.68987 | AY26: =Юнг!C28 -> 30 | AZ26: =Юнг!D28 -> 29.382 | BA26: =AZ26/AY26*100 -> 97.94 | BD26: =BC26/BB26*100 -> #DIV/0! | BE26: =Юнг!C30 -> 80 | BF26: =Юнг!D30 -> 97.99591 | BG26: =BF26/BE26*100 -> 122.49489 | BK26: =Юнг!C33 -> 0 | BL26: =Юнг!D31 -> 0 | BM26: =BL26/BK26*100 -> #DIV/0! | BP26: =BO26/BN26*100 -> #DIV/0! | BT26: =Юнг!C34 -> 0 | BU26: =Юнг!D34 -> 43.13044 | BV26: =BU26/BT26*100 -> #DIV/0! | BW26: =Юнг!C36 -> 0 | BX26: =Юнг!D36 -> 1247.038 | BY26: =BX26/BW26*100 -> #DIV/0! | CB26: =BZ26/CA26*100 -> #DIV/0! | CE26: =CC26/CD26*100 -> #DIV/0! | CF26: =CI26+CL26+CO26+CR26+CX26+CU26 -> 10903.501 | CG26: =CJ26+CM26+CP26+CS26+CY26+CV26+DB26 -> 10878.825 | CH26: =CG26/CF26*100 -> 99.773683 | CI26: =Юнг!C41 -> 2417.4 | CJ26: =Юнг!D41 -> 2417.4 | CK26: =CJ26/CI26*100 -> 100 | CL26: =Юнг!C42 -> 0 | CM26: =Юнг!D42 -> 0 | CN26: =CM26/CL26*100 -> #DIV/0! | CO26: =Юнг!C43 -> 6027.235 | CP26: =Юнг!D43 -> 6027.235 | CQ26: =CP26/CO26*100 -> 100 | CR26: =Юнг!C44 -> 109.41849 | CS26: =Юнг!D44 -> 109.41849 | CT26: =CS26/CR26*100 -> 100 | CU26: =Юнг!C45 -> 2349.448 | CV26: =Юнг!D45 -> 2324.7715 | CW26: =CV26/CU26*100 -> 98.949689 | CX26: =Юнг!C48 -> 0 | CY26: =Юнг!D48 -> 0 | CZ26: =CY26/CX26*100 -> #DIV/0! | DB26: =Юнг!D47 -> 0 | DF26: =DE26/DD26*100 -> #DIV/0! | DM26: =DP26+EE26+EH26+EK26+EN26+EQ26+ET26+EW26+EZ26 -> 14152.117 | DN26: =DQ26+EF26+EI26+EL26+EO26+ER26+EU26+EX26+FA26 -> 13936.762 | DO26: =DN26/DM26*100 -> 98.478285 | DP26: =DS26+DV26+DY26+EB26 -> 1975.951 | DQ26: =DT26+DW26+DZ26+EC26 -> 1916.6508 | DR26: =DQ26/DP26*100 -> 96.998905 | DS26: =Юнг!C57 -> 1915.629 | DT26: =Юнг!D57 -> 1877.3288 | DU26: =DT26/DS26*100 -> 98.000648 | DV26: =Юнг!C60 -> 0 | DW26: =Юнг!D60 -> 0 | DX26: =DW26/DV26*100 -> #DIV/0! | DY26: =Юнг!C61 -> 1 | DZ26: =Юнг!D61 -> 0 | EA26: =DZ26/DY26*100 -> 0 | EB26: =Юнг!C62 -> 59.322 | EC26: =Юнг!D62 -> 39.322 | ED26: =EC26/EB26*100 -> 66.285695 | EE26: =Юнг!C64 -> 109.41849 | EF26: =Юнг!D64 -> 109.41849 | EG26: =EF26/EE26*100 -> 100 | EH26: =Юнг!C65 -> 224.835 | EI26: =Юнг!D65 -> 223.83735 | EJ26: =EI26/EH26*100 -> 99.556275 | EK26: =Юнг!C71 -> 2267.9817 | EL26: =Юнг!D71 -> 2143.2721 | EM26: =EL26/EK26*100 -> 94.501294 | EN26: =Юнг!C76 -> 6621.6454 | EO26: =Юнг!D76 -> 6616.0745 | EP26: =EO26/EN26*100 -> 99.915867 | EQ26: =Юнг!C80 -> 2920.6515 | ER26: =Юнг!D80 -> 2895.875 | ES26: =ER26/EQ26*100 -> 99.151678 | ET26: =Юнг!C82 -> 0 | EU26: =Юнг!D82 -> 0 | EV26: =EU26/ET26*100 -> #DIV/0! | EW26: =Юнг!C87 -> 31.634 | EX26: =Юнг!D87 -> 31.634 | EY26: =EX26/EW26*100 -> 100 | EZ26: =Юнг!C93 -> 0 | FA26: =Юнг!D93 -> 0 | FB26: =FA26/EZ26*100 -> #DIV/0! | FC26: =SUM(C26-DM26) -> -384.86571 | FD26: =SUM(D26-DN26) -> 1293.0211 | FE26: =FD26/FC26*100 -> -335.96683
A27: 14 | B27: Юськасинское | C27: =F27+CF27 -> 13620.57 | D27: =G27+CG27+DE27 -> 13968.742 | E27: =D27/C27*100 -> 102.55622 | F27: =L27+AD27+AG27+AJ27+AM27+AS27+AY27+BK27+BW27+BT27+AP27+BE27+R27+X27+U27+AA27+AV27 -> 1817.732 | G27: =M27+AE27+AH27+AK27+AN27+AT27+AZ27+BL27+AQ27+BX27+BU27+BF27+S27+Y27+V27+AB27+AW27 -> 2265.5085 | H27: =G27/F27*100 -> 124.6338 | I27: =L27+R27+U27+X27+AA27+AD27+AG27+AJ27+AM27 -> 1274.13 | L27: =Юсь!C6 -> 171 | M27: =Юсь!D6 -> 214.43786 | N27: =M27/L27*100 -> 125.40226 | O27: =R27+U27+X27+AA27 -> 616.13 | P27: =S27+V27+Y27+AB27 -> 728.41717 | R27: =Юсь!C8 -> 229.816 | S27: =Юсь!D8 -> 365.16064 | T27: =S27/R27*100 -> 158.89261 | U27: =Юсь!C9 -> 2.465 | V27: =Юсь!D9 -> 1.97244 | W27: =V27/U27*100 -> 80.01785 | X27: =Юсь!C10 -> 383.849 | Y27: =Юсь!D10 -> 403.17859 | Z27: =Y27/X27*100 -> 105.03573 | AA27: =Юсь!C11 -> 0 | AB27: =Юсь!D11 -> -41.8945 | AC27: =AB27/AA27*100 -> #DIV/0! | AD27: =Юсь!C13 -> 10 | AE27: =Юсь!D13 -> 0 | AF27: =AE27/AD27*100 -> 0 | AG27: =Юсь!C15 -> 124 | AH27: =Юсь!D15 -> 132.71873 | AI27: =AH27/AG27*100 -> 107.03123 | AJ27: =Юсь!C16 -> 345 | AK27: =Юсь!D16 -> 368.55234 | AL27: =AK27/AJ27*100 -> 106.82677 | AM27: =Юсь!C18 -> 8 | AN27: =Юсь!D18 -> 8.25 | AO27: =AN27/AM27*100 -> 103.125 | AR27: =AP27/AQ27*100 -> #DIV/0! | AS27: 0 | AT27: 0 | AU27: =AT27/AS27*100 -> #DIV/0! | AV27: =Юсь!C27 -> 0 | AW27: =Юсь!D27 -> 0 | AX27: =AW27/AV27*100 -> #DIV/0! | AY27: =Юсь!C28 -> 40 | AZ27: =Юсь!D28 -> 66.5 | BA27: =AZ27/AY27*100 -> 166.25 | BD27: =BC27/BB27*100 -> #DIV/0! | BE27: =Юсь!C30 -> 100 | BF27: =Юсь!D30 -> 358.87429 | BG27: =BF27/BE27*100 -> 358.87429 | BK27: =Юсь!C31 -> 0 | BL27: =Юсь!D31 -> 0 | BM27: =BL27/BK27*100 -> #DIV/0! | BP27: =BO27/BN27*100 -> #DIV/0! | BU27: =Юсь!D34 -> 5.93829 | BV27: =BU27/BT27*100 -> #DIV/0! | BW27: =Юсь!C36 -> 403.602 | BX27: =Юсь!D36 -> 381.81984 | BY27: =BX27/BW27*100 -> 94.603059 | CB27: =BZ27/CA27*100 -> #DIV/0! | CE27: =CC27/CD27*100 -> #DIV/0! | CF27: =CI27+CL27+CO27+CR27+CX27+CU27 -> 11802.838 | CG27: =CJ27+CM27+CP27+CS27+CY27+CV27+DB27 -> 11703.233 | CH27: =CG27/CF27*100 -> 99.156099 | CI27: =Юсь!C41 -> 4903.5 | CJ27: =Юсь!D41 -> 4903.5 | CK27: =CJ27/CI27*100 -> 100 | CL27: =Юсь!C42 -> 0 | CM27: =Юсь!D42 -> 0 | CN27: =CM27/CL27*100 -> #DIV/0! | CO27: =Юсь!C43 -> 5918.9191 | CP27: =Юсь!D43 -> 5918.9191 | CQ27: =CP27/CO27*100 -> 100 | CR27: =Юсь!C44 -> 301.49357 | CS27: =Юсь!D44 -> 301.49357 | CT27: =CS27/CR27*100 -> 100 | CU27: =Юсь!C51 -> 678.925 | CV27: =Юсь!D51 -> 579.3207 | CW27: =CV27/CU27*100 -> 85.329116 | CX27: =Юсь!C52 -> 0 | CY27: =Юсь!D52 -> 0 | CZ27: =CY27/CX27*100 -> #DIV/0! | DF27: =DE27/DD27*100 -> #DIV/0! | DM27: =DP27+EE27+EH27+EK27+EN27+EQ27+ET27+EW27+EZ27 -> 14622.711 | DN27: =DQ27+EF27+EI27+EL27+EO27+ER27+EU27+EX27+FA27 -> 14260.155 | DO27: =DN27/DM27*100 -> 97.520601 | DP27: =DS27+DV27+DY27+EB27 -> 1694.389 | DQ27: =DT27+DW27+DZ27+EC27 -> 1551.4589 | DR27: =DQ27/DP27*100 -> 91.564504 | DS27: =Юсь!C60 -> 1682.512 | DT27: =Юсь!D60 -> 1546.2949 | DU27: =DT27/DS27*100 -> 91.903944 | DV27: =Юсь!C63 -> 0 | DW27: =Юсь!D63 -> 0 | DX27: =DW27/DV27*100 -> #DIV/0! | DY27: =Юсь!C64 -> 5 | DZ27: =Юсь!D64 -> 0 | EA27: =DZ27/DY27*100 -> 0 | EB27: =Юсь!C65 -> 6.877 | EC27: =Юсь!D65 -> 5.164 | ED27: =EC27/EB27*100 -> 75.090883 | EE27: =Юсь!C67 -> 287.20097 | EF27: =Юсь!D67 -> 287.20097 | EG27: =EF27/EE27*100 -> 100 | EH27: =Юсь!C68 -> 329.38 | EI27: =Юсь!D68 -> 329.18939 | EJ27: =EI27/EH27*100 -> 99.942131 | EK27: =Юсь!C74 -> 3091.5144 | EL27: =Юсь!D74 -> 3030.0402 | EM27: =EL27/EK27*100 -> 98.011517 | EN27: =Юсь!C79 -> 7367.5261 | EO27: =Юсь!D79 -> 7209.9038 | EP27: =EO27/EN27*100 -> 97.86058 | EQ27: =Юсь!C83 -> 1842.7 | ER27: =Юсь!D83 -> 1842.3719 | ES27: =ER27/EQ27*100 -> 99.982194 | ET27: =Юсь!C85 -> 0 | EU27: =Юсь!D85 -> 0 | EV27: =EU27/ET27*100 -> #DIV/0! | EW27: =Юсь!C90 -> 10 | EX27: =Юсь!D90 -> 9.99 | EY27: =EX27/EW27*100 -> 99.9 | EZ27: =Юсь!C96 -> 0 | FA27: =Юсь!D96 -> 0 | FB27: =FA27/EZ27*100 -> #DIV/0! | FC27: =SUM(C27-DM27) -> -1002.1408 | FD27: =SUM(D27-DN27) -> -291.41324 | FE27: =FD27/FC27*100 -> 29.07907
A28: 15 | B28: Ярабайкасинское | C28: =F28+CF28 -> 15161.39 | D28: =G28+CG28+DE28 -> 15714.107 | E28: =D28/C28*100 -> 103.64556 | F28: =L28+AD28+AG28+AJ28+AM28+AS28+AY28+BK28+BW28+BT28+AP28+BE28+R28+X28+U28+AA28+AV28 -> 3264.3564 | G28: =M28+AE28+AH28+AK28+AN28+AT28+AZ28+BL28+AQ28+BX28+BU28+BF28+S28+Y28+V28+AB28+AW28 -> 3859.885 | H28: =G28/F28*100 -> 118.24337 | I28: =L28+R28+U28+X28+AA28+AD28+AG28+AJ28+AM28 -> 2738.4 | L28: =Яра!C6 -> 321.4 | M28: =Яра!D6 -> 265.78492 | N28: =M28/L28*100 -> 82.695993 | O28: =R28+U28+X28+AA28 -> 954 | P28: =S28+V28+Y28+AB28 -> 1127.8718 | R28: =Яра!C8 -> 355.842 | S28: =Яра!D8 -> 565.41002 | T28: =S28/R28*100 -> 158.89356 | U28: =Яра!C9 -> 3.816 | V28: =Яра!D9 -> 3.05412 | W28: =V28/U28*100 -> 80.034591 | X28: =Яра!C10 -> 594.342 | Y28: =Яра!D10 -> 624.27653 | Z28: =Y28/X28*100 -> 105.03658 | AA28: =Яра!C11 -> 0 | AB28: =Яра!D11 -> -64.86892 | AC28: =AB28/AA28*100 -> #DIV/0! | AD28: =Яра!C13 -> 20 | AE28: =Яра!D13 -> 10.15326 | AF28: =AE28/AD28*100 -> 50.7663 | AG28: =Яра!C15 -> 385 | AH28: =Яра!D15 -> 315.43127 | AI28: =AH28/AG28*100 -> 81.9302 | AJ28: =Яра!C16 -> 1050 | AK28: =Яра!D16 -> 1064.1442 | AL28: =AK28/AJ28*100 -> 101.34707 | AM28: =Яра!C18 -> 8 | AN28: =Яра!D18 -> 2.98 | AO28: =AN28/AM28*100 -> 37.25 | AR28: =AP28/AQ28*100 -> #DIV/0! | AS28: 0 | AT28: 0 | AU28: =AT28/AS28*100 -> #DIV/0! | AV28: =Яра!C27 -> 20 | AW28: =Яра!D27 -> 160.83424 | AX28: =AW28/AV28*100 -> 804.1712 | AY28: =Яра!C28 -> 0 | AZ28: =Яра!D28 -> 0 | BA28: =AZ28/AY28*100 -> #DIV/0! | BD28: =BC28/BB28*100 -> #DIV/0! | BE28: =Яра!C31 -> 50 | BF28: =Яра!D31 -> 80.68774 | BG28: =BF28/BE28*100 -> 161.37548 | BK28: =Яра!C32 -> 137.274 | BL28: =SUM(Яра!D32) -> 12.274 | BM28: =BL28/BK28*100 -> 8.9412416 | BP28: =BO28/BN28*100 -> #DIV/0! | BT28: =Яра!C35 -> 31.6 | BU28: =Яра!D35 -> 31.63048 | BV28: =BU28/BT28*100 -> 100.09646 | BW28: =Яра!C37 -> 287.08236 | BX28: =Яра!D37 -> 788.09312 | BY28: =BX28/BW28*100 -> 274.51813 | CB28: =BZ28/CA28*100 -> #DIV/0! | CE28: =CC28/CD28*100 -> #DIV/0! | CF28: =CI28+CL28+CO28+CR28+CX28+CU28 -> 11897.033 | CG28: =CJ28+CM28+CP28+CS28+CY28+CV28+DB28 -> 11854.222 | CH28: =CG28/CF28*100 -> 99.640155 | CI28: =Яра!C42 -> 3431.9 | CJ28: =Яра!D42 -> 3431.9 | CK28: =CJ28/CI28*100 -> 100 | CL28: =Яра!C43 -> 0 | CM28: =Яра!D43 -> 0 | CN28: =CM28/CL28*100 -> #DIV/0! | CO28: =Яра!C44 -> 4194.3996 | CP28: =Яра!D44 -> 4194.3996 | CQ28: =CP28/CO28*100 -> 100 | CR28: =Яра!C45 -> 269.82522 | CS28: =Яра!D45 -> 269.82522 | CT28: =CS28/CR28*100 -> 100 | CU28: =Яра!C47 -> 4000.9084 | CV28: =Яра!D47 -> 3958.0976 | CW28: =CV28/CU28*100 -> 98.929972 | CX28: =SUM(Яра!C51) -> 0 | CY28: =Яра!D51 -> 0 | CZ28: =CY28/CX28*100 -> #DIV/0! | DF28: =DE28/DD28*100 -> #DIV/0! | DH28: =Яра!D46 -> 0 | DI28: =DH28/DG28 -> #DIV/0! | DM28: =DP28+EE28+EH28+EK28+EN28+EQ28+ET28+EW28+EZ28 -> 16104.077 | DN28: =DQ28+EF28+EI28+EL28+EO28+ER28+EU28+EX28+FA28 -> 15778.019 | DO28: =DN28/DM28*100 -> 97.975313 | DP28: =DS28+DV28+DY28+EB28 -> 2315.0158 | DQ28: =DT28+DW28+DZ28+EC28 -> 2301.2788 | DR28: =DQ28/DP28*100 -> 99.406612 | DS28: =Яра!C59 -> 1894.4037 | DT28: =Яра!D59 -> 1886.6667 | DU28: =DT28/DS28*100 -> 99.591585 | DV28: =Яра!C62 -> 0 | DW28: =Яра!D62 -> 0 | DX28: =DW28/DV28*100 -> #DIV/0! | DY28: =Яра!C63 -> 1 | DZ28: =Яра!D63 -> 0 | EA28: =DZ28/DY28*100 -> 0 | EB28: =Яра!C64 -> 419.61213 | EC28: =Яра!D64 -> 414.61213 | ED28: =EC28/EB28*100 -> 98.808423 | EE28: =Яра!C66 -> 269.82522 | EF28: =Яра!D65 -> 269.82522 | EG28: =EF28/EE28*100 -> 100 | EH28: =Яра!C67 -> 20.09724 | EI28: =Яра!D67 -> 18.09724 | EJ28: =EI28/EH28*100 -> 90.048385 | EK28: =Яра!C73 -> 5626.7912 | EL28: =Яра!D73 -> 5597.8961 | EM28: =EL28/EK28*100 -> 99.486472 | EN28: =Яра!C78 -> 5876.036 | EO28: =Яра!D78 -> 5594.6334 | EP28: =EO28/EN28*100 -> 95.211013 | EQ28: =Яра!C82 -> 1974.311 | ER28: =Яра!D82 -> 1974.2886 | ES28: =ER28/EQ28*100 -> 99.998864 | ET28: =Яра!C84 -> 0 | EU28: =Яра!D84 -> 0 | EV28: =EU28/ET28*100 -> #DIV/0! | EW28: =Яра!C89 -> 22 | EX28: =Яра!D89 -> 22 | EY28: =EX28/EW28*100 -> 100 | EZ28: =Яра!C95 -> 0 | FA28: =Яра!D95 -> 0 | FB28: =FA28/EZ28*100 -> #DIV/0! | FC28: =SUM(C28-DM28) -> -942.68691 | FD28: =SUM(D28-DN28) -> -63.91194 | FE28: =FD28/FC28*100 -> 6.7797632
A29: 16 | B29: Ярославское | C29: =F29+CF29 -> 14647.336 | D29: =G29+CG29+DE29 -> 14590.398 | E29: =D29/C29*100 -> 99.611272 | F29: =L29+AD29+AG29+AJ29+AM29+AS29+AY29+BK29+BW29+BT29+AP29+BE29+R29+X29+U29+AA29+AV29 -> 2671.8262 | G29: =M29+AE29+AH29+AK29+AN29+AT29+AZ29+BL29+AQ29+BX29+BU29+BF29+S29+Y29+V29+AB29+AW29 -> 3345.7953 | H29: =G29/F29*100 -> 125.22503 | I29: =L29+R29+U29+X29+AA29+AD29+AG29+AJ29+AM29 -> 1525.98 | L29: =Ярос!C6 -> 120 | M29: =Ярос!D6 -> 91.67711 | N29: =M29/L29*100 -> 76.397592 | O29: =R29+U29+X29+AA29 -> 547.98 | P29: =S29+V29+Y29+AB29 -> 647.85489 | R29: =Ярос!C8 -> 204.396 | S29: =Ярос!D8 -> 324.77419 | T29: =S29/R29*100 -> 158.89459 | U29: =Ярос!C9 -> 2.192 | V29: =Ярос!D9 -> 1.75431 | W29: =V29/U29*100 -> 80.032391 | X29: =Ярос!C10 -> 341.392 | Y29: =Ярос!D10 -> 358.58741 | Z29: =Y29/X29*100 -> 105.03685 | AA29: =Ярос!C11 -> 0 | AB29: =Ярос!D11 -> -37.26102 | AC29: =AB29/AA29*100 -> #DIV/0! | AD29: =Ярос!C13 -> 10 | AE29: =Ярос!D13 -> 0.26638 | AF29: =AE29/AD29*100 -> 2.6638 | AG29: =Ярос!C15 -> 323 | AH29: =Ярос!D15 -> 296.83465 | AI29: =AH29/AG29*100 -> 91.899272 | AJ29: =Ярос!C16 -> 520 | AK29: =Ярос!D16 -> 553.0615 | AL29: =AK29/AJ29*100 -> 106.35798 | AM29: =Ярос!C18 -> 5 | AN29: =Ярос!D18 -> 1.09 | AO29: =AN29/AM29*100 -> 21.8 | AR29: =AP29/AQ29*100 -> #DIV/0! | AS29: 0 | AT29: 0 | AU29: =AT29/AS29*100 -> #DIV/0! | AV29: =Ярос!C26 -> 320 | AW29: =Ярос!D27 -> 487.66398 | AX29: =AW29/AV29*100 -> 152.39499 | AY29: 0 | AZ29: =Ярос!D28 -> 0 | BA29: =AZ29/AY29*100 -> #DIV/0! | BD29: =BC29/BB29*100 -> #DIV/0! | BF29: =Ярос!D29 -> 0 | BG29: =BF29/BE29*100 -> #DIV/0! | BK29: =Ярос!C31 -> 0 | BL29: =Ярос!D31 -> 0 | BM29: =BL29/BK29*100 -> #DIV/0! | BP29: =BO29/BN29*100 -> #DIV/0! | BT29: =Ярос!C34 -> 0 | BU29: =Ярос!D34 -> 41.4968 | BV29: =BU29/BT29*100 -> #DIV/0! | BW29: =SUM(Ярос!C36) -> 825.84624 | BX29: =SUM(Ярос!D36) -> 1225.85 | BY29: =BX29/BW29*100 -> 148.43562 | CB29: =BZ29/CA29*100 -> #DIV/0! | CE29: =CC29/CD29*100 -> #DIV/0! | CF29: =CI29+CL29+CO29+CR29+CX29+CU29 -> 11975.51 | CG29: =CJ29+CM29+CP29+CS29+CY29+CV29+DB29 -> 11244.603 | CH29: =CG29/CF29*100 -> 93.896649 | CI29: =Ярос!C40 -> 2129.1 | CJ29: =Ярос!D40 -> 2129.1 | CK29: =CJ29/CI29*100 -> 100 | CL29: =Ярос!C41 -> 0 | CM29: =Ярос!D41 -> 0 | CN29: =CM29/CL29*100 -> #DIV/0! | CO29: =Ярос!C42 -> 6333.7064 | CP29: =Ярос!D42 -> 5921.0461 | CQ29: =CP29/CO29*100 -> 93.484695 | CR29: =Ярос!C43 -> 44.32198 | CS29: =Ярос!D43 -> 44.32198 | CT29: =CS29/CR29*100 -> 100 | CU29: =Ярос!C45 -> 3468.3816 | CV29: =Ярос!D45 -> 3150.1345 | CW29: =CV29/CU29*100 -> 90.824333 | CX29: =Ярос!C46 -> 0 | CY29: =Ярос!D46 -> 0 | CZ29: =CY29/CX29*100 -> #DIV/0! | DF29: =DE29/DD29*100 -> #DIV/0! | DM29: =DP29+EE29+EH29+EK29+EN29+EQ29+ET29+EW29+EZ29 -> 15025.928 | DN29: =DQ29+EF29+EI29+EL29+EO29+ER29+EU29+EX29+FA29 -> 13933.535 | DO29: =DN29/DM29*100 -> 92.729951 | DP29: =DS29+DV29+DY29+EB29 -> 1586.1167 | DQ29: =DT29+DW29+DZ29+EC29 -> 1449.2165 | DR29: =DQ29/DP29*100 -> 91.368844 | DS29: =Ярос!C56 -> 1492.4967 | DT29: =Ярос!D56 -> 1365.5965 | DU29: =DT29/DS29*100 -> 91.497455 | DV29: =Ярос!C59 -> 0 | DW29: =Ярос!D59 -> 0 | DX29: =DW29/DV29*100 -> #DIV/0! | DY29: =Ярос!C60 -> 5 | DZ29: =Ярос!D60 -> 0 | EA29: =DZ29/DY29*100 -> 0 | EB29: =Ярос!C61 -> 88.62 | EC29: =Ярос!D61 -> 83.62 | ED29: =EC29/EB29*100 -> 94.357933 | EE29: =Ярос!C62 -> 44.32198 | EF29: =Ярос!D62 -> 44.32198 | EG29: =EF29/EE29*100 -> 100 | EH29: =Ярос!C64 -> 37.5984 | EI29: =Ярос!D64 -> 37.59834 | EJ29: =EI29/EH29*100 -> 99.99984 | EK29: =Ярос!C70 -> 1178.0213 | EL29: =Ярос!D70 -> 958.36656 | EM29: =EL29/EK29*100 -> 81.353921 | EN29: =Ярос!C75 -> 10952.366 | EO29: =Ярос!D75 -> 10240.942 | EP29: =EO29/EN29*100 -> 93.50438 | EQ29: =Ярос!C80 -> 1224.953 | ER29: =Ярос!D79 -> 1200.5398 | ES29: =ER29/EQ29*100 -> 98.007013 | ET29: =Ярос!C81 -> 0 | EU29: =Ярос!D81 -> 0 | EV29: =EU29/ET29*100 -> #DIV/0! | EW29: =Ярос!C86 -> 2.55 | EX29: =Ярос!D86 -> 2.55 | EY29: =EX29/EW29*100 -> 100 | EZ29: =Ярос!C92 -> 0 | FA29: =Ярос!D92 -> 0 | FB29: =FA29/EZ29*100 -> #DIV/0! | FC29: =SUM(C29-DM29) -> -378.59135 | FD29: =SUM(D29-DN29) -> 656.86254 | FE29: =FD29/FC29*100 -> -173.50173
A31: Итого по поселениям | C31: =SUM(C14:C29) -> 283159.92 | D31: =SUM(D14:D29) -> 255369.48 | E31: =D31/C31*100 -> 90.185602 | F31: =SUM(F14:F29) -> 54196.91 | G31: =SUM(G14:G29) -> 64192.533 | H31: =G31/F31*100 -> 118.44316 | L31: =SUM(L14:L29) -> 6695.4 | M31: =SUM(M14:M29) -> 7710.6098 | N31: =M31/L31*100 -> 115.1628 | R31: =SUM(R14:R29) -> 4337.441 | S31: =SUM(S14:S29) -> 6125.2752 | T31: =S31/R31*100 -> 141.21864 | U31: =SUM(U14:U29) -> 41.338 | V31: =SUM(V14:V29) -> 33.08605 | W31: =V31/U31*100 -> 80.037859 | X31: =SUM(X14:X29) -> 6438.705 | Y31: =SUM(Y14:Y29) -> 6762.9956 | Z31: =Y31/X31*100 -> 105.03658 | AA31: =SUM(AA14:AA29) -> 0 | AB31: =SUM(AB14:AB29) -> -702.74678 | AC31: =AB31/AA31*100 -> #DIV/0! | AD31: =SUM(AD14:AD29) -> 530 | AE31: =SUM(AE14:AE29) -> 548.69536 | AF31: =AE31/AD31*100 -> 103.52743 | AG31: =SUM(AG14:AG29) -> 6780 | AH31: =SUM(AH14:AH29) -> 6621.3053 | AI31: =AH31/AG31*100 -> 97.659371 | AJ31: =SUM(AJ14:AJ29) -> 15252.789 | AK31: =SUM(AK14:AK29) -> 15139.576 | AL31: =AK31/AJ31*100 -> 99.25776 | AM31: =SUM(AM14:AM29) -> 97 | AN31: =SUM(AN14:AN29) -> 66.78 | AO31: =AN31/AM31*100 -> 68.845361 | AP31: =AP14+AP15+AP16+AP17+AP18+AP19+AP20+AP21+AP22+AP23+AP24+AP25+AP26+AP27+AP28+AP29 -> 0 | AQ31: =AQ14+AQ15+AQ16+AQ17+AQ18+AQ19+AQ20+AQ21+AQ22+AQ23+AQ24+AQ25+AQ26+AQ27+AQ28+AQ29 -> 0.00365 | AR31: =AQ31/AP31*100 -> #DIV/0! | AS31: =SUM(AS14:AS29) -> 0 | AT31: =SUM(AT14:AT29) -> 0 | AU31: =AT31/AS31*100 -> #DIV/0! | AV31: =SUM(AV14:AV29) -> 2352.0106 | AW31: =SUM(AW14:AW29) -> 3175.816 | AX31: =AW31/AV31*100 -> 135.02558 | AY31: =SUM(AY14:AY29) -> 238 | AZ31: =SUM(AZ14:AZ29) -> 364.81914 | BA31: =AZ31/AY31*100 -> 153.28535 | BB31: =SUM(BB14:BB29) -> 0 | BC31: =SUM(BC14:BC29) -> 0 | BD31: =BC31/BB31*100 -> #DIV/0! | BE31: =SUM(BE14:BE29) -> 590 | BF31: =SUM(BF14:BF29) -> 1238.629 | BG31: =BF31/BE31*100 -> 209.93712 | BH31: =SUM(BH14:BH29) -> 0 | BI31: =SUM(BI14:BI29) -> 0.35256 | BJ31: =BI31/BH31*100 -> #DIV/0! | BK31: =SUM(BK14:BK29) -> 2843.7265 | BL31: =SUM(BL14:BL29) -> 4120.4327 | BM31: =BL31/BK31*100 -> 144.89553 | BN31: =SUM(BN14:BN29) -> 0 | BO31: =SUM(BO14:BO29) -> 0 | BP31: =BO31/BN31*100 -> #DIV/0! | BQ31: =SUM(BQ14:BQ29) -> 0 | BR31: =BR15+BR27+BR28+BR19+BR22+BR26+BR18 -> 144.43317 | BS31: =BR31/BQ31*100 -> #DIV/0! | BT31: =BT14+BT15+BT16+BT17+BT18+BT19+BT20+BT21+BT22+BT23+BT24+BT25+BT26+BT27+BT28+BT29 -> 125.13601 | BU31: =BU14+BU15+BU16+BU17+BU18+BU19+BU20+BU21+BU22+BU23+BU24+BU25+BU26+BU27+BU28+BU29 -> 624.01131 | BV31: =BU31/BT31*100 -> 498.66646 | BW31: =SUM(BW14:BW29) -> 7875.3641 | BX31: =SUM(BX14:BX29) -> 12363.244 | BY31: =BX31/BW31*100 -> 156.98632 | BZ31: =SUM(BZ14:BZ29) -> 0 | CB31: =SUM(CB14:CB29) -> #DIV/0! | CC31: =SUM(CC14:CC29) -> 0 | CD31: =SUM(CD14:CD29) -> 0 | CE31: =SUM(CE14:CE29) -> #DIV/0! | CF31: =SUM(CF14:CF29) -> 228963.01 | CG31: =SUM(CG14:CG29) -> 191176.95 | CH31: =CG31/CF31*100 -> 83.496869 | CI31: =SUM(CI14:CI29) -> 53257.1 | CJ31: =SUM(CJ14:CJ29) -> 53257.1 | CK31: =CJ31/CI31*100 -> 100 | CL31: =SUM(CL14:CL29) -> 0 | CM31: =SUM(CM14:CM29) -> 0 | CN31: =CM31/CL31*100 -> #DIV/0! | CO31: =SUM(CO14:CO29) -> 142600.58 | CP31: =SUM(CP14:CP29) -> 108006.63 | CQ31: =CP31/CO31*100 -> 75.740665 | CR31: =SUM(CR14:CR29) -> 2696.2 | CS31: =SUM(CS14:CS29) -> 2696.1723 | CT31: =CS31/CR31*100 -> 99.998973 | CU31: =SUM(CU14:CU29) -> 30409.133 | CV31: =SUM(CV14:CV29) -> 27217.048 | CW31: =CV31/CU31*100 -> 89.502875 | CX31: =SUM(CX14:CX29) -> 0 | CY31: =SUM(CY14:CY29) -> 0 | CZ31: =CY31/CX31*100 -> #DIV/0! | DA31: =SUM(DA14:DA29) -> 0 | DB31: =SUM(DB14:DB29) -> 0 | DC31: =DB31/DA31*100 -> #DIV/0! | DD31: =SUM(DD14:DD29) -> 0 | DE31: =SUM(DE14:DE29) -> 0 | DF31: =DE31/DD31*100 -> #DIV/0! | DG31: =DG14+DG15+DG16+DG17+DG18+DG19+DG20+DG21+DG22+DG23+DG24+DG25+DG26+DG27+DG28+DG29 -> 0 | DH31: =DH14+DH15+DH16+DH17+DH18+DH19+DH20+DH21+DH22+DH23+DH24+DH25+DH26+DH27+DH28+DH29 -> 0 | DI31: =DH31/DG31*100 -> #DIV/0! | DJ31: =DJ14+DJ15+DJ16+DJ17+DJ18+DJ19+DJ20+DJ21+DJ22+DJ23+DJ24+DJ25+DJ26+DJ27+DJ28+DJ29 -> 0 | DK31: =DK14+DK15+DK16+DK17+DK18+DK19+DK20+DK21+DK22+DK23+DK24+DK25+DK26+DK27+DK28+DK29 -> 0 | DL31: 0 | DM31: =SUM(DM14:DM29) -> 296888 | DN31: =SUM(DN14:DN29) -> 252077.03 | DO31: =DN31/DM31*100 -> 84.906438 | DP31: =SUM(DP14:DP29) -> 30310.567 | DQ31: =SUM(DQ14:DQ29) -> 28907.54 | DR31: =DQ31/DP31*100 -> 95.371164 | DS31: =SUM(DS14:DS29) -> 29144.526 | DT31: =SUM(DT14:DT29) -> 27956.996 | DU31: =DT31/DS31*100 -> 95.925376 | DV31: =SUM(DV14:DV29) -> 0 | DW31: =SUM(DW14:DW29) -> 0 | DX31: =DW31/DV31*100 -> #DIV/0! | DY31: =SUM(DY14:DY29) -> 73 | DZ31: =SUM(DZ14:DZ29) -> 0 | EA31: =DZ31/DY31*100 -> 0 | EB31: =SUM(EB14:EB29) -> 1093.0406 | EC31: =SUM(EC14:EC29) -> 950.54414 | ED31: =EC31/EB31*100 -> 86.963294 | EE31: =SUM(EE14:EE29) -> 2546.1 | EF31: =SUM(EF14:EF29) -> 2546.1 | EG31: =EF31/EE31*100 -> 100 | EH31: =SUM(EH14:EH29) -> 767.468 | EI31: =SUM(EI14:EI29) -> 747.69634 | EJ31: =EI31/EH31*100 -> 97.423781 | EK31: =SUM(EK14:EK29) -> 64842.076 | EL31: =SUM(EL14:EL29) -> 62683.625 | EM31: =EL31/EK31*100 -> 96.671219 | EN31: =SUM(EN14:EN29) -> 159005.46 | EO31: =SUM(EO14:EO29) -> 118896.25 | EP31: =EO31/EN31*100 -> 74.774948 | EQ31: =SUM(EQ14:EQ29) -> 39192.355 | ER31: =SUM(ER14:ER29) -> 38076.346 | ES31: =ER31/EQ31*100 -> 97.152484 | ET31: =SUM(ET14:ET29) -> 13 | EU31: =SUM(EU14:EU29) -> 13 | EV31: =EU31/ET31*100 -> 100 | EW31: =SUM(EW14:EW29) -> 210.981 | EX31: =SUM(EX14:EX29) -> 206.471 | EY31: =EX31/EW31*100 -> 97.862367 | EZ31: =SUM(EZ14:EZ29) -> 0 | FA31: =SUM(FA14:FA29) -> 0 | FB31: =FA31/EZ31*100 -> #DIV/0! | FC31: =SUM(FC14:FC29) -> -13728.079 | FD31: =SUM(FD14:FD29) -> 3292.455 | FE31: =FD31/FC31*100 -> -23.983363
C32: 283159.92 | D32: 255369.48 | F32: 54196.91 | G32: 64192.533 | L32: 6695.4 | M32: 7710.6098 | R32: 4337.441 | S32: 6125.2752 | U32: 41.338 | V32: 33.08605 | X32: 6438.705 | Y32: 6762.9956 | AA32: =#REF!-AA31 -> #REF! | AB32: -702.74678 | AD32: 530 | AE32: 548.69536 | AG32: 6780 | AH32: 6621.3053 | AJ32: 15252.789 | AK32: 15139.576 | AM32: 97 | AN32: 66.78 | AP32: =#REF!-AP31 -> #REF! | AQ32: 0.00365 | AS32: =#REF!-AS31 -> #REF! | AT32: =#REF!-AT31 -> #REF! | AV32: 2352.0106 | AW32: 3175.816 | AY32: 238 | AZ32: 364.81839 | BB32: =#REF!-BB31 -> #REF! | BC32: =#REF!-BC31 -> #REF! | BD32: =#REF!-BD31 -> #REF! | BE32: 590 | BF32: 1238.629 | BH32: =#REF!-BH31 -> #REF! | BI32: =#REF!-BI31 -> #REF! | BJ32: =#REF!-BJ31 -> #REF! | BK32: 2843.7265 | BL32: 4120.4327 | BN32: =#REF!-BN31 -> #REF! | BO32: =#REF!-BO31 -> #REF! | BP32: =#REF!-BP31 -> #REF! | BQ32: =#REF!-BQ31 -> #REF! | BR32: =#REF!-BR31 -> #REF! | BS32: =#REF!-BS31 -> #REF! | BT32: 125.13601 | BU32: 624.01131 | BW32: 7875.3641 | BX32: 12363.244 | BZ32: =#REF!-BZ31 -> #REF! | CA32: =#REF!-CA31 -> #REF! | CB32: =#REF!-CB31 -> #REF! | CC32: =#REF!-CC31 -> #REF! | CD32: =#REF!-CD31 -> #REF! | CE32: =#REF!-CE31 -> #REF! | CF32: 228963.01 | CG32: 191176.95 | CI32: 53257.1 | CJ32: 53257.1 | CL32: 0 | CM32: 0 | CO32: 142600.58 | CP32: 108006.63 | CR32: 2696.2 | CS32: 2696.1723 | CU32: 30409.133 | CV32: 27217.048 | CX32: 0 | CY32: 0 | DA32: =#REF!-DA31 -> #REF! | DB32: 0 | DD32: =#REF!-DD31 -> #REF! | DE32: =#REF!-DE31 -> #REF! | DF32: =#REF!-DF31 -> #REF! | DG32: =#REF!-DG31 -> #REF! | DH32: =#REF!-DH31 -> #REF! | DI32: =#REF!-DI31 -> #REF! | DJ32: =#REF!-DJ31 -> #REF! | DK32: =#REF!-DK31 -> #REF! | DM32: 296888 | DN32: 252077.03 | DP32: 30310.567 | DQ32: 28907.54 | DS32: 29144.526 | DT32: 27956.996 | DW32: 0 | DY32: 73000 | DZ32: 0 | EB32: 1093.0406 | EC32: 950.54414 | EE32: 2546.1 | EF32: 2546.1 | EH32: 767.468 | EI32: 747.69634 | EK32: 64842.076 | EL32: 62683.625 | EN32: 159005.46 | EO32: 118896.25 | EQ32: 39192.355 | ER32: 38076.346 | ET32: 13 | EU32: 13 | EW32: 210.981 | EX32: 206.471 | EZ32: =#REF!-EZ31 -> #REF! | FA32: =#REF!-FA31 -> #REF! | FC32: -13728.079 | FD32: 3292.455
C33: =C32-C31 -> 0 | D33: =D32-D31 -> 0 | F33: =F32-F31 -> 0 | G33: =G32-G31 -> 0 | L33: =L32-L31 -> 0 | M33: =M32-M31 -> 0 | R33: =R32-R31 -> 0 | S33: =S32-S31 -> 0 | U33: =U32-U31 -> 0 | V33: =V32-V31 -> 0 | X33: =X32-X31 -> 0 | Y33: =Y32-Y31 -> 0 | AA33: =AA32-AA31 -> #REF! | AB33: =AB32-AB31 -> 0 | AD33: =AD32-AD31 -> 0 | AE33: =AE32-AE31 -> 0 | AG33: =AG32-AG31 -> 0 | AH33: =AH32-AH31 -> 0 | AJ33: =AJ32-AJ31 -> 0 | AK33: =AK32-AK31 -> 0 | AM33: =AM32-AM31 -> 0 | AN33: =AN32-AN31 -> 0 | AP33: =AP32-AP31 -> #REF! | AQ33: =AQ32-AQ31 -> 0 | AR33: =AR32-AR31 -> #DIV/0! | AS33: =AS32-AS31 -> #REF! | AT33: =AT32-AT31 -> #REF! | AU33: =AU32-AU31 -> #DIV/0! | AV33: =AV32-AV31 -> 0 | AW33: =AW32-AW31 -> 0 | AY33: =AY32-AY31 -> 0 | AZ33: =AZ32-AZ31 -> -0.00075 | BB33: =BB32-BB31 -> #REF! | BC33: =BC32-BC31 -> #REF! | BD33: =BD32-BD31 -> #REF! | BE33: =BE32-BE31 -> 0 | BF33: =BF32-BF31 -> 0 | BH33: =BH32-BH31 -> #REF! | BI33: =BI32-BI31 -> #REF! | BJ33: =BJ32-BJ31 -> #REF! | BK33: =BK32-BK31 -> 0 | BL33: =BL32-BL31 -> 0 | BN33: =BN32-BN31 -> #REF! | BO33: =BO32-BO31 -> #REF! | BP33: =BP32-BP31 -> #REF! | BQ33: =BQ32-BQ31 -> #REF! | BR33: =BR32-BR31 -> #REF! | BS33: =BS32-BS31 -> #REF! | BT33: =BT32-BT31 -> 0 | BU33: =BU32-BU31 -> 0 | BW33: =BW32-BW31 -> 0 | BX33: =BX32-BX31 -> 0 | BZ33: =BZ32-BZ31 -> #REF! | CA33: =CA32-CA31 -> #REF! | CB33: =CB32-CB31 -> #REF! | CC33: =CC32-CC31 -> #REF! | CD33: =CD32-CD31 -> #REF! | CE33: =CE32-CE31 -> #REF! | CF33: =CF32-CF31 -> 0 | CG33: =SUM(CG32-CG31) -> 0 | CI33: =CI32-CI31 -> 0 | CJ33: =CJ32-CJ31 -> 0 | CL33: =CL32-CL31 -> 0 | CM33: =CM32-CM31 -> 0 | CO33: =CO32-CO31 -> 0 | CP33: =CP32-CP31 -> 0 | CR33: =CR32-CR31 -> 0 | CS33: =CS32-CS31 -> 0 | CU33: =CU32-CU31 -> 0 | CV33: =CV32-CV31 -> 0 | CX33: =CX32-CX31 -> 0 | CY33: =CY32-CY31 -> 0 | DA33: =DA32-DA31 -> #REF! | DB33: =DB32-DB31 -> 0 | DD33: =DD32-DD31 -> #REF! | DE33: =DE32-DE31 -> #REF! | DF33: =DF32-DF31 -> #REF! | DG33: =DG32-DG31 -> #REF! | DH33: =DH32-DH31 -> #REF! | DI33: =DI32-DI31 -> #REF! | DJ33: =DJ32-DJ31 -> #REF! | DK33: =DK32-DK31 -> #REF! | ... DN33: =DN32-DN31 -> 0 | DP33: =DP32-DP31 -> 0 | DQ33: =DQ32-DQ31 -> 0 | DS33: =DS32-DS31 -> 0 | DT33: =DT32-DT31 -> 0 | DV33: =DV32-DV31 -> 0 | DW33: =DW32-DW31 -> 0 | DY33: =DY32-DY31 -> 72927 | DZ33: =DZ32-DZ31 -> 0 | EB33: =EB32-EB31 -> 0 | EC33: =EC32-EC31 -> 0 | EE33: =EE32-EE31 -> 0 | EF33: =EF32-EF31 -> 0 | EH33: =EH32-EH31 -> 0 | EI33: =EI32-EI31 -> 0 | EK33: =EK32-EK31 -> 0 | EL33: =EL32-EL31 -> 0 | EN33: =EN32-EN31 -> 0 | EO33: =EO32-EO31 -> 0 | EQ33: =EQ32-EQ31 -> 0 | ER33: =ER32-ER31 -> 0 | ET33: =ET32-ET31 -> 0 | EU33: =EU32-EU31 -> 0 | EW33: =EW32-EW31 -> 0 | EX33: =EX32-EX31 -> 0 | EZ33: =EZ32-EZ31 -> #REF! | FA33: =FA32-FA31 -> #REF! | FC33: =FC32-FC31 -> 0 | FD33: =FD32-FD31 -> 9.094947e-12

Sheet район
A1: Сравнительный анализ исполнения бюджета
A2: Моргаушского муниципального округа на 01.05.2026 г.
C3: 2026 год | F3: 2025 год
A4: КБК | B4: ДОХОДЫ | C4: план (назначено) на год | D4: исполнено на 01.05.2026 г. | E4: % исполнения к плану | F4: исполнено на 01.05.2025г. | G4: % исполнения к уровню прошлого года
B5: НАЛОГОВЫЕ ДОХОДЫ | C5: =C6+C13+C18+C26+C28+C32+C8 -> 411895.42 | D5: =D6+D13+D18+D26+D28+D32+D8 -> 88254.864 | E5: =SUM(D5/C5*100) -> 21.426522 | F5: =F6+F13+F18+F26+F28+F32+F8 -> 102501.74 | G5: =SUM(D5/F5*100) -> 86.100846
A6: 1010000 | B6: НАЛОГИ НА ПРИБЫЛЬ | C6: =C7 -> 299265.1 | D6: =D7 -> 75160.383 | E6: =SUM(D6/C6*100) -> 25.114984 | F6: =F7 -> 62879.745 | G6: =SUM(D6/F6*100) -> 119.53036
A7: 1010200001 | B7: Налог на доходы физических лиц | C7: 299265.1 | D7: 75160.383 | E7: =SUM(D7/C7*100) -> 25.114984 | F7: 62879.745 | G7: =SUM(D7/F7*100) -> 119.53036
A8: 1030000 | B8: Налоги на товары (работы и услуги) реализуемые на территории РФ | C8: =C9+C11+C10 -> 25111.324 | D8: =D9+D11+D10+D12 -> 7507.4776 | E8: =SUM(D8/C8*100) -> 29.896781 | F8: =F9+F11+F10+F12 -> 7459.8475 | G8: =SUM(D8/F8*100) -> 100.63849
A9: 1030223001 | B9: Акцизы на диз. топливо | C9: 12337.169 | D9: 3766.9609 | E9: =SUM(D9/C9*100) -> 30.533431 | F9: 3663.1382 | G9: =SUM(D9/F9*100) -> 102.83426
A10: 1030224001 | B10: Акцизы на моторные масла | C10: 64.182 | D10: 20.89259 | E10: =SUM(D10/C10*100) -> 32.552102 | F10: 21.1667 | G10: =SUM(D10/F10*100) -> 98.704994
A11: 1030225001 | B11: Акцизы на автомобильный бензин | C11: 12709.973 | D11: 4107.7798 | E11: =SUM(D11/C11*100) -> 32.319343 | F11: 4076.7607 | G11: =SUM(D11/F11*100) -> 100.76088
A12: 1030226001 | B12: Акцизы на прямогонный бензин | D12: -388.15572 | E12: =SUM(D12/C12*100) -> #DIV/0! | F12: -301.21815 | G12: =SUM(D12/F12*100) -> 128.862
A13: 1050000 | B13: НАЛОГИ НА СОВОКУПНЫЙ ДОХОД | C13: =SUM(C14:C17) -> 47550 | D13: =SUM(D14:D17) -> -1496.6443 | E13: =SUM(D13/C13*100) -> -3.1475169 | F13: =SUM(F14:F17) -> 25491.373 | G13: =SUM(D13/F13*100) -> -5.8711795
A14: 1050100000 | B14: Упрощенная система налогооблажения | C14: 38866 | D14: 13891.24 | E14: =SUM(D14/C14*100) -> 35.741367 | F14: 19606.517 | G14: =SUM(D14/F14*100) -> 70.850114
A15: 1050200000 | B15: ЕН на вмененный доход | C15: 0
A16: 1050300000 | B16: ЕН с/х предприятий | C16: 4826 | D16: -16412.962 | E16: =SUM(D16/C16*100) -> -340.09454 | F16: 2884.4221 | G16: =SUM(D16/F16*100) -> -569.02081
A17: 1050400002 | B17: Налог, взимаемый в связи с применением патентной системы налогообложения | C17: 3858 | D17: 1025.0784 | E17: =SUM(D17/C17*100) -> 26.570203 | F17: 3000.434 | G17: =SUM(D17/F17*100) -> 34.164338
A18: 1060000 | B18: НАЛОГИ НА ИМУЩЕСТВО | C18: =SUM(C20+C23+C19) -> 31406 | D18: =SUM(D20+D23+D19) -> 4179.7492 | E18: =SUM(D18/C18*100) -> 13.30876 | F18: =SUM(F20+F23+F19) -> 4378.3057 | G18: =SUM(D18/F18*100) -> 95.464993
A19: 1060100000 | B19: Налог на имущество физ.лиц | C19: 10428 | D19: 525.18668 | E19: =SUM(D19/C19*100) -> 5.0363126 | F19: 626.21228 | G19: =SUM(D19/F19*100) -> 83.867196
A20: 1060400000 | B20: Транспортный налог: в том числе | C20: =SUM(C22+C21) -> 3365 | D20: =SUM(D22+D21) -> 124.60386 | E20: =SUM(D20/C20*100) -> 3.7029379 | F20: =SUM(F22+F21) -> 320.55414 | G20: =SUM(D20/F20*100) -> 38.871393
B21: транспортный налог с организаций | C21: 400 | D21: 108.66758 | E21: =SUM(D21/C21*100) -> 27.166895 | F21: 103.6452 | G21: =SUM(D21/F21*100) -> 104.84574
B22: транспортный налог с физ.лиц | C22: 2965 | D22: 15.93628 | E22: =SUM(D22/C22*100) -> 0.53747993 | F22: 216.90894 | G22: =SUM(D22/F22*100) -> 7.3469909
A23: 1060600000 | B23: Земельный налог,в том числе: | C23: =SUM(C24:C25) -> 17613 | D23: =SUM(D24:D25) -> 3529.9587 | E23: =SUM(D23/C23*100) -> 20.04178 | F23: =SUM(F24:F25) -> 3431.5393 | G23: =SUM(D23/F23*100) -> 102.86808
B24: земельный налог с организации | C24: 5559 | D24: 2655.1748 | E24: =SUM(D24/C24*100) -> 47.763532 | F24: 2756.4507 | G24: =SUM(D24/F24*100) -> 96.325857
B25: земельный налог с физ.лиц | C25: 12054 | D25: 874.78391 | E25: =SUM(D25/C25*100) -> 7.2572085 | F25: 675.08855 | G25: =SUM(D25/F25*100) -> 129.58062
A26: 1070000 | B26: НАЛОГИ, СБОРЫ И РЕГУЛЯРНЫЕ ПЛАТЕЖИ ЗА ПОЛЬЗОВАНИЕ ПРИРОДНЫМИ РЕСУРСАМИ | C26: =SUM(C27) -> 505 | D26: =SUM(D27) -> 90.464 | E26: =SUM(D26/C26*100) -> 17.913663 | F26: =SUM(F27) -> 56.69268 | G26: =SUM(D26/F26*100) -> 159.5691
A27: 1070102001 | B27: Налог на добычу общераспространенных полезных ископаемых | C27: 505 | D27: 90.464 | E27: =SUM(D27/C27*100) -> 17.913663 | F27: 56.69268 | G27: =SUM(D27/F27*100) -> 159.5691
A28: 1080000 | B28: ПРОЧИЕ НАЛОГИ, СБОРЫ И ПОШЛИНЫ | C28: =C29+C30+C31 -> 8058 | D28: =D29+D30+D31 -> 2813.4342 | E28: =SUM(D28/C28*100) -> 34.914795 | F28: =F29+F30+F31 -> 2235.7742 | G28: =SUM(D28/F28*100) -> 125.83713
A29: 1080300001 | B29: Государственная пошлина по делам, рассм. в судах | C29: 7958 | D29: 2797.9542 | E29: =SUM(D29/C29*100) -> 35.159012 | F29: 2213.3742 | G29: =SUM(D29/F29*100) -> 126.41126
A30: 1080400001 | B30: Государственная пошлина за соверш.нотар.действ. | C30: 100 | D30: 15.48 | E30: =SUM(D30/C30*100) -> 15.48 | F30: 22.4 | G30: =SUM(D30/F30*100) -> 69.107143
A31: 1080700001 | B31: Государственная пошлина за государственную регистрацию, а также за совершение прочих юридически значимых действий | C31: 0
A32: 109000000 | B32: ЗАДОЛЖЕННОСТЬ И ПЕРЕРАСЧЕТЫ ПО ОТМЕНЕННЫМ НАЛОГАМ И СБОРАМ | C32: =C33+C34+C35+C36 -> 0 | D32: =D33+D34+D35+D36 -> 0 | F32: =F33+F34+F35+F36 -> 0
A33: 1090100000 | B33: Налог на прибыль организаций, зачисл. до 1 янв. 2005г. | C33: 0 | D33: 0 | F33: 0
A34: 1090400000 | B34: Налоги на имущество | C34: 0 | D34: 0 | F34: 0
A35: 1090700000 | B35: Прочие налоги и сборы (по отм.местн. нал. и сборам ) | C35: 0
A36: 1090700000 | B36: Прочие налоги и сборы (по отм. местн. нал. и сборам ) | C36: 0 | D36: 0 | E36: =SUM(D36/C36*100) -> #DIV/0! | F36: 0 | G36: =SUM(D36/F36*100) -> #DIV/0!
B37: НЕНАЛОГОВЫЕ ДОХОДЫ | C37: =C38+C48+C50+C53+C58+C60+C66 -> 59455.936 | D37: =D38+D48+D50+D53+D58+D60+D66 -> 42062.212 | E37: =SUM(D37/C37*100) -> 70.745185 | F37: =F38+F48+F50+F53+F60+F66 -> 36040.539 | G37: =SUM(D37/F37*100) -> 116.70805
A38: 1110000 | B38: ДОХОДЫ ОТ ИСПОЛЬЗОВАНИЯ ИМУЩЕСТВА, НАХОДЯЩЕГОСЯ В ГОСУД. И МУН. СОБСТВ. | C38: =SUM(C39:C47) -> 13340 | D38: =SUM(D39:D47) -> 8596.9211 | E38: =SUM(D38/C38*100) -> 64.444686 | F38: =SUM(F39:F47) -> 5252.9452 | G38: =SUM(D38/F38*100) -> 163.65907
A39: 1110100000 | B39: Доходы в виде прибыли, приходящейся на доли в уставных капиталах | C39: 300 | F39: 358.931
A40: 1110305005 | B40: Проценты, полученные от предос. бюдж. кред | C40: 0
A41: 1110501000 | B41: Арендная плата за землю | C41: 9200 | D41: 4294.8939 | E41: =SUM(D41/C41*100) -> 46.68363 | F41: 3277.186 | G41: =SUM(D41/F41*100) -> 131.05432
A42: 1110502000 | B42: Доходы, получаемые в виде арендной платы за земли после разграничения госуд.собственности на землю | C42: 1800 | D42: 533.37416 | E42: =SUM(D42/C42*100) -> 29.631898 | F42: 939.99934 | G42: =SUM(D42/F42*100) -> 56.741972
A43: 1110503505 | B43: Доходы от сдачи в аренду имущ.наход. | C43: 700 | D43: 144.39724 | E43: =SUM(D43/C43*100) -> 20.628177 | F43: 261.3189 | G43: =SUM(D43/F43*100) -> 55.257098
A44: 1110530000 | B44: Плата по соглашениям об установл.сервитута в отношении земельных участков, наход-ся в госуд. или мун. собст. | C44: 0 | D44: 2625.0649 | F44: 0.0175
A45: 1110701505 | B45: Доходы от муниципальных унитарных предприятий | C45: 10 | D45: 427.131 | F45: 0
A46: 1110903000 | B46: Доходы от эксплуатации имущества | C46: 0
A47: 1110904414 | B47: Прочие поступления от использования имущества | C47: 1330 | D47: 572.05985 | E47: =SUM(D47/C47*100) -> 43.012019 | F47: 415.49242 | G47: =SUM(D47/F47*100) -> 137.68238
A48: 1120000 | B48: ПЛАТЕЖИ ПРИ ПОЛЬЗОВАНИИ ПРИРОДНЫМИ РЕСУРСАМИ | C48: =C49 -> 0 | D48: =D49 -> 0 | E48: =SUM(D48/C48*100) -> #DIV/0! | F48: =F49 -> 1027.6292 | G48: =SUM(D48/F48*100) -> 0
A49: 1120100001 | B49: Плата за негативные воздействия на окружающую среду | C49: 0 | F49: 1027.6292 | G49: =SUM(D49/F49*100) -> 0
A50: 1130000 | B50: ДОХОДЫ ОТ ОКАЗАНИЯ ПЛАТНЫХ УСЛУГ И КОМПЕНСАЦИИ ЗАТРАТ ГОСУДАРСТВА | C50: =C51+C52 -> 1000 | D50: =D51+D52 -> 348.99247 | E50: =SUM(D50/C50*100) -> 34.899247 | F50: =F51+F52 -> 2890.5984 | G50: =SUM(D50/F50*100) -> 12.073364
A51: 1130100000 | B51: Доходы от оказания платных услуг | C51: 0 | F51: 0
A52: 1130200000 | B52: Доходы от компенсации затрат государства | C52: 1000 | D52: 348.99247 | F52: 2890.5984
A53: 1140000 | B53: ДОХОДЫ ОТ ПРОДАЖИ МАТ. И НЕМАТ. АКТИВОВ | C53: =C54+C55+C56 -> 12500 | D53: =D54+D55+D56+D57 -> 2728.8219 | E53: =SUM(D53/C53*100) -> 21.830575 | F53: =SUM(F54:F57) -> 12788.403 | G53: =SUM(D53/F53*100) -> 21.338253
A54: 1140200000 | B54: Доходы от реализации имущества | C54: 2500 | E54: =SUM(D54/C54*100) -> 0 | F54: 470.00188
A55: 1140601000 | B55: Доходы от продажи земельных участков, госуд.соб.на которые не разграничена | C55: 6000 | D55: 2062.942 | E55: =SUM(D55/C55*100) -> 34.382367 | F55: 11378.048 | G55: =SUM(D55/F55*100) -> 18.130896
A56: 1140602000 | B56: Доходы от продажи земельных участков, госуд.соб.на которые разграничена | C56: 4000 | D56: 342.7078 | E56: =SUM(D56/C56*100) -> 8.567695 | F56: 940.35372 | G56: =SUM(D56/F56*100) -> 36.444563
A57: 1140630000 | B57: Плата за увеличение площади земельных участков | D57: 323.17208 | F57: 0
A58: 1150000000 | B58: АДМИНИСТРАТИВНЫЕ ПЛАТЕЖИ И СБОРЫ | C58: =C59 -> 0 | D58: =D59 -> 0 | F58: 0
A59: 1150205005 | B59: Платежи, вымаемые организациями муниципальных районов за выполнение определенных функций | C59: 0 | D59: 0 | F59: 0
A60: 1160000 | B60: ШТРАФЫ, САНКЦИИ, ВОЗМЕЩЕНИЕ УЩЕРБА | C60: =SUM(C61:C65) -> 2500 | D60: =SUM(D61:D65) -> 1590.9241 | E60: =SUM(D60/C60*100) -> 63.636964 | F60: =SUM(F61:F65) -> 842.15868 | G60: =SUM(D60/F60*100) -> 188.91026
A61: 1160100001 | B61: Административные штрафы, установленные КРФ об административных правонарушений | C61: 1241 | D61: 235.12876 | E61: =SUM(D61/C61*100) -> 18.946717 | F61: 596.2865 | G61: =SUM(D61/F61*100) -> 39.432179
A62: 1160700000 | B62: Штафы, неустойки, пени, уплаченные в соотв с законом или договорам в случае неисполнения или ненадлежащего исполн.обязатель. | C62: 1200 | D62: 1095.5454 | E62: =SUM(D62/C62*100) -> 91.295446 | F62: 205.87218 | G62: =SUM(D62/F62*100) -> 532.14832
A63: 1161006000 | B63: Платежи в целях возмещения убытков, причиненных уклонением от заключения мун.контракта | C63: 0 | D63: 0 | F63: 0
A64: 1161012000 | B64: Доходы от д.в. (штрафов),поступ в счет погашения задолж., образ до 1 января 2020 года | D64: 0.25
A65: 1161100001 | B65: Платежи, уплачиваемые в целях возмещения вреда | C65: 59 | D65: 260 | E65: =SUM(D65/C65*100) -> 440.67797 | F65: 40 | G65: =SUM(D65/F65*100) -> 650
A66: 1170000 | B66: ПРОЧИЕ НЕНАЛОГОВЫЕ ДОХОДЫ | C66: =C67+C68 -> 30115.936 | D66: =D67+D68 -> 28796.553 | E66: =SUM(D66/C66*100) -> 95.618985 | F66: =SUM(F67:F68) -> 13238.804 | G66: =SUM(D66/F66*100) -> 217.51626
A67: 1170100000 | B67: Невыясненные поступления | C67: 0 | D67: -325.57806 | F67: 0.6
A68: 1171500000 | B68: Инициативные платежи | C68: 30115.936 | D68: 29122.131 | E68: =SUM(D68/C68*100) -> 96.700067 | F68: 13238.204 | G68: =SUM(D68/F68*100) -> 219.9855
A69: 100000 | B69: ИТОГО СОБСТВЕННЫХ ДОХОДОВ | C69: =SUM(C5,C37) -> 471351.36 | D69: =SUM(D5,D37) -> 130317.08 | E69: =SUM(D69/C69*100) -> 27.647544 | F69: =SUM(F5+F37) -> 138542.28 | G69: =SUM(D69/F69*100) -> 94.063039
A70: 200000 | B70: БЕЗВОЗДМЕЗДНЫЕ ПЕРЕЧИСЛЕНИЯ | C70: =C71+C72+C73+C74+C77+C76 -> 1246602.1 | D70: =D71+D72+D73+D74+D77+D76 -> 362361.17 | E70: =SUM(D70/C70*100) -> 29.067908 | F70: =SUM(F71:F77) -> 303247.78 | G70: =SUM(D70/F70*100) -> 119.49343
A71: 2021000000 | B71: Дотация от бюджетов других уровней | C71: 156366.7 | D71: 65153 | E71: =SUM(D71/C71*100) -> 41.6668 | F71: 49038.8 | G71: =SUM(D71/F71*100) -> 132.8601
A72: 2022000000 | B72: Субсидии бюджетам РФ | C72: 378351.55 | D72: 69231.489 | E72: =SUM(D72/C72*100) -> 18.298191
A73: 2023000000 | B73: Субвенции бюджетам РФ | C73: 650325.26 | D73: 219946.24 | E73: =SUM(D73/C73*100) -> 33.820958 | F73: 72783.391 | G73: =SUM(D73/F73*100) -> 302.19289
A74: 2024000000 | B74: Иные межбюджетные трансферты | C74: 61558.615 | D74: 33625.125 | E74: =SUM(D74/C74*100) -> 54.622939 | F74: 166912.19 | G74: =SUM(D74/F74*100) -> 20.145398
A75: 207000000 | B75: Прочие безвозмездные поступления | F75: 14519.397
A76: 2180500005 | B76: Доходы от возврата остатка субсидий | C76: 0
A77: 2196001005 | B77: Возврат остатков субвенций и субсидий | D77: -25594.683 | F77: -6
B78: ВСЕГО ДОХОДОВ | C78: =C69+C70 -> 1717953.5 | D78: =D69+D70 -> 492678.24 | E78: =SUM(D78/C78*100) -> 28.678206 | F78: =F69+F70 -> 441790.05 | G78: =SUM(D78/F78*100) -> 111.51864
B79: (Дефицит -) профицит | C79: =C78-C193 -> -112856.04 | D79: =D78-D193 -> 7109.6092 | E79: =E78-E193 -> 2.1561335 | F79: =F78-F193 -> 53560.985
A81: Раздел, подраздел | B81: РАСХОДЫ | C81: план (назначено) на год | D81: исполнено на 01.05.2026 г. | E81: % исполнения к плану | F81: исполнено на 01.05.2025г. | G81: % исполнения к уровню прошлого года
A82: 0100 | B82: ОБЩЕГОСУДАРСТВЕННЫЕ ВОПРОСЫ | C82: =SUM(C83+C84+C85+C86+C87+C88+C89) -> 196851.11 | D82: =SUM(D83:D89) -> 50255.474 | E82: =SUM(D82/C82*100) -> 25.529688 | F82: =SUM(F83:F89) -> 41633.223 | G82: =SUM(D82/F82*100) -> 120.71003
A83: 0103 | B83: Функционирование представительных органов муниципальных образований | C83: 50 | D83: 14.076 | E83: =SUM(D83/C83*100) -> 28.152 | F83: 2.71914
A84: 0104 | B84: Функционирование местных администраций | C84: 87957.878 | D84: 25703.61 | E84: =SUM(D84/C84*100) -> 29.222636 | F84: 24128.368 | G84: =SUM(D84/F84*100) -> 106.52859
A85: 0105 | B85: Судебная система | C85: 110.9 | D85: 0 | E85: =SUM(D85/C85*100) -> 0 | F85: 0
A86: 0106 | B86: Обеспечение деятельности финансовых, налоговых и таможенных органов и органов финансового надзора | C86: 8621.14 | D86: 2687.1783 | E86: =SUM(D86/C86*100) -> 31.16964 | F86: 2447.5719 | G86: =SUM(D86/F86*100) -> 109.78956
A87: 0107 | B87: Выборы
A88: 0111 | B88: Резервные фонды | C88: 37557.918 | D88: 0 | E88: =SUM(D88/C88*100) -> 0
A89: 0113 | B89: Другие общегосударственные вопросы | C89: 62553.279 | D89: 21850.61 | E89: =SUM(D89/C89*100) -> 34.931199 | F89: 15054.565 | G89: =SUM(D89/F89*100) -> 145.14276
A90: А44 | B90: Проведение комплексных кадастровых работ на территории Чувашской Республики | C90: 364.64 | D90: 0 | E90: =SUM(D90/C90*100) -> 0 | F90: 0
A91: Ч54 | B91: Обеспечение деятельности (оказание услуг) муниципальных учреждений | C91: 28808.2 | D91: 12000 | E91: =SUM(D91/C91*100) -> 41.654807 | F91: 9500 | G91: =SUM(D91/F91*100) -> 126.31579
A92: 0200 | B92: НАЦИОНАЛЬНАЯ ОБОРОНА | C92: =C93 -> 3475.7 | D92: =SUM(D93) -> 1005.736 | E92: =SUM(D92/C92*100) -> 28.936213 | F92: =F93 -> 461.13592 | G92: =SUM(D92/F92*100) -> 218.09968
A93: 0203 | B93: Мобилизационная и вневоинская подготовка | C93: 3475.7 | D93: 1005.736 | E93: =SUM(D93/C93*100) -> 28.936213 | F93: 461.13592 | G93: =SUM(D93/F93*100) -> 218.09968
A94: 0300 | B94: НАЦИОНАЛЬНАЯ БЕЗОПАСНОСТЬ | C94: =SUM(C95:C98) -> 14619.282 | D94: =SUM(D95:D98) -> 2768.8871 | E94: =SUM(D94/C94*100) -> 18.939966 | F94: =SUM(F95:F98) -> 2061.3832 | G94: =SUM(D94/F94*100) -> 134.3218
A95: 0304 | B95: Органы юстиции | C95: 1985.6 | D95: 579.02723 | E95: =SUM(D95/C95*100) -> 29.161323 | F95: 451.01218 | G95: =SUM(D95/F95*100) -> 128.38395
A96: 0309 | B96: Защита населения и территории от последствий ЧС | C96: 5595.1 | D96: 1692.2297 | E96: =SUM(D96/C96*100) -> 30.244852 | F96: 1393.078 | G96: =SUM(D96/F96*100) -> 121.47416
A97: 0310 | B97: Обеспечение пожарной безопасности | C97: 5552.582 | D97: 287.20545 | E97: =SUM(D97/C97*100) -> 5.1724666 | F97: 91.94 | G97: =SUM(D97/F97*100) -> 312.38357
A98: 0314 | B98: Другие вопросы в области национальной безопасности | C98: 1486 | D98: 210.42467 | E98: =SUM(D98/C98*100) -> 14.160476 | F98: 125.35304 | G98: =SUM(D98/F98*100) -> 167.86563
A99: 0400 | B99: НАЦИОНАЛЬНАЯ ЭКОНОМИКА | C99: =SUM(C100+C102+C106+C107+C115) -> 243862.35 | D99: =SUM(D100+D102+D106+D107+D115) -> 51304.748 | E99: =SUM(D99/C99*100) -> 21.038405 | F99: =SUM(F100+F102+F106+F107+F115) -> 21922.816 | G99: =SUM(D99/F99*100) -> 234.02444
A100: 0401 | B100: Общеэкономические вопросы | C100: 500 | D100: 203.75 | E100: =SUM(D100/C100*100) -> 40.75 | F100: 147 | G100: =SUM(D100/F100*100) -> 138.60544
A101: Ц64 | B101: Организация временного трудоустройства несовершеннолетних граждан в возрасте от 14 до 18 лет в свободное от учебы время | C101: 500 | D101: 203.75 | E101: =SUM(D101/C101*100) -> 40.75 | F101: 147 | G101: =SUM(D101/F101*100) -> 138.60544
...

Sheet Лист5

Sheet Але
A1: Анализ исполнения бюджета Александровского сельского поселения на 01.01.2023 г.
A3: Коды бюджетной классификации РФ | B3: Наименование доходов | C3: назначено на 2022 г. | D3: исполнено на 01.01.2023 г. | E3: % испол. | F3: отклон.
B4: НАЛОГОВЫЕ ДОХОДЫ | C4: =C5+C7+C12+C14+C17+C20 -> 613.77 | D4: =D5+D12+D14+D17+D20+D7 -> 633.27001 | E4: =SUM(D4/C4*100) -> 103.17709 | F4: =SUM(D4-C4) -> 19.50001
A5: 1010000000 | B5: НАЛОГИ НА ПРИБЫЛЬ | C5: =C6 -> 81 | D5: =D6 -> 81.83063 | E5: =SUM(D5/C5*100) -> 101.02547 | F5: =SUM(D5-C5) -> 0.83063
A6: 1010200001 | B6: Налог на доходы физических лиц | C6: 81 | D6: 81.83063 | E6: =SUM(D6/C6*100) -> 101.02547 | F6: =SUM(D6-C6) -> 0.83063
A7: 1030000000 | B7: Налоги на товары (работы и услуги) реализуемые на территории РФ | C7: =C8+C10+C9 -> 286.77 | D7: =D8+D10+D9+D11 -> 339.03285 | E7: =SUM(D7/C7*100) -> 118.22466 | F7: =SUM(D7-C7) -> 52.26285
A8: 1030223001 | B8: Акцизы на диз. топливо | C8: 106.965 | D8: 169.95956 | E8: =SUM(D8/C8*100) -> 158.89268 | F8: =SUM(D8-C8) -> 62.99456
A9: 1030224001 | B9: Акциз на моторные масла | C9: 1.147 | D9: 0.91805 | E9: =SUM(D9/C9*100) -> 80.039233 | F9: =SUM(D9-C9) -> -0.22895
A10: 1030225001 | B10: Акцизы на автомобильный бензин | C10: 178.658 | D10: 187.65454 | E10: =SUM(D10/C10*100) -> 105.03562 | F10: =SUM(D10-C10) -> 8.99654
A11: 1030226001 | B11: Акциза на прямогонный бензин | C11: 0 | D11: -19.4993 | E11: =SUM(D11/C11*100) -> #DIV/0! | F11: =SUM(D11-C11) -> -19.4993
A12: 1050000000 | B12: НАЛОГИ НА СОВОКУПНЫЙ ДОХОД | C12: =C13 -> 10 | D12: =D13 -> 0 | E12: =SUM(D12/C12*100) -> 0 | F12: =SUM(D12-C12) -> -10
A13: 1050300000 | B13: ЕН с/х предприятий | C13: 10 | D13: 0 | E13: =SUM(D13/C13*100) -> 0 | F13: =SUM(D13-C13) -> -10
A14: 1060000000 | B14: НАЛОГИ НА ИМУЩЕСТВО | C14: =C15+C16 -> 233 | D14: =D15+D16 -> 211.30653 | E14: =SUM(D14/C14*100) -> 90.689498 | F14: =SUM(D14-C14) -> -21.69347
A15: 1060100000 | B15: Налог на имущество физ.лиц | C15: 86 | D15: 68.34394 | E15: =SUM(D15/C15*100) -> 79.469698 | F15: =SUM(D15-C15) -> -17.65606
A16: 1060600000 | B16: Земельный налог | C16: 147 | D16: 142.96259 | E16: =SUM(D16/C16*100) -> 97.253463 | F16: =SUM(D16-C16) -> -4.03741
A17: 1080000000 | B17: ПРОЧИЕ НАЛОГИ, СБОРЫ И ПОШЛИНЫ | C17: =C18 -> 3 | D17: =D18 -> 1.1 | E17: =SUM(D17/C17*100) -> 36.666667 | F17: =SUM(D17-C17) -> -1.9
A18: 1080402001 | B18: Государственная пошлина за соверш.нотар.действ. | C18: 3 | D18: 1.1 | E18: =SUM(D18/C18*100) -> 36.666667 | F18: =SUM(D18-C18) -> -1.9
A19: 1080714001 | B19: Государственная пошлина за государственную регистрацию, а также за совершение прочих юридически значимых действий | E19: =SUM(D19/C19*100) -> #DIV/0! | F19: =SUM(D19-C19) -> 0
A20: 1090000000 | B20: ЗАДОЛЖЕННОСТЬ И ПЕРЕРАСЧЕТЫ ПО ОТМЕНЕННЫМ НАЛОГАМ И СБОРАМ | C20: 0 | D20: =D21+D22+D23+D24 -> 0 | E20: =SUM(D20/C20*100) -> #DIV/0! | F20: =SUM(D20-C20) -> 0
A21: 1090100000 | B21: Налог на прибыль организаций, зачисл. до 1 янв. 2005г. | E21: =SUM(D21/C21*100) -> #DIV/0! | F21: =SUM(D21-C21) -> 0
A22: 1090400000 | B22: Налоги на иммущество | C22: 0 | D22: 0 | E22: =SUM(D22/C22*100) -> #DIV/0! | F22: =SUM(D22-C22) -> 0
A23: 1090600000 | B23: Прочие налоги и сборы (по отм. нал. и сборам РФ) | E23: =SUM(D23/C23*100) -> #DIV/0! | F23: =SUM(D23-C23) -> 0
A24: 1090700000 | B24: Прочие налоги и сборы (по отм. местн. нал. и сборам ) | E24: =SUM(D24/C24*100) -> #DIV/0! | F24: =SUM(D24-C24) -> 0
B25: НЕНАЛОГОВЫЕ ДОХОДЫ | C25: =C26+C31+C34+C29 -> 484.851 | D25: =D26+D31+D34+D29 -> 495.57824 | E25: =SUM(D25/C25*100) -> 102.21248 | F25: =SUM(D25-C25) -> 10.72724
A26: 1110000000 | B26: ДОХОДЫ ОТ ИСПОЛЬЗОВАНИЯ ИМУЩЕСТВА, НАХОДЯЩЕГОСЯ В ГОСУД. И МУН. СОБСТВ. | C26: =C27+C28 -> 50 | D26: =D27+D28 -> 54.28468 | E26: =SUM(D26/C26*100) -> 108.56936 | F26: =SUM(D26-C26) -> 4.28468
A27: 1110502000 | B27: Арендная плата за землю | C27: 50 | D27: 54.28468 | E27: =SUM(D27/C27*100) -> 108.56936 | F27: =SUM(D27-C27) -> 4.28468
A28: 1110503505 | B28: Доходы от сдачи в аренду имущ.наход. | C28: 0 | D28: 0 | E28: =SUM(D28/C28*100) -> #DIV/0! | F28: =SUM(D28-C28) -> 0
A29: 1130000000 | B29: ДОХОДЫ ОТ ОКАЗАНИЯ ПЛАТНЫХ УСЛУГ И КОМПЕНСАЦИИ ЗАТРАТ ГОСУДАРСТВА | C29: =C30 -> 0 | D29: =D30 -> 0.35256 | E29: =SUM(D29/C29*100) -> #DIV/0! | F29: =SUM(D29-C29) -> 0.35256
A30: 1130200000 | B30: Доходы от компенсации затрат государства | C30: 0 | D30: 0.35256 | E30: =SUM(D30/C30*100) -> #DIV/0! | F30: =SUM(D30-C30) -> 0.35256
A31: 1140000000 | B31: ДОХОДЫ ОТ ПРОДАЖИ МАТ. И НЕМАТ. АКТИВОВ | C31: =C33+C32 -> 0 | D31: =D32+D33 -> 0 | E31: =SUM(D31/C31*100) -> #DIV/0! | F31: =SUM(D31-C31) -> 0
A32: 1140200000 | B32: Доходы от реализации имущества | C32: 0 | D32: 0 | E32: =SUM(D32/C32*100) -> #DIV/0! | F32: =SUM(D32-C32) -> 0
A33: 1140600000 | B33: Доходы от продажи земли | C33: 0 | D33: 0 | E33: =SUM(D33/C33*100) -> #DIV/0! | F33: =SUM(D33-C33) -> 0
A34: 1170000000 | B34: ПРОЧИЕ НЕНАЛОГОВЫЕ ДОХОДЫ | C34: =SUM(C36) -> 434.851 | D34: =D35+D36 -> 440.941 | E34: =SUM(D34/C34*100) -> 101.40048 | F34: =SUM(D34-C34) -> 6.09
A35: 1170105005 | B35: Невыясненные поступления | C35: 0 | D35: 0 | E35: =SUM(D35/C35*100) -> #DIV/0! | F35: =SUM(D35-C35) -> 0
A36: 1171503010 | B36: Инициативные платежи, зачисляемые в бюджеты сельских поселений | C36: 434.851 | D36: 440.941 | E36: =SUM(D36/C36*100) -> 101.40048 | F36: =SUM(D36-C36) -> 6.09
A37: 1000000000 | B37: ИТОГО СОБСТВЕННЫХ ДОХОДОВ | C37: =C25+C4 -> 1098.621 | D37: =SUM(D4,D25) -> 1128.8483 | E37: =SUM(D37/C37*100) -> 102.75138 | F37: =SUM(D37-C37) -> 30.22725
A38: 2000000000 | B38: БЕЗВОЗДМЕЗДНЫЕ ПЕРЕЧИСЛЕНИЯ | C38: =C39+C40+C41+C42+C43+C44 -> 6035.0293 | D38: =D39+D40+D41+D42+D43+D45+D44 -> 6035.0293 | E38: =SUM(D38/C38*100) -> 100 | F38: =SUM(D38-C38) -> 0
A39: 2021000000 | B39: Дотация от бюджетов других уровней | C39: 1839.6 | D39: 1839.6 | E39: =SUM(D39/C39*100) -> 100 | F39: =SUM(D39-C39) -> 0
A40: 2021500200 | B40: Сбалансированность | C40: 0 | D40: 0 | E40: =SUM(D40/C40*100) -> #DIV/0! | F40: =SUM(D40-C40) -> 0
A41: 2022000000 | B41: Субсидии бюджетам РФ | C41: 2800.9645 | D41: 2800.9645 | E41: =SUM(D41/C41*100) -> 100 | F41: =SUM(D41-C41) -> 0
A42: 2023000000 | B42: Субвенции бюджетам РФ | C42: 108.54453 | D42: 108.54453 | E42: =SUM(D42/C42*100) -> 100 | F42: =SUM(D42-C42) -> 0
A43: 2070500010 | B43: Прочие безвозмездные поступления | C43: 0 | E43: =SUM(D43/C43*100) -> #DIV/0! | F43: =SUM(D43-C43) -> 0
A44: 2024000000 | B44: Иные межбюджетные трансферты | C44: 1285.9202 | D44: 1285.9202 | E44: =SUM(D44/C44*100) -> 100 | F44: =SUM(D44-C44) -> 0
A45: 2190000010 | B45: Возврат остатков субвенций и субсидий | C45: 0 | D45: 0 | E45: =SUM(D45/C45*100) -> #DIV/0! | F45: =SUM(D45-C45) -> 0
A46: 3000000000 | B46: ДОХОДЫ ОТ ПРЕДПРИНИМАТЕЛЬСКОЙ И ИНОЙ ПРИН. | C46: 0 | D46: 0 | E46: =SUM(D46/C46*100) -> #DIV/0! | F46: =SUM(D46-C46) -> 0
B47: ВСЕГО ДОХОДОВ | C47: =C37+C38 -> 7133.6503 | D47: =D37+D38 -> 7163.8775 | E47: =SUM(D47/C47*100) -> 100.42373 | F47: =SUM(D47-C47) -> 30.22725
B48: (Дефицит -) профицит | C48: =C47-C94 -> -761.56396 | D48: =D47-D94 -> -548.79468
A50: Коды бюджетной классификации РФ | B50: Наименование расходов | C50: назначено на 2022 г. | D50: исполнено на 01.01.2023 г. | E50: % испол. | F50: отклон.
A51: 1 | B51: 2 | C51: 3 | D51: 4 | E51: 5 | F51: 6
A52: 0100 | B52: ОБЩЕГОСУДАРСТВЕННЫЕ ВОПРОСЫ | C52: =C54+C57+C58+C59 -> 1412.8372 | D52: =D54+D57+D58+D59 -> 1397.4266 | E52: =SUM(D52/C52*100) -> 98.909249 | F52: =SUM(D52-C52) -> -15.41054
A53: 0103 | B53: Функционирование представительных органов муниципальных образований
A54: 0104 | B54: Функционирование местных администраций | C54: 1409.1872 | D54: 1394.7766 | E54: =SUM(D54/C54*100) -> 98.977386 | F54: =SUM(D54-C54) -> -14.41054
A55: 0105 | B55: Судебная система | F55: =SUM(D55-C55) -> 0
A56: 0106 | B56: Обеспечение деятельности финансовых, налоговых и таможенных органов и органов финансового надзора | E56: =SUM(D56/C56*100) -> #DIV/0! | F56: =SUM(D56-C56) -> 0
A57: 0107 | B57: Выборы | C57: 0 | D57: 0 | E57: =SUM(D57/C57*100) -> #DIV/0! | F57: =SUM(D57-C57) -> 0
A58: 0111 | B58: Резервные фонды | C58: 1 | D58: 0 | E58: =SUM(D58/C58*100) -> 0 | F58: =SUM(D58-C58) -> -1
A59: 0113 | B59: Другие общегосударственные вопросы | C59: 2.65 | D59: 2.65 | E59: =SUM(D59/C59*100) -> 100 | F59: =SUM(D59-C59) -> 0
A60: 0200 | B60: НАЦИОНАЛЬНАЯ ОБОРОНА | C60: =C61 -> 108.54453 | D60: =D61 -> 108.54453 | E60: =SUM(D60/C60*100) -> 100 | F60: =SUM(D60-C60) -> 0
A61: 0203 | B61: Мобилизационная и вневоинская подготовка | C61: 108.54453 | D61: 108.54453 | E61: =SUM(D61/C61*100) -> 100 | F61: =SUM(D61-C61) -> 0
A62: 0300 | B62: НАЦИОНАЛЬНАЯ БЕЗОПАСНОСТЬ | C62: =C65+C66+C67 -> 18 | D62: =D65+D66+D67 -> 17.32196 | E62: =SUM(D62/C62*100) -> 96.233111 | F62: =SUM(D62-C62) -> -0.67804
A63: 0302 | B63: Органы внутренних дел | E63: =SUM(D63/C63*100) -> #DIV/0! | F63: =SUM(D63-C63) -> 0
A64: 0304 | B64: Органы юсиции | E64: =SUM(D64/C64*100) -> #DIV/0! | F64: =SUM(D64-C64) -> 0
A65: 0309 | B65: Защита населения и территории от последствий ЧС | C65: 3 | D65: 2.83134 | E65: =SUM(D65/C65*100) -> 94.378 | F65: =SUM(D65-C65) -> -0.16866
A66: 0310 | B66: Обеспечение пожарной безопасности | C66: 13 | D66: 12.49062 | E66: =SUM(D66/C66*100) -> 96.081692 | F66: =SUM(D66-C66) -> -0.50938
A67: 0314 | B67: Другие вопросы в облости национальной безопасности | C67: 2 | D67: 2
A68: 0400 | B68: НАЦИОНАЛЬНАЯ ЭКОНОМИКА | C68: =C71+C72+C69+C70 -> 851.65996 | D68: =D71+D72+D69+D70 -> 760.8612 | E68: =SUM(D68/C68*100) -> 89.338614 | F68: =SUM(D68-C68) -> -90.79876
A69: 0405 | B69: Сельское хозяйство | C69: 0 | D69: 0 | E69: =SUM(D69/C69*100) -> #DIV/0! | F69: =SUM(D69-C69) -> 0
A70: 0406 | B70: Водные ресурсы | C70: 0 | D70: 0 | E70: =SUM(D70/C70*100) -> #DIV/0! | F70: =SUM(D70-C70) -> 0
A71: 0409 | B71: Дорожное хозяйство | C71: 851.65996 | D71: 760.8612 | E71: =SUM(D71/C71*100) -> 89.338614 | F71: =SUM(D71-C71) -> -90.79876
A72: 0412 | B72: Другие вопросы в области национальной экономики | C72: 0 | D72: 0 | E72: =SUM(D72/C72*100) -> #DIV/0! | F72: =SUM(D72-C72) -> 0
A73: 0500 | B73: ЖИЛИЩНО-КОММУНАЛЬНОЕ ХОЗЯЙСТВО | C73: =C76+C75 -> 5212.0376 | D73: =D76+D75 -> 5136.3829 | E73: =SUM(D73/C73*100) -> 98.548462 | F73: =SUM(D73-C73) -> -75.65469
A74: 0501 | B74: Жилищное хозяйство | E74: =SUM(D74/C74*100) -> #DIV/0! | F74: =SUM(D74-C74) -> 0
A75: 0502 | B75: Коммунальное хозяйство | C75: 5047.4631 | D75: 4990.4379 | E75: =SUM(D75/C75*100) -> 98.87022 | F75: =SUM(D75-C75) -> -57.02525
A76: 0503 | B76: Благоустройство | C76: 164.57442 | D76: 145.94498 | E76: =SUM(D76/C76*100) -> 88.680234 | F76: =SUM(D76-C76) -> -18.62944
A77: 0800 | B77: КУЛЬТУРА И КИНЕМАТОГРАФИЯ | C77: =C78 -> 286.6 | D77: =D78 -> 286.6 | E77: =SUM(D77/C77*100) -> 100 | F77: =SUM(D77-C77) -> 0
A78: 0801 | B78: Культура | C78: 286.6 | D78: 286.6 | E78: =SUM(D78/C78*100) -> 100 | F78: =SUM(D78-C78) -> 0
A79: 1000 | B79: СОЦИАЛЬНАЯ ПОЛИТИКА | E79: =SUM(D79/C79*100) -> #DIV/0! | F79: =SUM(D79-C79) -> 0
A80: 1001 | B80: Пенсионное обеспечение | E80: =SUM(D80/C80*100) -> #DIV/0! | F80: =SUM(D80-C80) -> 0
A81: 1003 | B81: Социальное обеспечение населения | E81: =SUM(D81/C81*100) -> #DIV/0! | F81: =SUM(D81-C81) -> 0
A82: 1004 | B82: Охрана семьи и детства | E82: =SUM(D82/C82*100) -> #DIV/0! | F82: =SUM(D82-C82) -> 0
A83: 1006 | B83: Другие вопросы в области социальной политики | F83: =SUM(D83-C83) -> 0
A84: 1100 | B84: ФИЗИЧЕСКАЯ КУЛЬТУРА И СПОРТ | C84: =C85 -> 5.535 | D84: =D85 -> 5.535 | E84: =SUM(D84/C84*100) -> 100 | F84: =F85+F86+F87+F88+F89 -> 0
A85: 1101 | B85: Физическая культура | C85: 5.535 | D85: 5.535 | E85: 0 | F85: =SUM(D85-C85) -> 0
A86: 1102 | B86: Массовый спорт | E86: =SUM(D86/C86*100) -> #DIV/0! | F86: =SUM(D86-C86) -> 0
A87: 1103 | B87: Спорт высших достижений | E87: =SUM(D87/C87*100) -> #DIV/0!
A88: 1104 | B88: Прикладные научные исследования в области физической культуры и спорта | E88: =SUM(D88/C88*100) -> #DIV/0!
A89: 1105 | B89: Другие вопросы в области физическая культуры и спорта | E89: =SUM(D89/C89*100) -> #DIV/0!
A90: 1400 | B90: МЕЖБЮДЖЕТНЫЕ ТРАНСФЕРТЫ | C90: 0 | D90: =SUM(D91:D93) -> 0 | E90: =SUM(D90/C90*100) -> #DIV/0! | F90: =SUM(D90-C90) -> 0
A91: 1401 | B91: Дотации на выравнивание бюджетной обеспеченности | E91: =SUM(D91/C91*100) -> #DIV/0! | F91: =SUM(D91-C91) -> 0
A92: 1402 | B92: Иные дотации | E92: =SUM(D92/C92*100) -> #DIV/0! | F92: =SUM(D92-C92) -> 0
A93: 1403 | B93: Прочие межбюджетные трансферты | E93: =SUM(D93/C93*100) -> #DIV/0! | F93: =SUM(D93-C93) -> 0
B94: Итого расходов | C94: =C52+C60+C62+C68+C73+C77+C84 -> 7895.2142 | D94: =D52+D60+D62+D68+D73+D77+D79+D84+D90 -> 7712.6722 | E94: =SUM(D94/C94*100) -> 97.687941 | F94: =SUM(D94-C94) -> -182.54203
A96: Начальник финансового отдела
A97: администрации Моргаушского района | C97: Ананьева Р.И.

Sheet Сун
A1: Анализ исполнения бюджета Большесундырского сельского поселения на 01.01.2023 г.
A3: Коды бюджетной классификации РФ | B3: Наименование доходов | C3: назначено на 2022 г. | D3: исполнено на 01.01.2023 г. | E3: % испол. | F3: отклон.
B4: НАЛОГОВЫЕ ДОХОДЫ | C4: =C5+C12+C14+C17+C7 -> 3692.4 | D4: =D5+D12+D14+D17+D7 -> 4985.6887 | E4: =SUM(D4/C4*100) -> 135.02569 | F4: =SUM(D4-C4) -> 1293.2887
A5: 1010000000 | B5: НАЛОГИ НА ПРИБЫЛЬ | C5: =C6 -> 396 | D5: =D6 -> 1142.7193 | E5: =SUM(D5/C5*100) -> 288.56547 | F5: =SUM(D5-C5) -> 746.71928
A6: 1010200001 | B6: Налог на доходы физических лиц | C6: 396 | D6: 1142.7193 | E6: =SUM(D6/C6*100) -> 288.56547 | F6: =SUM(D6-C6) -> 746.71928
A7: 1030000000 | B7: Налоги на товары (работы и услуги) реализуемые на территории РФ | C7: =C8+C10+C9 -> 823.4 | D7: =D8+D10+D9+D11 -> 973.46063 | E7: =SUM(D7/C7*100) -> 118.22451 | F7: =SUM(D7-C7) -> 150.06063
A8: 1030223001 | B8: Акцизы на диз. топливо | C8: 307.128 | D8: 488.0027 | E8: =SUM(D8/C8*100) -> 158.89229 | F8: =SUM(D8-C8) -> 180.8747
A9: 1030224001 | B9: Акцизы на моторные масла | C9: 3.294 | D9: 2.63592 | E9: =SUM(D9/C9*100) -> 80.021858 | F9: =SUM(D9-C9) -> -0.65808
A10: 1030225001 | B10: Акцизы на автомобильный бензин | C10: 512.978 | D10: 538.81008 | E10: =SUM(D10/C10*100) -> 105.03571 | F10: =SUM(D10-C10) -> 25.83208
A11: 1030226001 | B11: Акцизы на прямогонный бензин | C11: 0 | D11: -55.98807 | E11: =SUM(D11/C11*100) -> #DIV/0! | F11: =SUM(D11-C11) -> -55.98807
A12: 1050000000 | B12: НАЛОГИ НА СОВОКУПНЫЙ ДОХОД | C12: =SUM(C13:C13) -> 45 | D12: =SUM(D13:D13) -> 42.50697 | E12: =SUM(D12/C12*100) -> 94.459933 | F12: =SUM(D12-C12) -> -2.49303
A13: 1050300000 | B13: ЕН с/х предприятий | C13: 45 | D13: 42.50697 | E13: =SUM(D13/C13*100) -> 94.459933 | F13: =SUM(D13-C13) -> -2.49303
A14: 1060000000 | B14: НАЛОГИ НА ИМУЩЕСТВО | C14: =C15+C16 -> 2418 | D14: =D15+D16 -> 2818.8319 | E14: =SUM(D14/C14*100) -> 116.577 | F14: =SUM(D14-C14) -> 400.83186
A15: 1060100000 | B15: Налог на имущество физ.лиц | C15: 1023 | D15: 1140.8602 | E15: =SUM(D15/C15*100) -> 111.52103 | F15: =SUM(D15-C15) -> 117.86017
A16: 1060600000 | B16: Земельный налог | C16: 1395 | D16: 1677.9717 | E16: =SUM(D16/C16*100) -> 120.28471 | F16: =SUM(D16-C16) -> 282.97169
A17: 1080000000 | B17: ПРОЧИЕ НАЛОГИ, СБОРЫ И ПОШЛИНЫ | C17: =C18 -> 10 | D17: =D18 -> 8.17 | E17: =SUM(D17/C17*100) -> 81.7 | F17: =SUM(D17-C17) -> -1.83
A18: 1080400001 | B18: Государственная пошлина за соверш.нотар.действ. | C18: 10 | D18: 8.17 | E18: =SUM(D18/C18*100) -> 81.7 | F18: =SUM(D18-C18) -> -1.83
A19: 1080714001 | B19: Государственная пошлина за государственную регистрацию, а также за совершение прочих юридически значимых действий | E19: =SUM(D19/C19*100) -> #DIV/0! | F19: =SUM(D19-C19) -> 0
A20: 1090000000 | B20: ЗАДОЛЖЕННОСТЬ И ПЕРЕРАСЧЕТЫ ПО ОТМЕНЕННЫМ НАЛОГАМ И СБОРАМ | C20: =C21+C22+C23+C24 -> 0 | D20: =D21+D22+D23+D24 -> 0 | E20: =SUM(D20/C20*100) -> #DIV/0! | F20: =SUM(D20-C20) -> 0
A21: 1090100000 | B21: Налог на прибыль организаций, зачисл. до 1 янв. 2005г. | E21: =SUM(D21/C21*100) -> #DIV/0! | F21: =SUM(D21-C21) -> 0
A22: 1090400000 | B22: Налоги на иммущество | E22: =SUM(D22/C22*100) -> #DIV/0! | F22: =SUM(D22-C22) -> 0
A23: 1090600000 | B23: Прочие налоги и сборы (по отм. нал. и сборам РФ) | E23: =SUM(D23/C23*100) -> #DIV/0! | F23: =SUM(D23-C23) -> 0
A24: 1090700000 | B24: Прочие налоги и сборы (по отм. местн. нал. и сборам ) | E24: =SUM(D24/C24*100) -> #DIV/0! | F24: =SUM(D24-C24) -> 0
B25: НЕНАЛОГОВЫЕ ДОХОДЫ | C25: =C26+C30+C33+C38+C36 -> 280 | D25: =D26+D30+D33+D36+D38 -> 1700.5372 | E25: =SUM(D25/C25*100) -> 607.3347 | F25: =SUM(D25-C25) -> 1420.5372
A26: 1110000000 | B26: ДОХОДЫ ОТ ИСПОЛЬЗОВАНИЯ ИМУЩЕСТВА, НАХОДЯЩЕГОСЯ В ГОСУД. И МУН. СОБСТВ. | C26: =C28+C29 -> 250 | D26: =D28+D29 -> 258.503 | E26: =SUM(D26/C26*100) -> 103.4012 | F26: =SUM(D26-C26) -> 8.503
A27: 1110502501 | B27: Арендная плата за землю | C27: 0 | D27: 0 | E27: =SUM(D27/C27*100) -> #DIV/0! | F27: =SUM(D27-C27) -> 0
A28: 1110502510 | B28: Арендная плата за землю после разграничения | C28: 200 | D28: 221 | E28: =SUM(D28/C28*100) -> 110.5 | F28: =SUM(D28-C28) -> 21
A29: 1110503000 | B29: Доходы от сдачи в аренду имущ.наход. | C29: 50 | D29: 37.503 | E29: =SUM(D29/C29*100) -> 75.006 | F29: =SUM(D29-C29) -> -12.497
A30: 1130000000 | B30: ДОХОДЫ ОТ ОКАЗАНИЯ ПЛАТНЫХ УСЛУГ И КОМПЕНСАЦИИ ЗАТРАТ ГОСУДАРСТВА | C30: =C31 -> 30 | D30: =D31+D32 -> 165.45399 | E30: =SUM(D30/C30*100) -> 551.5133 | F30: =SUM(D30-C30) -> 135.45399
A31: 1130206510 | B31: Доходы, поступившие в порядке возмещения расходов, понесенных в связи с эксплуат.имущества с/п | C31: 30 | D31: 145.78618 | E31: =SUM(D31/C31*100) -> 485.95393 | F31: =SUM(D31-C31) -> 115.78618
A32: 1130299000 | B32: Прочие доходы от компенсации затрат государства | D32: 19.66781
A33: 1140000000 | B33: ДОХОДЫ ОТ ПРОДАЖИ МАТ. И НЕМАТ. АКТИВОВ | C33: =C34+C35 -> 0 | D33: =D34+D35 -> 1132.147 | E33: =SUM(D33/C33*100) -> #DIV/0! | F33: =SUM(D33-C33) -> 1132.147
A34: 1140200000 | B34: Доходы от реализации имущества | C34: 0 | D34: 562.147 | E34: =SUM(D34/C34*100) -> #DIV/0! | F34: =SUM(D34-C34) -> 562.147
A35: 1140600000 | B35: Доходы от продажи земли | C35: 0 | D35: 570 | E35: =SUM(D35/C35*100) -> #DIV/0! | F35: =SUM(D35-C35) -> 570
A36: 1160000000 | B36: ШТРАФЫ, САНКЦИИ, ВОЗМЕЩЕНИЕ УЩЕРБА | C36: =C37 -> 0 | D36: =D37 -> 144.43317 | E36: =SUM(D36/C36*100) -> #DIV/0! | F36: =SUM(D36-C36) -> 144.43317
A37: 1160701010 | B37: Штрафы,неустойки,пени,уплаченные в случае просрочки исполнения поставщикам обязательств, предусмотренных муниципальным контрактам, заключенным муниципальным органом,казенным учреждением сельского поселения | C37: 0 | D37: 144.43317 | E37: =SUM(D37/C37*100) -> #DIV/0! | F37: =SUM(D37-C37) -> 144.43317
A38: 1170000000 | B38: ПРОЧИЕ НЕНАЛОГОВЫЕ ДОХОДЫ | C38: =C39+C40 -> 0 | D38: =D39+D40 -> 0 | E38: =SUM(D38/C38*100) -> #DIV/0! | F38: =SUM(D38-C38) -> 0
A39: 1170105005 | B39: Невыясненные поступления | C39: 0 | D39: 0 | E39: =SUM(D39/C39*100) -> #DIV/0! | F39: =SUM(D39-C39) -> 0
A40: 1170505005 | B40: Прочие неналоговые доходы | C40: 0 | D40: 0 | E40: =SUM(D40/C40*100) -> #DIV/0! | F40: =SUM(D40-C40) -> 0
A41: 1000000000 | B41: ИТОГО СОБСТВЕННЫХ ДОХОДОВ | C41: =SUM(C4,C25) -> 3972.4 | D41: =D4+D25 -> 6686.2259 | E41: =SUM(D41/C41*100) -> 168.31704 | F41: =SUM(D41-C41) -> 2713.8259
A42: 2000000000 | B42: БЕЗВОЗДМЕЗДНЫЕ ПЕРЕЧИСЛЕНИЯ | C42: =C43+C44+C45+C47+C48+C46+C49 -> 55210.449 | D42: =D43+D44+D45+D47+D48+D46+D49 -> 32315.881 | E42: =SUM(D42/C42*100) -> 58.532183 | F42: =SUM(D42-C42) -> -22894.568
A43: 2021000000 | B43: Дотация от бюджетов других уровней | C43: 5604.2 | D43: 5604.2 | E43: =SUM(D43/C43*100) -> 100 | F43: =SUM(D43-C43) -> 0
A44: 2021500200 | B44: Сбалансированность | C44: 0 | D44: 0 | E44: =SUM(D44/C44*100) -> #DIV/0! | F44: =SUM(D44-C44) -> 0
A45: 2022000000 | B45: Субсидии бюджетам РФ | C45: 47116.958 | D45: 25825.013 | E45: =SUM(D45/C45*100) -> 54.810442 | F45: =SUM(D45-C45) -> -21291.945
A46: 2022999910 | B46: Прочие субсидии | C46: 0 | D46: 0 | E46: =SUM(D46/C46*100) -> #DIV/0! | F46: =SUM(D46-C46) -> 0
A47: 2023000000 | B47: Субвенции бюджетам РФ | C47: 309.01751 | D47: 309.01751 | E47: =SUM(D47/C47*100) -> 100 | F47: =SUM(D47-C47) -> 0
A48: 2024000000 | B48: Иные межбюджетные трансферты | C48: 2180.273 | D48: 577.6501 | E48: =SUM(D48/C48*100) -> 26.494393 | F48: =SUM(D48-C48) -> -1602.6229
A49: 2070500010 | B49: Прочие безбозмездные поступления | C49: 0 | D49: 0 | E49: =SUM(D49/C49*100) -> #DIV/0! | F49: =SUM(D49-C49) -> 0
A50: 2020900000 | B50: Прочие безвозмездные поступления от других бюджетов бюджетной системы | E50: =SUM(D50/C50*100) -> #DIV/0! | F50: =SUM(D50-C50) -> 0
A51: 2190500005 | B51: Возврат остатков субвенций и субсидий | C51: 0 | F51: =SUM(D51-C51) -> 0
A52: 3000000000 | B52: ДОХОДЫ ОТ ПРЕДПРИНИМАТЕЛЬСКОЙ И ИНОЙ ПРИН. | C52: 0 | D52: 0 | E52: =SUM(D52/C52*100) -> #DIV/0! | F52: =SUM(D52-C52) -> 0
B53: ВСЕГО ДОХОДОВ | C53: =SUM(C41,C42,C52) -> 59182.849 | D53: =D41+D42 -> 39002.107 | E53: =SUM(D53/C53*100) -> 65.901029 | F53: =SUM(D53-C53) -> -20180.742
B54: (Дефицит -) профицит | C54: =C53-C102 -> -1794.7398 | D54: =D53-D102 -> 1929.6901
A56: Коды бюджетной классификации РФ | B56: Наименование расходов | C56: назначено на 2022 г. | D56: исполнено на 01.01.2023 г. | E56: % испол. | F56: отклон.
A57: 1 | B57: 2 | C57: 3 | D57: 4 | E57: 5 | F57: 6
A58: 0100 | B58: ОБЩЕГОСУДАРСТВЕННЫЕ ВОПРОСЫ | C58: =C59+C60+C61+C62+C63+C65+C64 -> 2166.4862 | D58: =D59+D60+D61+D62+D63+D65+D64 -> 1969.2427 | E58: =SUM(D58/C58*100) -> 90.895697 | F58: =SUM(D58-C58) -> -197.24346
A59: 0103 | B59: Функционирование представительных органов муниципальных образований
A60: 0104 | B60: Функционирование местных администраций | C60: 2123.1742 | D60: 1956.9307 | E60: =SUM(D60/C60*100) -> 92.170051 | F60: =SUM(D60-C60) -> -166.24346
A61: 0105 | B61: Судебная система | E61: =SUM(D61/C61*100) -> #DIV/0! | F61: =SUM(D61-C61) -> 0
A62: 0106 | B62: Обеспечение деятельности финансовых, налоговых и таможенных органов и органов финансового надзора | E62: =SUM(D62/C62*100) -> #DIV/0! | F62: =SUM(D62-C62) -> 0
A63: 0107 | B63: Выборы | C63: 0 | D63: 0 | E63: =SUM(D63/C63*100) -> #DIV/0! | F63: =SUM(D63-C63) -> 0
A64: 0111 | B64: Резервные фонды | C64: 1 | D64: 0 | E64: =SUM(D64/C64*100) -> 0 | F64: =SUM(D64-C64) -> -1
A65: 0113 | B65: Другие общегосударственные вопросы | C65: 42.312 | D65: 12.312 | E65: =SUM(D65/C65*100) -> 29.098128 | F65: =SUM(D65-C65) -> -30
A66: 0200 | B66: НАЦИОНАЛЬНАЯ ОБОРОНА | C66: =C67 -> 273.28601 | D66: =D67 -> 273.28601 | E66: =SUM(D66/C66*100) -> 100 | F66: =SUM(D66-C66) -> 0
A67: 0203 | B67: Мобилизационная и вневоинская подготовка | C67: 273.28601 | D67: 273.28601 | E67: =SUM(D67/C67*100) -> 100 | F67: =SUM(D67-C67) -> 0
A68: 0300 | B68: НАЦИОНАЛЬНАЯ БЕЗОПАСНОСТЬ | C68: =C71+C73+C72 -> 16.63134 | D68: =D71+D73+D72 -> 16.63134 | E68: =SUM(D68/C68*100) -> 100 | F68: =SUM(D68-C68) -> 0
A69: 0302 | B69: Органы внутренних дел | E69: =SUM(D69/C69*100) -> #DIV/0! | F69: =SUM(D69-C69) -> 0
A70: 0304 | B70: Органы юсиции | C70: 0 | E70: =SUM(D70/C70*100) -> #DIV/0! | F70: =SUM(D70-C70) -> 0
A71: 0309 | B71: Защита населения и территории от последствий ЧС | C71: 7.63134 | D71: 7.63134 | E71: =SUM(D71/C71*100) -> 100 | F71: =SUM(D71-C71) -> 0
A72: 0310 | B72: Обеспечение пожарной безопасности | C72: 7 | D72: 7 | E72: =SUM(D72/C72*100) -> 100 | F72: =SUM(D72-C72) -> 0
A73: 0314 | B73: Другие вопросы в области национальной безопасности | C73: 2 | D73: 2 | E73: 0 | F73: 0
A74: 0400 | B74: НАЦИОНАЛЬНАЯ ЭКОНОМИКА | C74: =C76+C77+C78+C75 -> 2844.9801 | D74: =SUM(D75:D78) -> 2513.6552 | E74: =SUM(D74/C74*100) -> 88.354049 | F74: =SUM(D74-C74) -> -331.325
A75: 0405 | B75: Сельское хозяйство | C75: 35.7315 | D75: 35.7315 | E75: =SUM(D75/C75*100) -> 100 | F75: =SUM(D75-C75) -> 0
A76: 0406 | B76: Водные ресурсы | C76: 60 | D76: 60 | E76: =SUM(D76/C76*100) -> 100 | F76: =SUM(D76-C76) -> 0
A77: 0409 | B77: Дорожное хозяйство | C77: 2714.2486 | D77: 2382.9237 | E77: =SUM(D77/C77*100) -> 87.793123 | F77: =SUM(D77-C77) -> -331.325
A78: 0412 | B78: Другие вопросы в области национальной экономики | C78: 35 | D78: 35 | E78: =SUM(D78/C78*100) -> 100 | F78: =SUM(D78-C78) -> 0
A79: 0500 | B79: ЖИЛИЩНО-КОММУНАЛЬНОЕ ХОЗЯЙСТВО | C79: =SUM(C80:C83) -> 52464.655 | D79: =SUM(D80:D83) -> 29146.558 | E79: =SUM(D79/C79*100) -> 55.554656 | F79: =SUM(D79-C79) -> -23318.096
A80: 0501 | B80: Жилищное хозяйство | C80: 0 | D80: 0 | E80: =SUM(D80/C80*100) -> #DIV/0! | F80: =SUM(D80-C80) -> 0
A81: 0502 | B81: Коммунальное хозяйство | C81: 32112.905 | D81: 8894.8761 | E81: =SUM(D81/C81*100) -> 27.698759 | F81: =SUM(D81-C81) -> -23218.029
A82: 0503 | B82: Благоустройство | C82: 20351.749 | D82: 20251.682 | E82: =SUM(D82/C82*100) -> 99.50831 | F82: =SUM(D82-C82) -> -100.06746
A83: 0505 | B83: Другие вопросы в области ЖКХ | C83: 0 | D83: 0 | E83: =SUM(D83/C83*100) -> #DIV/0! | F83: =SUM(D83-C83) -> 0
A84: 0800 | B84: КУЛЬТУРА И КИНЕМАТОГРАФИЯ | C84: =C85+C86 -> 3211.5503 | D84: =D85+D86 -> 3153.0431 | E84: =SUM(D84/C84*100) -> 98.178227 | F84: =SUM(D84-C84) -> -58.50716
A85: 0801 | B85: Культура | C85: 3211.5503 | D85: 3153.0431 | E85: =SUM(D85/C85*100) -> 98.178227 | F85: =SUM(D85-C85) -> -58.50716
A86: 0804 | B86: Другие вопросы в области культуры, кинематографии | D86: 0 | E86: =SUM(D86/C86*100) -> #DIV/0! | F86: =SUM(D86-C86) -> 0
A87: 1000 | B87: СОЦИАЛЬНАЯ ПОЛИТИКА | C87: =SUM(C88:C91) -> 0 | D87: =SUM(D88:D91) -> 0 | E87: =SUM(D87/C87*100) -> #DIV/0! | F87: =SUM(D87-C87) -> 0
A88: 1001 | B88: Пенсионное обеспечение | E88: =SUM(D88/C88*100) -> #DIV/0! | F88: =SUM(D88-C88) -> 0
A89: 1003 | B89: Социальное обеспечение населения | C89: 0 | D89: 0 | E89: =SUM(D89/C89*100) -> #DIV/0! | F89: =SUM(D89-C89) -> 0
A90: 1004 | B90: Охрана семьи и детства | E90: =SUM(D90/C90*100) -> #DIV/0! | F90: =SUM(D90-C90) -> 0
A91: 1006 | B91: Другие вопросы в области социальной политики | C91: 0 | D91: 0 | E91: =SUM(D91/C91*100) -> #DIV/0! | F91: =SUM(D91-C91) -> 0
A92: 1100 | B92: ФИЗИЧЕСКАЯ КУЛЬТУРА И СПОРТ | C92: =C93+C94+C95+C96+C97 -> 0 | D92: =D93+D94+D95+D96+D97 -> 0 | E92: =SUM(D92/C92*100) -> #DIV/0! | F92: =F93+F94+F95+F96+F97 -> 0
A93: 1101 | B93: Физическая культура | C93: 0 | D93: 0 | E93: =SUM(D93/C93*100) -> #DIV/0! | F93: =SUM(D93-C93) -> 0
A94: 1102 | B94: Массовый спорт | E94: =SUM(D94/C94*100) -> #DIV/0! | F94: =SUM(D94-C94) -> 0
A95: 1103 | B95: Спорт высших достижений | E95: =SUM(D95/C95*100) -> #DIV/0!
A96: 1104 | B96: Прикладные научные исследования в области физической культуры и спорта | E96: =SUM(D96/C96*100) -> #DIV/0!
A97: 1105 | B97: Другие вопросы в области физическая культуры и спорта | E97: =SUM(D97/C97*100) -> #DIV/0!
A98: 1400 | B98: МЕЖБЮДЖЕТНЫЕ ТРАНСФЕРТЫ | E98: =SUM(D98/C98*100) -> #DIV/0! | F98: =SUM(D98-C98) -> 0
A99: 1401 | B99: Дотации на выравнивание бюджетной обеспеченности | C99: 0 | D99: 0 | E99: =SUM(D99/C99*100) -> #DIV/0! | F99: =SUM(D99-C99) -> 0
A100: 1402 | B100: Иные дотации | C100: 0 | D100: 0 | E100: =SUM(D100/C100*100) -> #DIV/0! | F100: =SUM(D100-C100) -> 0
A101: 1403 | B101: Прочие межбюджетные трансферты | C101: 0 | D101: 0 | E101: =SUM(D101/C101*100) -> #DIV/0! | F101: =SUM(D101-C101) -> 0
B102: Итого расходов | C102: =C58+C66+C68+C74+C79+C84+C92+C87+C98 -> 60977.589 | D102: =D58+D66+D68+D74+D79+D84+D92+D87+D98 -> 37072.416 | E102: =SUM(D102/C102*100) -> 60.79679 | F102: =SUM(D102-C102) -> -23905.172
...

Sheet Иль
A1: Анализ исполнения бюджета Ильинского сельского поселения на 01.01.2023 г.
A3: Коды бюджетной классификации РФ | B3: Наименование доходов | C3: назначено на 2022 г. | D3: исполнено на 01.01.2023 г. | E3: % испол. | F3: отклон.
B4: НАЛОГОВЫЕ ДОХОДЫ | C4: =C5+C12+C14+C17+C7 -> 2207.97 | D4: =D5+D12+D14+D17+D7 -> 2285.5609 | E4: =SUM(D4/C4*100) -> 103.51413 | F4: =SUM(D4-C4) -> 77.59087
A5: 1010000000 | B5: НАЛОГИ НА ПРИБЫЛЬ | C5: =C6 -> 120 | D5: =D6 -> 65.11987 | E5: =SUM(D5/C5*100) -> 54.266558 | F5: =SUM(D5-C5) -> -54.88013
A6: 1010200001 | B6: Налог на доходы физических лиц | C6: 120 | D6: 65.11987 | E6: =SUM(D6/C6*100) -> 54.266558 | F6: =SUM(D6-C6) -> -54.88013
A7: 1030000000 | B7: Налоги на товары (работы и услуги) реализуемые на территории РФ | C7: =C8+C10+C9 -> 777.97 | D7: =D8+D10+D9+D11 -> 919.75251 | E7: =SUM(D7/C7*100) -> 118.22468 | F7: =SUM(D7-C7) -> 141.78251
A8: 1030223001 | B8: Акцизы на диз. топливо | C8: 290.183 | D8: 461.07841 | E8: =SUM(D8/C8*100) -> 158.89229 | F8: =SUM(D8-C8) -> 170.89541
A9: 1030224001 | B9: Акцизы на моторные масла | C9: 3.112 | D9: 2.49055 | E9: =SUM(D9/C9*100) -> 80.030527 | F9: =SUM(D9-C9) -> -0.62145
A10: 1030225001 | B10: Акцизы на автомобильный бензин | C10: 484.675 | D10: 509.08263 | E10: =SUM(D10/C10*100) -> 105.03588 | F10: =SUM(D10-C10) -> 24.40763
A11: 1030226001 | B11: Акцизы на прямогонный бензин | C11: 0 | D11: -52.89908 | E11: =SUM(D11/C11*100) -> #DIV/0! | F11: =SUM(D11-C11) -> -52.89908
A12: 1050000000 | B12: НАЛОГИ НА СОВОКУПНЫЙ ДОХОД | C12: =SUM(C13:C13) -> 10 | D12: =SUM(D13:D13) -> 2.793 | E12: =SUM(D12/C12*100) -> 27.93 | F12: =SUM(D12-C12) -> -7.207
A13: 1050300000 | B13: ЕН с/х предприятий | C13: 10 | D13: 2.793 | E13: =SUM(D13/C13*100) -> 27.93 | F13: =SUM(D13-C13) -> -7.207
A14: 1060000000 | B14: НАЛОГИ НА ИМУЩЕСТВО | C14: =C15+C16 -> 1296 | D14: =D15+D16 -> 1294.8455 | E14: =SUM(D14/C14*100) -> 99.910917 | F14: =SUM(D14-C14) -> -1.15451
A15: 1060100000 | B15: Налог на имущество физ.лиц | C15: 406 | D15: 463.41651 | E15: =SUM(D15/C15*100) -> 114.142 | F15: =SUM(D15-C15) -> 57.41651
A16: 1060600000 | B16: Земельный налог | C16: 890 | D16: 831.42898 | E16: =SUM(D16/C16*100) -> 93.418987 | F16: =SUM(D16-C16) -> -58.57102
A17: 1080000000 | B17: ПРОЧИЕ НАЛОГИ, СБОРЫ И ПОШЛИНЫ | C17: =C18 -> 4 | D17: =D18 -> 3.05 | E17: =SUM(D17/C17*100) -> 76.25 | F17: =SUM(D17-C17) -> -0.95
A18: 1080400001 | B18: Государственная пошлина за соверш.нотар.действ. | C18: 4 | D18: 3.05 | E18: =SUM(D18/C18*100) -> 76.25 | F18: =SUM(D18-C18) -> -0.95
A19: 1080714001 | B19: Государственная пошлина за государственную регистрацию, а также за совершение прочих юридически значимых действий | E19: =SUM(D19/C19*100) -> #DIV/0! | F19: =SUM(D19-C19) -> 0
A20: 1090000000 | B20: ЗАДОЛЖЕННОСТЬ И ПЕРЕРАСЧЕТЫ ПО ОТМЕНЕННЫМ НАЛОГАМ И СБОРАМ | C20: =C21+C22+C23+C24 -> 0 | D20: =D21+D22+D23+D24 -> 0 | E20: =SUM(D20/C20*100) -> #DIV/0! | F20: =SUM(D20-C20) -> 0
A21: 1090100000 | B21: Налог на прибыль организаций, зачисл. до 1 янв. 2005г. | E21: =SUM(D21/C21*100) -> #DIV/0! | F21: =SUM(D21-C21) -> 0
A22: 1090400000 | B22: Налоги на иммущество | E22: =SUM(D22/C22*100) -> #DIV/0! | F22: =SUM(D22-C22) -> 0
A23: 1090600000 | B23: Прочие налоги и сборы (по отм. нал. и сборам РФ) | E23: =SUM(D23/C23*100) -> #DIV/0! | F23: =SUM(D23-C23) -> 0
A24: 1090700000 | B24: Прочие налоги и сборы (по отм. местн. нал. и сборам ) | E24: =SUM(D24/C24*100) -> #DIV/0! | F24: =SUM(D24-C24) -> 0
B25: НЕНАЛОГОВЫЕ ДОХОДЫ | C25: =C26+C30+C33+C39+C36 -> 1419.1181 | D25: =D26+D30+D33+D39+D36 -> 1274.4344 | E25: =SUM(D25/C25*100) -> 89.804671 | F25: =SUM(D25-C25) -> -144.68376
A26: 1110000000 | B26: ДОХОДЫ ОТ ИСПОЛЬЗОВАНИЯ ИМУЩЕСТВА, НАХОДЯЩЕГОСЯ В ГОСУД. И МУН. СОБСТВ. | C26: =C27+C28+C29 -> 270 | D26: =D27+D28+D29 -> 330.41821 | E26: =SUM(D26/C26*100) -> 122.37711 | F26: =SUM(D26-C26) -> 60.41821
A27: 1110501101 | B27: Арендная плата за землю | C27: 0 | D27: 0 | E27: =SUM(D27/C27*100) -> #DIV/0! | F27: =SUM(D27-C27) -> 0
A28: 1110502510 | B28: Доходы, получаемые в виде арендной платы, а также средства от продажи права на заключение договоров аренды за земли, находящиеся в собственности поселений (за исключением земельных участков муниципальных бюджетных и автономных учреждений) | C28: 250 | D28: 284.21056 | E28: =SUM(D28/C28*100) -> 113.68422 | F28: =SUM(D28-C28) -> 34.21056
A29: 1110503505 | B29: Доходы от сдачи в аренду имущ.наход. | C29: 20 | D29: 46.20765 | E29: =SUM(D29/C29*100) -> 231.03825 | F29: =SUM(D29-C29) -> 26.20765
A30: 1130000000 | B30: ДОХОДЫ ОТ ОКАЗАНИЯ ПЛАТНЫХ УСЛУГ И КОМПЕНСАЦИИ ЗАТРАТ ГОСУДАРСТВА | C30: =C31 -> 30 | D30: =D31+D32 -> 85.46 | E30: =SUM(D30/C30*100) -> 284.86667 | F30: =SUM(D30-C30) -> 55.46
A31: 1130206510 | B31: Доходы, поступившие в порядке возмещения расходов, понесенных в связи с эксплуат.имущества с/п | C31: 30 | D31: 81.84 | E31: =SUM(D31/C31*100) -> 272.8 | F31: =SUM(D31-C31) -> 51.84
A32: 1130299000 | B32: Прочие доходы от компенсации затрат государства | C32: 0 | D32: 3.62 | E32: =SUM(D32/C32*100) -> #DIV/0! | F32: =SUM(D32-C32) -> 3.62
A33: 1140000000 | B33: ДОХОДЫ ОТ ПРОДАЖИ МАТ. И НЕМАТ. АКТИВОВ | C33: =C35 -> 0 | D33: =D34+D35 -> 0 | E33: =SUM(D33/C33*100) -> #DIV/0! | F33: =SUM(D33-C33) -> 0
A34: 1140200000 | B34: Доходы от реализации имущества | C34: 0 | D34: 0 | E34: =SUM(D34/C34*100) -> #DIV/0! | F34: =SUM(D34-C34) -> 0
A35: 1140600000 | B35: Доходы от продажи земли | C35: 0 | D35: 0 | E35: =SUM(D35/C35*100) -> #DIV/0! | F35: =SUM(D35-C35) -> 0
A36: 1160000000 | B36: ШТРАФЫ, САНКЦИИ, ВОЗМЕЩЕНИЕ УЩЕРБА | C36: =C38+C37 -> 82.90176 | D36: =D38+D37 -> 85.20245 | E36: =SUM(D36/C36*100) -> 102.7752 | F36: =SUM(D36-C36) -> 2.30069
A37: 1160701000 | B37: Штрафы, неустойки, пени, уплвченные в случае просрочки исполнения поставщиком | C37: 82.90176 | D37: 85.20245 | E37: =SUM(D37/C37*100) -> 102.7752 | F37: =SUM(D37-C37) -> 2.30069
A38: 1169005010 | B38: Прочие поступления от денежных взысканий (штрафов) и иных сумм в возмещение ущерба, зачисляемые в бюджеты поселений | C38: 0 | D38: 0 | E38: =SUM(D38/C38*100) -> #DIV/0! | F38: =SUM(D38-C38) -> 0
A39: 1170000000 | B39: ПРОЧИЕ НЕНАЛОГОВЫЕ ДОХОДЫ | C39: =SUM(C40) -> 1036.2164 | D39: =SUM(D40) -> 773.35372 | E39: =SUM(D39/C39*100) -> 74.632455 | F39: =SUM(D39-C39) -> -262.86266
A40: 1171503010 | B40: Инициативные платежи, зачисляемые в бюджеты сельских поселений | C40: 1036.2164 | D40: 773.35372 | E40: =SUM(D40/C40*100) -> 74.632455 | F40: =SUM(D40-C40) -> -262.86266
A41: 1000000000 | B41: ИТОГО СОБСТВЕННЫХ ДОХОДОВ | C41: =SUM(C4,C25) -> 3627.0881 | D41: =D4+D25 -> 3559.9952 | E41: =SUM(D41/C41*100) -> 98.150227 | F41: =SUM(D41-C41) -> -67.09289
A42: 2000000000 | B42: БЕЗВОЗДМЕЗДНЫЕ ПЕРЕЧИСЛЕНИЯ | C42: =C43+C45+C47+C48+C49+C50+C44+C46 -> 15010.938 | D42: =D43+D45+D47+D48+D49+D50+D44+D46 -> 13718.994 | E42: =SUM(D42/C42*100) -> 91.393314 | F42: =SUM(D42-C42) -> -1291.9444
A43: 2021000000 | B43: Дотация от бюджетов других уровней | C43: 2693 | D43: 2693 | E43: =SUM(D43/C43*100) -> 100 | F43: =SUM(D43-C43) -> 0
A44: 2021500200 | B44: Сбалансированность | D44: 0 | E44: =SUM(D44/C44*100) -> #DIV/0! | F44: =SUM(D44-C44) -> 0
A45: 2022000000 | B45: Субсидии бюджетам РФ | C45: 10312.837 | D45: 9111.3297 | E45: =SUM(D45/C45*100) -> 88.349398 | F45: =SUM(D45-C45) -> -1201.5077
A46: 2022999910 | B46: Прочие субсидии | D46: 0 | E46: =SUM(D46/C46*100) -> #DIV/0! | F46: =SUM(D46-C46) -> 0
A47: 2023000000 | B47: Субвенции бюджетам РФ | C47: 126.63952 | D47: 126.63952 | E47: =SUM(D47/C47*100) -> 100 | F47: =SUM(D47-C47) -> 0
A48: 2024000000 | B48: Иные межбюджетные трансферты | C48: 1878.4616 | D48: 1788.0249 | E48: =SUM(D48/C48*100) -> 95.185598 | F48: =SUM(D48-C48) -> -90.4367
A49: 2020700000 | B49: Прочие безвозмездные поступления от других бюджетов бюджетной системы | E49: =SUM(D49/C49*100) -> #DIV/0! | F49: =SUM(D49-C49) -> 0
A50: 2190500005 | B50: Возврат остатков субвенций и субсидий | C50: 0 | D50: 0 | E50: =SUM(D50/C50*100) -> #DIV/0! | F50: =SUM(D50-C50) -> 0
B51: ВСЕГО ДОХОДОВ | C51: =C41+C42 -> 18638.027 | D51: =D41+D42 -> 17278.989 | E51: =SUM(D51/C51*100) -> 92.708256 | F51: =SUM(D51-C51) -> -1359.0372
B52: (Дефицит -) профицит | C52: =C51-C100 -> -1106.9669 | D52: =D51-D100 -> -527.49764
A54: Коды бюджетной классификации РФ | B54: Наименование расходов | C54: назначено на 2022 г. | D54: исполнено на 01.01.2023 г. | E54: % испол. | F54: отклон.
A55: 1 | B55: 2 | C55: 3 | D55: 4 | E55: 5 | F55: 6
A56: 0100 | B56: ОБЩЕГОСУДАРСТВЕННЫЕ ВОПРОСЫ | C56: =C57+C58+C59+C60+C61+C63+C62 -> 1513.7357 | D56: =D57+D58+D59+D60+D61+D63+D62 -> 1451.2435 | E56: =SUM(D56/C56*100) -> 95.87166 | F56: =SUM(D56-C56) -> -62.49216
A57: 0103 | B57: Функционирование представительных органов муниципальных образований | C57: 0 | D57: 0 | E57: =SUM(D57/C57*100) -> #DIV/0! | F57: =SUM(D57-C57) -> 0
A58: 0104 | B58: Функционирование местных администраций | C58: 1501.3077 | D58: 1439.8155 | E58: =SUM(D58/C58*100) -> 95.904093 | F58: =SUM(D58-C58) -> -61.49216
A59: 0105 | B59: Судебная система | F59: =SUM(D59-C59) -> 0
A60: 0106 | B60: Обеспечение деятельности финансовых, налоговых и таможенных органов и органов финансового надзора | E60: =SUM(D60/C60*100) -> #DIV/0! | F60: =SUM(D60-C60) -> 0
A61: 0107 | B61: Выборы | C61: 0 | D61: 0 | E61: =SUM(D61/C61*100) -> #DIV/0! | F61: =SUM(D61-C61) -> 0
A62: 0111 | B62: Резервные фонды | C62: 1 | D62: 0 | E62: =SUM(D62/C62*100) -> 0 | F62: =SUM(D62-C62) -> -1
A63: 0113 | B63: Другие общегосударственные вопросы | C63: 11.428 | D63: 11.428 | E63: =SUM(D63/C63*100) -> 100 | F63: =SUM(D63-C63) -> 0
A64: 0200 | B64: НАЦИОНАЛЬНАЯ ОБОРОНА | C64: =C65 -> 112.34692 | D64: =D65 -> 112.34692 | E64: =SUM(D64/C64*100) -> 100 | F64: =SUM(D64-C64) -> 0
A65: 0203 | B65: Мобилизационная и вневоинская подготовка | C65: 112.34692 | D65: 112.34692 | E65: =SUM(D65/C65*100) -> 100 | F65: =SUM(D65-C65) -> 0
A66: 0300 | B66: НАЦИОНАЛЬНАЯ БЕЗОПАСНОСТЬ | C66: =C69+C70+C71 -> 27.51134 | D66: =D69+D70+D71 -> 27.51134 | E66: =SUM(D66/C66*100) -> 100 | F66: =SUM(D66-C66) -> 0
A67: 0302 | B67: Органы внутренних дел | E67: =SUM(D67/C67*100) -> #DIV/0! | F67: =SUM(D67-C67) -> 0
A68: 0304 | B68: Органы юсиции | E68: =SUM(D68/C68*100) -> #DIV/0! | F68: =SUM(D68-C68) -> 0
A69: 0309 | B69: Защита населения и территории от последствий ЧС | C69: 2.83134 | D69: 2.83134 | E69: =SUM(D69/C69*100) -> 100 | F69: =SUM(D69-C69) -> 0
A70: 0310 | B70: Обеспечение пожарной безопасности | C70: 22.68 | D70: 22.68 | E70: =SUM(D70/C70*100) -> 100 | F70: =SUM(D70-C70) -> 0
A71: 0314 | B71: Другие вопросы | C71: 2 | D71: 2 | E71: =SUM(D71/C71*100) -> 100 | F71: =SUM(D71-C71) -> 0
A72: 0400 | B72: НАЦИОНАЛЬНАЯ ЭКОНОМИКА | C72: =C74+C75+C76+C73 -> 10038.508 | D72: =SUM(D73:D76) -> 9454.4382 | E72: =SUM(D72/C72*100) -> 94.181706 | F72: =SUM(D72-C72) -> -584.06996
A73: 0405 | B73: Сельское хозяйство | C73: 14.3093 | D73: 14.2926 | E73: =SUM(D73/C73*100) -> 99.883293 | F73: =SUM(D73-C73) -> -0.0167
A74: 0406 | B74: Водные ресурсы | C74: 0 | D74: 0 | E74: =SUM(D74/C74*100) -> #DIV/0! | F74: =SUM(D74-C74) -> 0
A75: 0409 | B75: Дорожное хозяйство | C75: 9662.6988 | D75: 9078.6456 | E75: =SUM(D75/C75*100) -> 93.955589 | F75: =SUM(D75-C75) -> -584.05326
A76: 0412 | B76: Другие вопросы в области национальной экономики | C76: 361.5 | D76: 361.5 | E76: =SUM(D76/C76*100) -> 100 | F76: =SUM(D76-C76) -> 0
A77: 0300 | B77: НАЦИОНАЛЬНАЯ БЕЗОПАСНОСТЬ | C77: 0
A78: 0310 | B78: Обеспечение пожарной безопасности | C78: 0
A79: 0500 | B79: ЖИЛИЩНО-КОММУНАЛЬНОЕ ХОЗЯЙСТВО | C79: =SUM(C80:C82) -> 5947.437 | D79: =SUM(D80:D82) -> 4655.4927 | E79: =SUM(D79/C79*100) -> 78.277292 | F79: =SUM(D79-C79) -> -1291.9444
A80: 0501 | B80: Жилищное хозяйство | E80: =SUM(D80/C80*100) -> #DIV/0! | F80: =SUM(D80-C80) -> 0
A81: 0502 | B81: Коммунальное хозяйство | C81: 5342.5472 | D81: 4050.6029 | E81: =SUM(D81/C81*100) -> 75.817821 | F81: =SUM(D81-C81) -> -1291.9444
A82: 0503 | B82: Благоустройство | C82: 604.8898 | D82: 604.8898 | E82: =SUM(D82/C82*100) -> 100 | F82: =SUM(D82-C82) -> 0
A83: 0800 | B83: КУЛЬТУРА И КИНЕМАТОГРАФИЯ | C83: =C84 -> 2099.4523 | D83: =SUM(D84) -> 2099.4523 | E83: =SUM(D83/C83*100) -> 100 | F83: =SUM(D83-C83) -> 0
A84: 0801 | B84: Культура | C84: 2099.4523 | D84: 2099.4523 | E84: =SUM(D84/C84*100) -> 100 | F84: =SUM(D84-C84) -> 0
A85: 1000 | B85: СОЦИАЛЬНАЯ ПОЛИТИКА | C85: =SUM(C86:C89) -> 0 | D85: =SUM(D86:D89) -> 0 | E85: =SUM(D85/C85*100) -> #DIV/0! | F85: =SUM(D85-C85) -> 0
A86: 1001 | B86: Пенсионное обеспечение | E86: =SUM(D86/C86*100) -> #DIV/0! | F86: =SUM(D86-C86) -> 0
A87: 1003 | B87: Социальное обеспечение населения | C87: 0 | D87: 0 | E87: =SUM(D87/C87*100) -> #DIV/0! | F87: =SUM(D87-C87) -> 0
A88: 1004 | B88: Охрана семьи и детства | C88: 0 | D88: 0 | E88: =SUM(D88/C88*100) -> #DIV/0! | F88: =SUM(D88-C88) -> 0
A89: 1006 | B89: Другие вопросы в области социальной политики | C89: 0 | D89: 0 | F89: =SUM(D89-C89) -> 0
A90: 1100 | B90: ФИЗИЧЕСКАЯ КУЛЬТУРА И СПОРТ | C90: =C91+C92+C93+C94+C95 -> 6.002 | D90: =D91+D92+D93+D94+D95 -> 6.002 | E90: =SUM(D90/C90*100) -> 100 | F90: =F91+F92+F93+F94+F95 -> 0
A91: 1101 | B91: Физическая культура | C91: 6.002 | D91: 6.002 | E91: =SUM(D91/C91*100) -> 100 | F91: =SUM(D91-C91) -> 0
A92: 1102 | B92: Массовый спорт | E92: =SUM(D92/C92*100) -> #DIV/0! | F92: =SUM(D92-C92) -> 0
A93: 1103 | B93: Спорт высших достижений | E93: =SUM(D93/C93*100) -> #DIV/0!
A94: 1104 | B94: Прикладные научные исследования в области физической культуры и спорта | E94: =SUM(D94/C94*100) -> #DIV/0!
A95: 1105 | B95: Другие вопросы в области физическая культуры и спорта | E95: =SUM(D95/C95*100) -> #DIV/0!
A96: 1400 | B96: МЕЖБЮДЖЕТНЫЕ ТРАНСФЕРТЫ | C96: =C97+C98+C99 -> 0 | D96: =SUM(D97:D99) -> 0 | E96: =SUM(D96/C96*100) -> #DIV/0! | F96: =SUM(D96-C96) -> 0
A97: 1401 | B97: Дотации на выравнивание бюджетной обеспеченности | C97: 0 | D97: 0 | E97: =SUM(D97/C97*100) -> #DIV/0! | F97: =SUM(D97-C97) -> 0
A98: 1402 | B98: Иные дотации | C98: 0 | D98: 0 | E98: =SUM(D98/C98*100) -> #DIV/0! | F98: =SUM(D98-C98) -> 0
A99: 1403 | B99: Прочие межбюджетные трансферты | C99: 0 | D99: 0 | E99: =SUM(D99/C99*100) -> #DIV/0! | F99: =SUM(D99-C99) -> 0
B100: Итого расходов | C100: =C56+C64+C66+C72+C79+C83+C85+C90+C77 -> 19744.993 | D100: =D56+D64+D66+D72+D79+D83+D90+D85 -> 17806.487 | E100: =SUM(D100/C100*100) -> 90.182289 | F100: =SUM(D100-C100) -> -1938.5065
A102: Начальник финансового отдела
A103: администрации Моргаушского района | C103: Ананьева Р.И.

Sheet Кад
A1: Анализ исполнения бюджета Кадикасинского сельского поселения на 01.01.2023 г.
A3: Коды бюджетной классификации РФ | B3: Наименование доходов | C3: назначено на 2022 г. | D3: исполнено на 01.01.2023 г. | E3: % испол. | F3: отклон.
B4: НАЛОГОВЫЕ ДОХОДЫ | C4: =C5+C12+C14+C17+C20+C7 -> 5123.31 | D4: =D5+D12+D14+D17+D20+D7 -> 5832.8705 | E4: =SUM(D4/C4*100) -> 113.84965 | F4: =SUM(D4-C4) -> 709.56046
A5: 1010000000 | B5: НАЛОГИ НА ПРИБЫЛЬ | C5: =C6 -> 594 | D5: =D6 -> 769.03701 | E5: =SUM(D5/C5*100) -> 129.46751 | F5: =SUM(D5-C5) -> 175.03701
A6: 1010200001 | B6: Налог на доходы физических лиц | C6: 594 | D6: 769.03701 | E6: =SUM(D6/C6*100) -> 129.46751 | F6: =SUM(D6-C6) -> 175.03701
A7: 1030000000 | B7: Налоги на товары (работы и услуги) реализуемые на территории РФ | C7: =C8+C10+C9 -> 971.31 | D7: =D8+D10+D9+D11 -> 1094.3041 | E7: =SUM(D7/C7*100) -> 112.6627 | F7: =SUM(D7-C7) -> 122.99407
A8: 1030223001 | B8: Акцизы на диз. топливо | C8: 390.953 | D8: 548.58234 | E8: =SUM(D8/C8*100) -> 140.31926 | F8: =SUM(D8-C8) -> 157.62934
A9: 1030224001 | B9: Акцизы на моторные масла | C9: 3.702 | D9: 2.9632 | E9: =SUM(D9/C9*100) -> 80.04322 | F9: =SUM(D9-C9) -> -0.7388
A10: 1030225001 | B10: Акцизы на автомобильный бензин | C10: 576.655 | D10: 605.69684 | E10: =SUM(D10/C10*100) -> 105.03626 | F10: =SUM(D10-C10) -> 29.04184
A11: 1030226001 | B11: Акцизы на прямогонный бензин | C11: 0 | D11: -62.93831 | E11: =SUM(D11/C11*100) -> #DIV/0! | F11: =SUM(D11-C11) -> -62.93831
A12: 1050000000 | B12: НАЛОГИ НА СОВОКУПНЫЙ ДОХОД | C12: =SUM(C13:C13) -> 75 | D12: =D13 -> 139.50817 | E12: =SUM(D12/C12*100) -> 186.01089 | F12: =SUM(D12-C12) -> 64.50817
A13: 1050300000 | B13: ЕН с/х предприятий | C13: 75 | D13: 139.50817 | E13: =SUM(D13/C13*100) -> 186.01089 | F13: =SUM(D13-C13) -> 64.50817
A14: 1060000000 | B14: НАЛОГИ НА ИМУЩЕСТВО | C14: =C15+C16 -> 3473 | D14: =D15+D16 -> 3822.6212 | E14: =SUM(D14/C14*100) -> 110.06684 | F14: =SUM(D14-C14) -> 349.62121
A15: 1060100000 | B15: Налог на имущество физ.лиц | C15: 473 | D15: 558.89953 | E15: =SUM(D15/C15*100) -> 118.16058 | F15: =SUM(D15-C15) -> 85.89953
A16: 1060600000 | B16: Земельный налог | C16: 3000 | D16: 3263.7217 | E16: =SUM(D16/C16*100) -> 108.79072 | F16: =SUM(D16-C16) -> 263.72168
A17: 1080000000 | B17: ПРОЧИЕ НАЛОГИ, СБОРЫ И ПОШЛИНЫ | C17: =C18 -> 10 | D17: =D18 -> 7.4 | E17: =SUM(D17/C17*100) -> 74 | F17: =SUM(D17-C17) -> -2.6
A18: 1080400001 | B18: Государственная пошлина за соверш.нотар.действ. | C18: 10 | D18: 7.4 | E18: =SUM(D18/C18*100) -> 74 | F18: =SUM(D18-C18) -> -2.6
A19: 1080714001 | B19: Государственная пошлина за государственную регистрацию, а также за совершение прочих юридически значимых действий | E19: =SUM(D19/C19*100) -> #DIV/0! | F19: =SUM(D19-C19) -> 0
A20: 1090000000 | B20: ЗАДОЛЖЕННОСТЬ И ПЕРЕРАСЧЕТЫ ПО ОТМЕНЕННЫМ НАЛОГАМ И СБОРАМ | C20: =C21+C22+C23+C24 -> 0 | D20: =D21+D22+D23+D24 -> 0 | E20: =SUM(D20/C20*100) -> #DIV/0! | F20: =SUM(D20-C20) -> 0
A21: 1090100000 | B21: Налог на прибыль организаций, зачисл. до 1 янв. 2005г. | E21: =SUM(D21/C21*100) -> #DIV/0! | F21: =SUM(D21-C21) -> 0
A22: 1090400000 | B22: Налоги на иммущество | E22: =SUM(D22/C22*100) -> #DIV/0! | F22: =SUM(D22-C22) -> 0
A23: 1090600000 | B23: Прочие налоги и сборы (по отм. нал. и сборам РФ) | E23: =SUM(D23/C23*100) -> #DIV/0! | F23: =SUM(D23-C23) -> 0
A24: 1090700000 | B24: Прочие налоги и сборы (по отм. местн. нал. и сборам ) | E24: =SUM(D24/C24*100) -> #DIV/0! | F24: =SUM(D24-C24) -> 0
B25: НЕНАЛОГОВЫЕ ДОХОДЫ | C25: =C26+C29+C31+C36 -> 1066.0023 | D25: =D26+D29+D31+D36+D34 -> 2019.0928 | E25: =SUM(D25/C25*100) -> 189.40792 | F25: =SUM(D25-C25) -> 953.09049
A26: 1110000000 | B26: ДОХОДЫ ОТ ИСПОЛЬЗОВАНИЯ ИМУЩЕСТВА, НАХОДЯЩЕГОСЯ В ГОСУД. И МУН. СОБСТВ. | C26: =C27+C28 -> 212 | D26: =D27+D28 -> 265.834 | E26: =SUM(D26/C26*100) -> 125.3934 | F26: =SUM(D26-C26) -> 53.834
A27: 1110502510 | B27: Арендная плата за землю | C27: 200 | D27: 247.834 | E27: =SUM(D27/C27*100) -> 123.917 | F27: =SUM(D27-C27) -> 47.834
A28: 1110503505 | B28: Доходы от сдачи в аренду имущ.наход. | C28: 12 | D28: 18 | E28: =SUM(D28/C28*100) -> 150 | F28: =SUM(D28-C28) -> 6
A29: 1130000000 | B29: ДОХОДЫ ОТ ОКАЗАНИЯ ПЛАТНЫХ УСЛУГ И КОМПЕНСАЦИИ ЗАТРАТ ГОСУДАРСТВА | C29: =C30 -> 30 | D29: =D30 -> 80.3417 | E29: =SUM(D29/C29*100) -> 267.80567 | F29: =SUM(D29-C29) -> 50.3417
A30: 1130206000 | B30: Доходы от оказания платных услуг | C30: 30 | D30: 80.3417 | E30: =SUM(D30/C30*100) -> 267.80567 | F30: =SUM(D30-C30) -> 50.3417
A31: 1140000000 | B31: ДОХОДЫ ОТ ПРОДАЖИ МАТ. И НЕМАТ. АКТИВОВ | C31: =C32+C33 -> 0 | D31: =D32+D33 -> 0 | E31: =SUM(D31/C31*100) -> #DIV/0! | F31: =SUM(D31-C31) -> 0
A32: 1140200000 | B32: Доходы от реализации имущества | C32: 0 | D32: 0 | E32: =SUM(D32/C32*100) -> #DIV/0! | F32: =SUM(D32-C32) -> 0
A33: 1140600000 | B33: Доходы от продажи земли | C33: 0 | D33: 0 | E33: =SUM(D33/C33*100) -> #DIV/0! | F33: =SUM(D33-C33) -> 0
A34: 1160000000 | B34: ШТРАФЫ, САНКЦИИ, ВОЗМЕЩЕНИЕ УЩЕРБА | C34: =C35 -> 0 | D34: =D35 -> 15.28323 | E34: =SUM(D34/C34*100) -> #DIV/0! | F34: =SUM(D34-C34) -> 15.28323
A35: 1160701010 | B35: Штрафы,неустойки,пени | C35: 0 | D35: 15.28323 | E35: =SUM(D35/C35*100) -> #DIV/0! | F35: =SUM(D35-C35) -> 15.28323
A36: 1170000000 | B36: ПРОЧИЕ НЕНАЛОГОВЫЕ ДОХОДЫ | C36: =C37+C38 -> 824.00226 | D36: =D37 -> 1657.6338 | E36: =SUM(D36/C36*100) -> 201.1686 | F36: =SUM(D36-C36) -> 833.63156
A37: 1171503010 | B37: Инициативные платежи, зачисляемые в бюджеты сельских поселений | C37: 824.00226 | D37: 1657.6338 | E37: =SUM(D37/C37*100) -> 201.1686 | F37: =SUM(D37-C37) -> 833.63156
A38: 1170505005 | B38: Прочие неналоговые доходы | C38: 0 | D38: 0 | E38: =SUM(D38/C38*100) -> #DIV/0! | F38: =SUM(D38-C38) -> 0
A39: 1000000000 | B39: ИТОГО СОБСТВЕННЫХ ДОХОДОВ | C39: =SUM(C4,C25) -> 6189.3123 | D39: =D4+D25 -> 7851.9632 | E39: =SUM(D39/C39*100) -> 126.86326 | F39: =SUM(D39-C39) -> 1662.651
A40: 2000000000 | B40: БЕЗВОЗДМЕЗДНЫЕ ПЕРЕЧИСЛЕНИЯ | C40: =C41+C43+C45+C46+C47+C48+C42+C44 -> 6805.8526 | D40: =D41+D43+D45+D46+D47+D48+D42+D44 -> 6805.8526 | E40: =SUM(D40/C40*100) -> 100 | F40: =SUM(D40-C40) -> 0
A41: 2021000000 | B41: Дотация от бюджетов других уровней | C41: 2418.1 | D41: 2418.1 | E41: =SUM(D41/C41*100) -> 100 | F41: =SUM(D41-C41) -> 0
A42: 2021500200 | B42: Сбалансированность | C42: 0 | D42: 0 | E42: =SUM(D42/C42*100) -> #DIV/0! | F42: =SUM(D42-C42) -> 0
A43: 2022000000 | B43: Субсидии бюджетам РФ | C43: 3774.861 | D43: 3774.861 | E43: =SUM(D43/C43*100) -> 100 | F43: =SUM(D43-C43) -> 0
A44: 2022999910 | B44: Прочие субсидии | C44: 0 | D44: 0 | E44: =SUM(D44/C44*100) -> #DIV/0! | F44: =SUM(D44-C44) -> 0
A45: 2023000000 | B45: Субвенции бюджетам РФ | C45: 280.75861 | D45: 280.75861 | E45: =SUM(D45/C45*100) -> 100 | F45: =SUM(D45-C45) -> 0
A46: 2020400000 | B46: Иные межбюджетные трансферты | C46: 332.133 | D46: 332.133 | E46: =SUM(D46/C46*100) -> 100 | F46: =SUM(D46-C46) -> 0
A47: 2070500010 | B47: Прочие безбозмездные поступления | E47: =SUM(D47/C47*100) -> #DIV/0! | F47: =SUM(D47-C47) -> 0
A48: 2190500005 | B48: Возврат остатков субвенций и субсидий | F48: =SUM(D48-C48) -> 0
A49: 3000000000 | B49: ДОХОДЫ ОТ ПРЕДПРИНИМАТЕЛЬСКОЙ И ИНОЙ ПРИН. | C49: 0 | D49: 0 | E49: =SUM(D49/C49*100) -> #DIV/0! | F49: =SUM(D49-C49) -> 0
B50: ВСЕГО ДОХОДОВ | C50: =C39+C40 -> 12995.165 | D50: =D39+D40 -> 14657.816 | E50: =SUM(D50/C50*100) -> 112.79438 | F50: =SUM(D50-C50) -> 1662.651
B51: (Дефицит -) профицит | C51: =C50-C97 -> -2080.3983 | D51: =D50-D97 -> -152.19908
A53: Коды бюджетной классификации РФ | B53: Наименование расходов | C53: назначено на 2022 г. | D53: исполнено на 01.01.2023 г. | E53: % испол. | F53: отклон.
A54: 1 | B54: 2 | C54: 3 | D54: 4 | E54: 5 | F54: 6
A55: 0100 | B55: ОБЩЕГОСУДАРСТВЕННЫЕ ВОПРОСЫ | C55: =C56+C57+C58+C59+C60+C62+C61 -> 2356.408 | D55: =D56+D57+D58+D59+D60+D62+D61 -> 2283.4608 | E55: =SUM(D55/C55*100) -> 96.904306 | F55: =SUM(D55-C55) -> -72.94717
A56: 0103 | B56: Функционирование представительных органов муниципальных образований
A57: 0104 | B57: Функционирование местных администраций | C57: 2223.308 | D57: 2161.1443 | E57: =SUM(D57/C57*100) -> 97.204001 | F57: =SUM(D57-C57) -> -62.16367
A58: 0105 | B58: Судебная система | F58: =SUM(D58-C58) -> 0
A59: 0106 | B59: Обеспечение деятельности финансовых, налоговых и таможенных органов и органов финансового надзора | E59: =SUM(D59/C59*100) -> #DIV/0! | F59: =SUM(D59-C59) -> 0
A60: 0107 | B60: Выборы | C60: 0 | D60: 0 | E60: =SUM(D60/C60*100) -> #DIV/0! | F60: =SUM(D60-C60) -> 0
A61: 0111 | B61: Резервные фонды | C61: 10 | D61: 0 | E61: =SUM(D61/C61*100) -> 0 | F61: =SUM(D61-C61) -> -10
A62: 0113 | B62: Другие общегосударственные вопросы | C62: 123.1 | D62: 122.3165 | E62: =SUM(D62/C62*100) -> 99.363526 | F62: =SUM(D62-C62) -> -0.7835
A63: 0200 | B63: НАЦИОНАЛЬНАЯ ОБОРОНА | C63: =C64 -> 280.75861 | D63: =D64 -> 280.75861 | E63: =SUM(D63/C63*100) -> 100 | F63: =SUM(D63-C63) -> 0
A64: 0203 | B64: Мобилизационная и вневоинская подготовка | C64: 280.75861 | D64: 280.75861 | E64: =SUM(D64/C64*100) -> 100 | F64: =SUM(D64-C64) -> 0
A65: 0300 | B65: НАЦИОНАЛЬНАЯ БЕЗОПАСНОСТЬ | C65: =C68+C69+C70 -> 7.8 | D65: =SUM(D68+D69+D70) -> 7.63134 | E65: =SUM(D65/C65*100) -> 97.837692 | F65: =SUM(D65-C65) -> -0.16866
A66: 0302 | B66: Органы внутренних дел | E66: =SUM(D66/C66*100) -> #DIV/0! | F66: =SUM(D66-C66) -> 0
A67: 0304 | B67: Органы юсиции | E67: =SUM(D67/C67*100) -> #DIV/0! | F67: =SUM(D67-C67) -> 0
A68: 0309 | B68: Защита населения и территории от последствий ЧС | C68: 3 | D68: 2.83134 | E68: =SUM(D68/C68*100) -> 94.378 | F68: =SUM(D68-C68) -> -0.16866
A69: 0310 | B69: Обеспечение пожарной безопасности | C69: 2.8 | D69: 2.8 | E69: =SUM(D69/C69*100) -> 100 | F69: =SUM(D69-C69) -> 0
A70: 0314 | B70: Другие вопросы в облости национальной безопасности | C70: 2 | D70: 2 | E70: =SUM(D70/C70*100) -> 100 | F70: =SUM(D70-C70) -> 0
A71: 0400 | B71: НАЦИОНАЛЬНАЯ ЭКОНОМИКА | C71: =SUM(C72:C75) -> 5183.358 | D71: =SUM(D72:D75) -> 5128.8055 | E71: =SUM(D71/C71*100) -> 98.947544 | F71: =SUM(D71-C71) -> -54.55255
A72: 0405 | B72: Сельское хозяйство | C72: 0 | D72: 0 | E72: =SUM(D72/C72*100) -> #DIV/0! | F72: =SUM(D72-C72) -> 0
A73: 0406 | B73: Водные ресурсы | C73: 0 | D73: 0 | E73: =SUM(D73/C73*100) -> #DIV/0! | F73: =SUM(D73-C73) -> 0
A74: 0409 | B74: Дорожное хозяйство | C74: 5108.198 | D74: 5056.3055 | E74: =SUM(D74/C74*100) -> 98.984132 | F74: =SUM(D74-C74) -> -51.89255
A75: 0412 | B75: Другие вопросы в области национальной экономики | C75: 75.16 | D75: 72.5 | E75: =SUM(D75/C75*100) -> 96.460883 | F75: =SUM(D75-C75) -> -2.66
A76: 0500 | B76: ЖИЛИЩНО-КОММУНАЛЬНОЕ ХОЗЯЙСТВО | C76: =SUM(C77:C79) -> 4934.9865 | D76: =SUM(D77:D79) -> 4797.1322 | E76: =SUM(D76/C76*100) -> 97.206592 | F76: =SUM(D76-C76) -> -137.8543
A77: 0501 | B77: Жилищное хозяйство | C77: 0 | D77: 0 | E77: =SUM(D77/C77*100) -> #DIV/0! | F77: =SUM(D77-C77) -> 0
A78: 0502 | B78: Коммунальное хозяйство | C78: 3080.0615 | D78: 3042.5771 | E78: =SUM(D78/C78*100) -> 98.782998 | F78: =SUM(D78-C78) -> -37.48441
A79: 0503 | B79: Благоустройство | C79: 1854.925 | D79: 1754.5551 | E79: =SUM(D79/C79*100) -> 94.589005 | F79: =SUM(D79-C79) -> -100.36989
A80: 0800 | B80: КУЛЬТУРА И КИНЕМАТОГРАФИЯ | C80: =C81 -> 2312.252 | D80: =D81 -> 2312.2264 | E80: =SUM(D80/C80*100) -> 99.998894 | F80: =SUM(D80-C80) -> -0.02557
A81: 0801 | B81: Культура | C81: 2312.252 | D81: 2312.2264 | E81: =SUM(D81/C81*100) -> 99.998894 | F81: =SUM(D81-C81) -> -0.02557
A82: 1000 | B82: СОЦИАЛЬНАЯ ПОЛИТИКА | C82: =SUM(C83:C86) -> 0 | D82: =SUM(D83:D86) -> 0 | E82: =SUM(D82/C82*100) -> #DIV/0! | F82: =SUM(D82-C82) -> 0
A83: 1001 | B83: Пенсионное обеспечение | C83: 0 | D83: 0 | E83: =SUM(D83/C83*100) -> #DIV/0! | F83: =SUM(D83-C83) -> 0
A84: 1003 | B84: Социальное обеспечение населения | C84: 0 | D84: 0 | E84: =SUM(D84/C84*100) -> #DIV/0! | F84: =SUM(D84-C84) -> 0
A85: 1004 | B85: Охрана семьи и детства | C85: 0 | D85: 0 | E85: =SUM(D85/C85*100) -> #DIV/0! | F85: =SUM(D85-C85) -> 0
A86: 1006 | B86: Другие вопросы в области социальной политики | C86: 0 | E86: =SUM(D86/C86*100) -> #DIV/0! | F86: =SUM(D86-C86) -> 0
A87: 1100 | B87: ФИЗИЧЕСКАЯ КУЛЬТУРА И СПОРТ | C87: =C88+C89+C90+C91+C92 -> 0 | D87: =D88+D89+D90+D91+D92 -> 0 | E87: =SUM(D87/C87*100) -> #DIV/0! | F87: =F88+F89+F90+F91+F92 -> 0
A88: 1101 | B88: Физическая культура | C88: 0 | D88: 0 | E88: =SUM(D88/C88*100) -> #DIV/0! | F88: =SUM(D88-C88) -> 0
A89: 1102 | B89: Массовый спорт | E89: =SUM(D89/C89*100) -> #DIV/0! | F89: =SUM(D89-C89) -> 0
A90: 1103 | B90: Спорт высших достижений | E90: =SUM(D90/C90*100) -> #DIV/0!
A91: 1104 | B91: Прикладные научные исследования в области физической культуры и спорта | E91: =SUM(D91/C91*100) -> #DIV/0!
A92: 1105 | B92: Другие вопросы в области физическая культуры и спорта | E92: =SUM(D92/C92*100) -> #DIV/0!
A93: 1400 | B93: МЕЖБЮДЖЕТНЫЕ ТРАНСФЕРТЫ | C93: =C94+C95+C96 -> 0 | D93: =SUM(D94:D96) -> 0 | E93: =SUM(D93/C93*100) -> #DIV/0! | F93: =SUM(D93-C93) -> 0
A94: 1401 | B94: Дотации на выравнивание бюджетной обеспеченности | E94: =SUM(D94/C94*100) -> #DIV/0! | F94: =SUM(D94-C94) -> 0
A95: 1402 | B95: Иные дотации | E95: =SUM(D95/C95*100) -> #DIV/0! | F95: =SUM(D95-C95) -> 0
A96: 1403 | B96: Прочие межбюджетные трансферты | E96: =SUM(D96/C96*100) -> #DIV/0! | F96: =SUM(D96-C96) -> 0
B97: Итого расходов | C97: =C55+C63+C65+C71+C76+C80+C82+C87+C93 -> 15075.563 | D97: =D55+D63+D65+D71+D76+D80+D82+D87+D93 -> 14810.015 | E97: =SUM(D97/C97*100) -> 98.238552 | F97: =SUM(D97-C97) -> -265.54825
A98: Начальник финансового отдела
A99: администрации Моргаушского района | C99: Ананьева Р.И.

Sheet Мор
A1: Анализ исполнения бюджета Моргаушского сельского поселения на 01.01.2023 г.
A3: Коды бюджетной классификации РФ | B3: Наименование доходов | C3: назначено на 2022 г. | D3: исполнено на 01.01.2023 г. | E3: % испол. | F3: отклон.
B4: НАЛОГОВЫЕ ДОХОДЫ | C4: =C5+C12+C14+C17+C20+C7 -> 5784.1004 | D4: =D5+D12+D14+D7+D20+D17 -> 5365.8487 | E4: =SUM(D4/C4*100) -> 92.768941 | F4: =SUM(D4-C4) -> -418.25174
A5: 1010000000 | B5: НАЛОГИ НА ПРИБЫЛЬ | C5: =C6 -> 2181 | D5: =D6 -> 2334.3495 | E5: =SUM(D5/C5*100) -> 107.03116 | F5: =SUM(D5-C5) -> 153.3495
A6: 1010200001 | B6: Налог на доходы физических лиц | C6: 2181 | D6: 2334.3495 | E6: =SUM(D6/C6*100) -> 107.03116 | F6: =SUM(D6-C6) -> 153.3495
A7: 1030200001 | B7: Акцизы | C7: =C8+C10+C9 -> 557.1004 | D7: =D8+D9+D10+D11 -> 540.43852 | E7: =SUM(D7/C7*100) -> 97.009178 | F7: =SUM(D7-C7) -> -16.66188
A8: 1030223001 | B8: Акцизы на диз. топливо | C8: 270.4994 | D8: 270.92563 | E8: =SUM(D8/C8*100) -> 100.15757 | F8: =SUM(D8-C8) -> 0.42623
A9: 1030224001 | B9: Акцизы на моторные масла | C9: 1.828 | D9: 1.46341 | E9: =SUM(D9/C9*100) -> 80.055252 | F9: =SUM(D9-C9) -> -0.36459
A10: 1030225001 | B10: Акцизы на автомобильный бензин | C10: 284.773 | D10: 299.1325 | E10: =SUM(D10/C10*100) -> 105.04244 | F10: =SUM(D10-C10) -> 14.3595
A11: 1030226001 | B11: Акцизы на прямогонный бензин | C11: 0 | D11: -31.08302 | E11: =SUM(D11/C11*100) -> #DIV/0! | F11: =SUM(D11-C11) -> -31.08302
A12: 1050000000 | B12: НАЛОГИ НА СОВОКУПНЫЙ ДОХОД | C12: =SUM(C13:C13) -> 80 | D12: =SUM(D13:D13) -> 53.9865 | E12: =SUM(D12/C12*100) -> 67.483125 | F12: =SUM(D12-C12) -> -26.0135
A13: 1050300000 | B13: ЕН с/х предприятий | C13: 80 | D13: 53.9865 | E13: =SUM(D13/C13*100) -> 67.483125 | F13: =SUM(D13-C13) -> -26.0135
A14: 1060000000 | B14: НАЛОГИ НА ИМУЩЕСТВО | C14: =C15+C16 -> 2966 | D14: =D15+D16 -> 2437.0741 | E14: =SUM(D14/C14*100) -> 82.167031 | F14: =SUM(D14-C14) -> -528.92586
A15: 1060100000 | B15: Налог на имущество физ. лиц | C15: 1266 | D15: 1456.0142 | E15: =SUM(D15/C15*100) -> 115.00902 | F15: =SUM(D15-C15) -> 190.01425
A16: 1060600000 | B16: Земельный налог | C16: 1700 | D16: 981.05989 | E16: =SUM(D16/C16*100) -> 57.709405 | F16: =SUM(D16-C16) -> -718.94011
A17: 1080000000 | B17: ПРОЧИЕ НАЛОГИ, СБОРЫ И ПОШЛИНЫ | C17: =C18 -> 0 | D17: =D18 -> 0 | E17: =SUM(D17/C17*100) -> #DIV/0! | F17: =SUM(D17-C17) -> 0
A18: 1080400001 | B18: Государственная пошлина за соверш.нотар.действ. | C18: 0 | D18: 0 | E18: =SUM(D18/C18*100) -> #DIV/0! | F18: =SUM(D18-C18) -> 0
A19: 1080714001 | B19: Государственная пошлина за государственную регистрацию, а также за совершение прочих юридически значимых действий | C19: 0 | D19: 0 | E19: =SUM(D19/C19*100) -> #DIV/0! | F19: =SUM(D19-C19) -> 0
A20: 1090000000 | B20: ЗАДОЛЖЕННОСТЬ И ПЕРЕРАСЧЕТЫ ПО ОТМЕНЕННЫМ НАЛОГАМ И СБОРАМ | C20: =C21+C22+C23+C24 -> 0 | D20: =D21+D22+D23+D24 -> 0 | E20: =SUM(D20/C20*100) -> #DIV/0! | F20: =SUM(D20-C20) -> 0
A21: 1090100000 | B21: Налог на прибыль организаций, зачисл. до 1 янв. 2005г. | E21: =SUM(D21/C21*100) -> #DIV/0! | F21: =SUM(D21-C21) -> 0
A22: 1090400000 | B22: Налоги на имущество | C22: 0 | D22: 0 | E22: =SUM(D22/C22*100) -> #DIV/0! | F22: =SUM(D22-C22) -> 0
A23: 1090600000 | B23: Прочие налоги и сборы (по отм. нал. и сборам РФ) | E23: =SUM(D23/C23*100) -> #DIV/0! | F23: =SUM(D23-C23) -> 0
A24: 1090700000 | B24: Прочие налоги и сборы (по отм. местн. нал. и сборам ) | C24: 0 | D24: 0 | E24: =SUM(D24/C24*100) -> #DIV/0! | F24: =SUM(D24-C24) -> 0
B25: НЕНАЛОГОВЫЕ ДОХОДЫ | C25: =C26+C29+C31+C34+C36 -> 210.66771 | D25: =D26+D29+D31+D34+D36 -> 760.69498 | E25: =SUM(D25/C25*100) -> 361.0876 | F25: =SUM(D25-C25) -> 550.02727
A26: 1110000000 | B26: ДОХОДЫ ОТ ИСПОЛЬЗОВАНИЯ ИМУЩЕСТВА, НАХОДЯЩЕГОСЯ В ГОСУД. И МУН. СОБСТВ. | C26: =C27+C28 -> 0 | D26: =D27+D28 -> 0 | E26: =SUM(D26/C26*100) -> #DIV/0! | F26: =SUM(D26-C26) -> 0
A27: 1110502501 | B27: Арендная плата за землю | C27: 0 | D27: 0 | E27: =SUM(D27/C27*100) -> #DIV/0! | F27: =SUM(D27-C27) -> 0
A28: 1110503505 | B28: Доходы от сдачи в аренду имущ.наход. | C28: 0 | D28: 0 | E28: =SUM(D28/C28*100) -> #DIV/0! | F28: =SUM(D28-C28) -> 0
A29: 1130000000 | B29: ДОХОДЫ ОТ ОКАЗАНИЯ ПЛАТНЫХ УСЛУГ И КОМПЕНСАЦИИ ЗАТРАТ ГОСУДАРСТВА | C29: =C30 -> 0 | D29: =D30 -> 70 | E29: =SUM(D29/C29*100) -> #DIV/0! | F29: =SUM(D29-C29) -> 70
A30: 1130299000 | B30: Доходы от компенсации затрат государства | C30: 0 | D30: 70 | E30: =SUM(D30/C30*100) -> #DIV/0! | F30: =SUM(D30-C30) -> 70
A31: 1140000000 | B31: ДОХОДЫ ОТ ПРОДАЖИ МАТ. И НЕМАТ. АКТИВОВ | C31: =C32+C33 -> 0 | D31: =D32+D33 -> 15.811 | E31: =SUM(D31/C31*100) -> #DIV/0! | F31: =SUM(D31-C31) -> 15.811
A32: 1140200000 | B32: Доходы от реализации имущества | C32: 0 | D32: 15.811 | E32: =SUM(D32/C32*100) -> #DIV/0! | F32: =SUM(D32-C32) -> 15.811
A33: 1140600000 | B33: Доходы от продажи земли | C33: 0 | D33: 0 | E33: =SUM(D33/C33*100) -> #DIV/0! | F33: =SUM(D33-C33) -> 0
A34: 1160000000 | B34: ШТРАФЫ, САНКЦИИ, ВОЗМЕЩЕНИЕ УЩЕРБА | C34: =C35 -> 0 | D34: =D35 -> 0 | E34: =SUM(D34/C34*100) -> #DIV/0! | F34: =SUM(D34-C34) -> 0
A35: 1163305010 | B35: Денежные взыскания за нарушение законодательства РФ о размещении заказов на поставки товаров, выполнение работ, оказание услуг для нужд поселений | C35: 0 | D35: 0 | E35: =SUM(D35/C35*100) -> #DIV/0! | F35: =SUM(D35-C35) -> 0
A36: 1170000000 | B36: ПРОЧИЕ НЕНАЛОГОВЫЕ ДОХОДЫ | C36: =C37+C38 -> 210.66771 | D36: =D37+D38 -> 674.88398 | E36: 0 | F36: =SUM(D36-C36) -> 464.21627
A37: 1170105005 | B37: Невыясненные поступления | C37: 0 | D37: 0 | E37: 0 | F37: =SUM(D37-C37) -> 0
A38: 1171503010 | B38: Инициативные платежи | C38: 210.66771 | D38: 674.88398 | E38: 0 | F38: =SUM(D38-C38) -> 464.21627
A39: 1000000000 | B39: ИТОГО СОБСТВЕННЫХ ДОХОДОВ | C39: =SUM(C4,C25) -> 5994.7681 | D39: =D4+D25 -> 6126.5436 | E39: =SUM(D39/C39*100) -> 102.19818 | F39: =SUM(D39-C39) -> 131.77553
A40: 2000000000 | B40: БЕЗВОЗДМЕЗДНЫЕ ПЕРЕЧИСЛЕНИЯ | C40: =C41+C43+C45+C46+C47+C49+C42+C44+C48 -> 23611.259 | D40: =D41+D43+D45+D46+D47+D49+D42+D48 -> 11525.579 | E40: =SUM(D40/C40*100) -> 48.813913 | F40: =SUM(D40-C40) -> -12085.679
A41: 2021000000 | B41: Дотация от бюджетов других уровней | C41: 8286.3 | D41: 8286.3 | E41: =SUM(D41/C41*100) -> 100 | F41: =SUM(D41-C41) -> 0
A42: 2021500210 | B42: Сбалансированность | C42: 0 | D42: 0 | E42: =SUM(D42/C42*100) -> #DIV/0! | F42: =SUM(D42-C42) -> 0
A43: 2022000000 | B43: Субсидии бюджетам РФ | C43: 12879.856 | D43: 1640.2046 | E43: =SUM(D43/C43*100) -> 12.73465 | F43: =SUM(D43-C43) -> -11239.652
A44: 2022999910 | B44: Прочие субсидии | C44: 0 | D44: 0 | E44: =SUM(D44/C44*100) -> #DIV/0! | F44: =SUM(D44-C44) -> 0
A45: 2023000000 | B45: Субвенции бюджетам РФ | C45: 64.3444 | D45: 64.3167 | E45: =SUM(D45/C45*100) -> 99.95695 | F45: =SUM(D45-C45) -> -0.0277
A46: 2020400000 | B46: Иные межбюджетные трансферты | C46: 2380.758 | D46: 1534.758 | E46: =SUM(D46/C46*100) -> 64.465099 | F46: =SUM(D46-C46) -> -846
A47: 2020900000 | B47: Прочие безвозмездные поступления от других бюджетов бюджетной системы | E47: =SUM(D47/C47*100) -> #DIV/0! | F47: =SUM(D47-C47) -> 0
A48: 2070500010 | B48: Прочие безвозмездные поступления | C48: 0 | E48: =SUM(D48/C48*100) -> #DIV/0! | F48: =SUM(D48-C48) -> 0
A49: 2190500005 | B49: Возврат остатков субвенций и субсидий | C49: 0 | D49: 0 | E49: =SUM(D49/C49*100) -> #DIV/0! | F49: =SUM(D49-C49) -> 0
A50: 3000000000 | B50: ДОХОДЫ ОТ ПРЕДПРИНИМАТЕЛЬСКОЙ И ИНОЙ ПРИН. | C50: 0 | D50: 0 | E50: =SUM(D50/C50*100) -> #DIV/0! | F50: =SUM(D50-C50) -> 0
B51: ВСЕГО ДОХОДОВ | C51: =SUM(C39,C40,C50) -> 29606.027 | D51: =D39+D40 -> 17652.123 | E51: =SUM(D51/C51*100) -> 59.623411 | F51: =SUM(D51-C51) -> -11953.904 | G51: =18968.9976-D51 -> 1316.8746
B52: (Дефицит -) профицит | C52: =C51-C98 -> -2305.2303 | D52: =D51-D98 -> -1336.31
A54: Коды бюджетной классификации РФ | B54: Наименование расходов | C54: назначено на 2022 г. | D54: исполнено на 01.01.2023 г. | E54: % испол. | F54: отклон.
A55: 1 | B55: 2 | C55: 3 | D55: 4 | E55: 5 | F55: 6
A56: 0100 | B56: ОБЩЕГОСУДАРСТВЕННЫЕ ВОПРОСЫ | C56: =C57+C58+C59+C60+C61+C63+C62+C65 -> 2428.6605 | D56: =D57+D58+D59+D60+D61+D63+D62 -> 2288.1989 | E56: =SUM(D56/C56*100) -> 94.216498 | F56: =SUM(D56-C56) -> -140.46163
A57: 0103 | B57: Функционирование представительных органов муниципальных образований
A58: 0104 | B58: Функционирование местных администраций | C58: 2389.4525 | D58: 2268.9909 | E58: =SUM(D58/C58*100) -> 94.95861 | F58: =SUM(D58-C58) -> -120.46163
A59: 0105 | B59: Судебная система | F59: =SUM(D59-C59) -> 0
A60: 0106 | B60: Обеспечение деятельности финансовых, налоговых и таможенных органов и органов финансового надзора | E60: =SUM(D60/C60*100) -> #DIV/0! | F60: =SUM(D60-C60) -> 0
A61: 0107 | B61: Выборы | C61: 0 | D61: 0 | E61: =SUM(D61/C61*100) -> #DIV/0! | F61: =SUM(D61-C61) -> 0
A62: 0111 | B62: Резервные фонды | C62: 10 | D62: 0 | E62: =SUM(D62/C62*100) -> 0 | F62: =SUM(D62-C62) -> -10
A63: 0113 | B63: Другие общегосударственные вопросы | C63: 29.208 | D63: 19.208 | E63: =SUM(D63/C63*100) -> 65.762805 | F63: =SUM(D63-C63) -> -10
A64: 0200 | B64: НАЦИОНАЛЬНАЯ ОБОРОНА | C64: =C65 -> 0 | D64: =D65 -> 0 | E64: =SUM(D64/C64*100) -> #DIV/0! | F64: =SUM(D64-C64) -> 0
A65: 0203 | B65: Мобилизационная и вневоинская подготовка | C65: 0 | D65: 0 | E65: =SUM(D65/C65*100) -> #DIV/0! | F65: =SUM(D65-C65) -> 0
A66: 0300 | B66: НАЦИОНАЛЬНАЯ БЕЗОПАСНОСТЬ | C66: =C69+C70+C71 -> 15 | D66: =SUM(D69+D70+D71) -> 9.9 | E66: =SUM(D66/C66*100) -> 66 | F66: =SUM(D66-C66) -> -5.1
A67: 0302 | B67: Органы внутренних дел | E67: =SUM(D67/C67*100) -> #DIV/0! | F67: =SUM(D67-C67) -> 0
A68: 0304 | B68: Органы юсиции | E68: =SUM(D68/C68*100) -> #DIV/0! | F68: =SUM(D68-C68) -> 0
A69: 0309 | B69: Защита населения и территории от последствий ЧС | C69: 3 | D69: 0 | E69: =SUM(D69/C69*100) -> 0 | F69: =SUM(D69-C69) -> -3
A70: 0310 | B70: Обеспечение пожарной безопасности | C70: 10 | D70: 7.9 | E70: =SUM(D70/C70*100) -> 79 | F70: =SUM(D70-C70) -> -2.1
A71: 0314 | B71: Другие вопросы | C71: 2 | D71: 2 | E71: =SUM(D71/C71*100) -> 100 | F71: =SUM(D71-C71) -> 0
A72: 0400 | B72: НАЦИОНАЛЬНАЯ ЭКОНОМИКА | C72: =SUM(C73:C76) -> 3588.0215 | D72: =SUM(D73:D76) -> 3506.3091 | E72: =SUM(D72/C72*100) -> 97.722635 | F72: =SUM(D72-C72) -> -81.71235
A73: 0405 | B73: Сельское хозяйство | C73: 64.3444 | D73: 64.3167 | E73: =SUM(D73/C73*100) -> 99.95695 | F73: =SUM(D73-C73) -> -0.0277
A74: 0406 | B74: Водные ресурсы | E74: =SUM(D74/C74*100) -> #DIV/0! | F74: =SUM(D74-C74) -> 0
A75: 0409 | B75: Дорожное хозяйство | C75: 3344.5917 | D75: 3332.9071 | E75: =SUM(D75/C75*100) -> 99.65064 | F75: =SUM(D75-C75) -> -11.68465
A76: 0412 | B76: Другие вопросы в области национальной экономики | C76: 179.08535 | D76: 109.08535 | E76: =SUM(D76/C76*100) -> 60.912492 | F76: =SUM(D76-C76) -> -70
A77: 0500 | B77: ЖИЛИЩНО-КОММУНАЛЬНОЕ ХОЗЯЙСТВО | C77: =C78+C79+C80+C83 -> 19062.275 | D77: =D78+D79+D80+D83 -> 6375.725 | E77: =SUM(D77/C77*100) -> 33.446821 | F77: =SUM(D77-C77) -> -12686.55
A78: 0501 | B78: Жилищное хозяйство | C78: 0 | D78: 0 | E78: =SUM(D78/C78*100) -> #DIV/0! | F78: =SUM(D78-C78) -> 0
A79: 0502 | B79: Коммунальное хозяйство | C79: 735 | D79: 713.20635 | E79: =SUM(D79/C79*100) -> 97.034878 | F79: =SUM(D79-C79) -> -21.79365
A80: 0503 | B80: Благоустройство | C80: 18327.275 | D80: 5662.5186 | E80: =SUM(D80/C80*100) -> 30.896675 | F80: =SUM(D80-C80) -> -12664.756
A81: 0800 | B81: КУЛЬТУРА И КИНЕМАТОГРАФИЯ | C81: =C82 -> 6815.3 | D81: =D82 -> 6808.3 | E81: =SUM(D81/C81*100) -> 99.89729 | F81: =SUM(D81-C81) -> -7
A82: 0801 | B82: Культура | C82: 6815.3 | D82: 6808.3 | E82: =SUM(D82/C82*100) -> 99.89729 | F82: =SUM(D82-C82) -> -7
A83: 0505 | B83: Другие вопросы в области ЖКХ | C83: 0 | E83: =SUM(D83/C83*100) -> #DIV/0! | F83: =SUM(D83-C83) -> 0
A84: 1000 | B84: СОЦИАЛЬНАЯ ПОЛИТИКА | C84: =SUM(C85:C88) -> 0 | D84: =SUM(D85:D88) -> 0 | E84: =SUM(D84/C84*100) -> #DIV/0! | F84: =SUM(D84-C84) -> 0
A85: 1001 | B85: Пенсионное обеспечение | E85: =SUM(D85/C85*100) -> #DIV/0! | F85: =SUM(D85-C85) -> 0
A86: 1003 | B86: Социальное обеспечение населения | C86: 0 | D86: 0 | E86: =SUM(D86/C86*100) -> #DIV/0! | F86: =SUM(D86-C86) -> 0
A87: 1004 | B87: Охрана семьи и детства | C87: 0 | D87: 0 | E87: =SUM(D87/C87*100) -> #DIV/0! | F87: =SUM(D87-C87) -> 0
A88: 1006 | B88: Другие вопросы в области социальной политики | C88: 0 | D88: 0 | F88: =SUM(D88-C88) -> 0
A89: 1100 | B89: ФИЗИЧЕСКАЯ КУЛЬТУРА И СПОРТ | C89: =C90+C91+C92+C93+C94 -> 2 | D89: =D90+D91+D92+D93+D94 -> 0 | E89: =SUM(D89/C89*100) -> 0 | F89: =F90+F91+F92+F93+F94 -> -2
A90: 1101 | B90: Физическая культура | C90: 2 | D90: 0 | E90: =SUM(D90/C90*100) -> 0 | F90: =SUM(D90-C90) -> -2
A91: 1102 | B91: Массовый спорт | E91: =SUM(D91/C91*100) -> #DIV/0! | F91: =SUM(D91-C91) -> 0
A92: 1103 | B92: Спорт высших достижений | E92: =SUM(D92/C92*100) -> #DIV/0!
A93: 1104 | B93: Прикладные научные исследования в области физической культуры и спорта | E93: =SUM(D93/C93*100) -> #DIV/0!
A94: 1105 | B94: Другие вопросы в области физическая культуры и спорта | E94: =SUM(D94/C94*100) -> #DIV/0!
A95: 1400 | B95: МЕЖБЮДЖЕТНЫЕ ТРАНСФЕРТЫ | C95: =SUM(C96+C97) -> 0 | D95: =SUM(D96+D97) -> 0 | E95: =SUM(D95/C95*100) -> #DIV/0! | F95: =SUM(D95-C95) -> 0
A96: 1402 | B96: Иные дотации | E96: =SUM(D96/C96*100) -> #DIV/0! | F96: =SUM(D96-C96) -> 0
A97: 1403 | B97: Прочие межбюджетные трансферты | E97: =SUM(D97/C97*100) -> #DIV/0! | F97: =SUM(D97-C97) -> 0
B98: Итого расходов | C98: =C56+C72+C77+C84+C89+C95+C66+C81 -> 31911.257 | D98: =SUM(D56+D66+D72+D77+D81+D89) -> 18988.433 | E98: =SUM(D98/C98*100) -> 59.50387 | F98: =SUM(D98-C98) -> -12922.824
A100: Начальник финансового отдела
A101: администрации Моргаушского района | C101: Ананьева Р.И.

Sheet Мос
A1: Анализ исполнения бюджета Москакасинского сельского поселения на 01.01.2023 г.
A3: Коды бюджетной классификации РФ | B3: Наименование доходов | C3: назначено на 2022 г. | D3: исполнено на 01.01.2023 г. | E3: % испол. | F3: отклон.
B4: НАЛОГОВЫЕ ДОХОДЫ | C4: =C5+C12+C14+C17+C20+C7 -> 5621.4026 | D4: =D5+D12+D14+D17+D20+D7 -> 5234.1957 | E4: =SUM(D4/C4*100) -> 93.111917 | F4: =SUM(D4-C4) -> -387.20686
A5: 1010000000 | B5: НАЛОГИ НА ПРИБЫЛЬ | C5: =C6 -> 1704 | D5: =D6 -> 1630.0955 | E5: =SUM(D5/C5*100) -> 95.662879 | F5: =SUM(D5-C5) -> -73.90455
A6: 1010200001 | B6: Налог на доходы физических лиц | C6: 1704 | D6: 1630.0955 | E6: =SUM(D6/C6*100) -> 95.662879 | F6: =SUM(D6-C6) -> -73.90455
A7: 1030000000 | B7: Налоги на товары (работы и услуги) реализуемые на территории РФ | C7: =C8+C10+C9 -> 960.31 | D7: =D8+D10+D9+D11 -> 1017.0986 | E7: =SUM(D7/C7*100) -> 105.91357 | F7: =SUM(D7-C7) -> 56.78859
A8: 1030223001 | B8: Акцизы на диз. топливо | C8: 420.896 | D8: 509.87867 | E8: =SUM(D8/C8*100) -> 121.14125 | F8: =SUM(D8-C8) -> 88.98267
A9: 1030224001 | B9: Акцизы на моторные масла | C9: 3.441 | D9: 2.75415 | E9: =SUM(D9/C9*100) -> 80.039233 | F9: =SUM(D9-C9) -> -0.68685
A10: 1030225001 | B10: Акцизы на автомобильный бензин | C10: 535.973 | D10: 562.96364 | E10: =SUM(D10/C10*100) -> 105.03582 | F10: =SUM(D10-C10) -> 26.99064
A11: 1030226001 | B11: Акцизы на прямогонный бензин | C11: 0 | D11: -58.49787 | E11: =SUM(D11/C11*100) -> #DIV/0! | F11: =SUM(D11-C11) -> -58.49787
A12: 1050000000 | B12: НАЛОГИ НА СОВОКУПНЫЙ ДОХОД | C12: =SUM(C13:C13) -> 60 | D12: =SUM(D13:D13) -> 58.41 | E12: =SUM(D12/C12*100) -> 97.35 | F12: =SUM(D12-C12) -> -1.59
A13: 1050300000 | B13: ЕН с/х предприятий | C13: 60 | D13: 58.41 | E13: =SUM(D13/C13*100) -> 97.35 | F13: =SUM(D13-C13) -> -1.59
A14: 1060000000 | B14: НАЛОГИ НА ИМУЩЕСТВО | C14: =C15+C16 -> 2889.0926 | D14: =D15+D16 -> 2524.8917 | E14: =SUM(D14/C14*100) -> 87.393935 | F14: =SUM(D14-C14) -> -364.2009
A15: 1060100000 | B15: Налог на имущество физ.лиц | C15: 999 | D15: 581.25049 | E15: =SUM(D15/C15*100) -> 58.183232 | F15: =SUM(D15-C15) -> -417.74951
A16: 1060600000 | B16: Земельный налог | C16: 1890.0926 | D16: 1943.6412 | E16: =SUM(D16/C16*100) -> 102.83312 | F16: =SUM(D16-C16) -> 53.54861
A17: 1080000000 | B17: ПРОЧИЕ НАЛОГИ, СБОРЫ И ПОШЛИНЫ | C17: =C18 -> 8 | D17: =D18 -> 3.7 | E17: =SUM(D17/C17*100) -> 46.25 | F17: =SUM(D17-C17) -> -4.3
A18: 1080400001 | B18: Государственная пошлина за соверш.нотар.действ. | C18: 8 | D18: 3.7 | E18: =SUM(D18/C18*100) -> 46.25 | F18: =SUM(D18-C18) -> -4.3
A19: 1080714001 | B19: Государственная пошлина за государственную регистрацию, а также за совершение прочих юридически значимых действий | E19: =SUM(D19/C19*100) -> #DIV/0! | F19: =SUM(D19-C19) -> 0
A20: 1090000000 | B20: ЗАДОЛЖЕННОСТЬ И ПЕРЕРАСЧЕТЫ ПО ОТМЕНЕННЫМ НАЛОГАМ И СБОРАМ | C20: =C21+C22+C23+C24 -> 0 | D20: =D21+D22+D23+D24 -> 0 | E20: =SUM(D20/C20*100) -> #DIV/0! | F20: =SUM(D20-C20) -> 0
A21: 1090100000 | B21: Налог на прибыль организаций, зачисл. до 1 янв. 2005г. | E21: =SUM(D21/C21*100) -> #DIV/0! | F21: =SUM(D21-C21) -> 0
A22: 1090400000 | B22: Налоги на иммущество | E22: =SUM(D22/C22*100) -> #DIV/0! | F22: =SUM(D22-C22) -> 0
A23: 1090600000 | B23: Прочие налоги и сборы (по отм. нал. и сборам РФ) | E23: =SUM(D23/C23*100) -> #DIV/0! | F23: =SUM(D23-C23) -> 0
A24: 1090700000 | B24: Прочие налоги и сборы (по отм. местн. нал. и сборам ) | E24: =SUM(D24/C24*100) -> #DIV/0! | F24: =SUM(D24-C24) -> 0
B25: НЕНАЛОГОВЫЕ ДОХОДЫ | C25: =C26+C29+C31+C36+C34 -> 2266.24 | D25: =D26+D29+D31+D36+D34 -> 2362.0232 | E25: =SUM(D25/C25*100) -> 104.22653 | F25: =SUM(D25-C25) -> 95.78324
A26: 1110000000 | B26: ДОХОДЫ ОТ ИСПОЛЬЗОВАНИЯ ИМУЩЕСТВА, НАХОДЯЩЕГОСЯ В ГОСУД. И МУН. СОБСТВ. | C26: =C27+C28 -> 0 | D26: =D27+D28 -> 27.3 | E26: =SUM(D26/C26*100) -> #DIV/0! | F26: =SUM(D26-C26) -> 27.3
A27: 1110502000 | B27: Арендная плата за землю | C27: 0 | D27: 27.3 | E27: =SUM(D27/C27*100) -> #DIV/0! | F27: =SUM(D27-C27) -> 27.3
A28: 1110503505 | B28: Доходы от сдачи в аренду имущ.наход. | C28: 0 | D28: 0 | E28: =SUM(D28/C28*100) -> #DIV/0! | F28: =SUM(D28-C28) -> 0
A29: 1130000000 | B29: ДОХОДЫ ОТ ОКАЗАНИЯ ПЛАТНЫХ УСЛУГ И КОМПЕНСАЦИИ ЗАТРАТ ГОСУДАРСТВА | C29: =C30 -> 0 | D29: =D30 -> 0.39237 | E29: =SUM(D29/C29*100) -> #DIV/0! | F29: =SUM(D29-C29) -> 0.39237
A30: 1130299000 | B30: Доходы от компенсации затрат государства | C30: 0 | D30: 0.39237 | E30: =SUM(D30/C30*100) -> #DIV/0! | F30: =SUM(D30-C30) -> 0.39237
A31: 1140000000 | B31: ДОХОДЫ ОТ ПРОДАЖИ МАТ. И НЕМАТ. АКТИВОВ | C31: =C32+C33 -> 1366.24 | D31: =D32+D33 -> 1366.24 | E31: =SUM(D31/C31*100) -> 100 | F31: =SUM(D31-C31) -> 0
A32: 1140200000 | B32: Доходы от реализации имущества | C32: 1009.24 | D32: 1009.24 | E32: =SUM(D32/C32*100) -> 100 | F32: =SUM(D32-C32) -> 0
A33: 1140600000 | B33: Доходы от продажи земли | C33: 357 | D33: 357 | E33: =SUM(D33/C33*100) -> 100 | F33: =SUM(D33-C33) -> 0
A34: 1160000000 | B34: ШТРАФЫ, САНКЦИИ, ВОЗМЕЩЕНИЕ УЩЕРБА | C34: =C35 -> 0 | D34: =D35 -> 10.48064 | E34: =SUM(D34/C34*100) -> #DIV/0! | F34: =SUM(D34-C34) -> 10.48064
A35: 1160701010 | B35: Штрафы,неустойки,пени | C35: 0 | D35: 10.48064 | E35: =SUM(D35/C35*100) -> #DIV/0! | F35: =SUM(D35-C35) -> 10.48064
A36: 1170000000 | B36: ПРОЧИЕ НЕНАЛОГОВЫЕ ДОХОДЫ | C36: =C37+C38 -> 900 | D36: =D37+D38 -> 957.61023 | E36: =SUM(D36/C36*100) -> 106.40114 | F36: =SUM(D36-C36) -> 57.61023
A37: 1170105005 | B37: Невыясненные поступления | C37: 0 | E37: =SUM(D37/C37*100) -> #DIV/0! | F37: =SUM(D37-C37) -> 0
A38: 1171503010 | B38: Инициативные платежи | C38: 900 | D38: 957.61023 | E38: =SUM(D38/C38*100) -> 106.40114 | F38: =SUM(D38-C38) -> 57.61023
A39: 1000000000 | B39: ИТОГО СОБСТВЕННЫХ ДОХОДОВ | C39: =SUM(C4,C25) -> 7887.6426 | D39: =SUM(D4,D25) -> 7596.219 | E39: =SUM(D39/C39*100) -> 96.305314 | F39: =SUM(D39-C39) -> -291.42362
A40: 2000000000 | B40: БЕЗВОЗДМЕЗДНЫЕ ПЕРЕЧИСЛЕНИЯ | C40: =C41+C43+C45+C46+C48+C49+C42+C44+C51+C47 -> 14862.764 | D40: =D41+D43+D45+D46+D48+D49+D42+D44+D51 -> 14746.343 | E40: =SUM(D40/C40*100) -> 99.216695 | F40: =SUM(D40-C40) -> -116.42081
A41: 2021000000 | B41: Дотация от бюджетов других уровней | C41: 1479.2 | D41: 1479.2 | E41: =SUM(D41/C41*100) -> 100 | F41: =SUM(D41-C41) -> 0
A42: 2020100310 | B42: Сбалансированность | C42: 0 | D42: 0 | E42: =SUM(D42/C42*100) -> #DIV/0! | F42: =SUM(D42-C42) -> 0
A43: 2022000000 | B43: Субсидии бюджетам РФ | C43: 9585.9363 | D43: 9480.7693 | E43: =SUM(D43/C43*100) -> 98.902904 | F43: =SUM(D43-C43) -> -105.16696
A44: 2022999910 | B44: Прочие субсидии | C44: 0 | D44: 0 | E44: =SUM(D44/C44*100) -> #DIV/0! | F44: =SUM(D44-C44) -> 0
A45: 2023000000 | B45: Субвенции бюджетам РФ | C45: 100.99429 | D45: 100.99429 | E45: =SUM(D45/C45*100) -> 100 | F45: =SUM(D45-C45) -> 0
A46: 2020400000 | B46: Иные межбюджетные трансферты | C46: 3696.6336 | D46: 3685.3798 | E46: =SUM(D46/C46*100) -> 99.695565 | F46: =SUM(D46-C46) -> -11.25385
A47: 2020700000 | B47: Поступления от денежных пожертвований | C47: 0
A48: 2020900000 | B48: Прочие безвозмездные поступления от других бюджетов бюджетной системы | C48: 0 | D48: 0 | E48: =SUM(D48/C48*100) -> #DIV/0! | F48: =SUM(D48-C48) -> 0
A49: 2190500005 | B49: Возврат остатков субвенций и субсидий | C49: 0 | D49: 0 | E49: =SUM(D49/C49*100) -> #DIV/0! | F49: =SUM(D49-C49) -> 0
A50: 3000000000 | B50: ДОХОДЫ ОТ ПРЕДПРИНИМАТЕЛЬСКОЙ И ИНОЙ ПРИН. | C50: 0 | D50: 0 | E50: =SUM(D50/C50*100) -> #DIV/0! | F50: =SUM(D50-C50) -> 0
A51: 2070500010 | B51: Прочие безвозмездные поступления | E51: =SUM(D51/C51*100) -> #DIV/0! | F51: =SUM(D51-C51) -> 0
B52: ВСЕГО ДОХОДОВ | C52: =C39+C40 -> 22750.407 | D52: =D39+D40 -> 22342.562 | E52: =SUM(D52/C52*100) -> 98.207309 | F52: =SUM(D52-C52) -> -407.84443
B53: (Дефицит -) профицит | C53: =C52-C103 -> -753.31071 | D53: =D52-D103 -> 20.69847
A55: Коды бюджетной классификации РФ | B55: Наименование расходов | C55: назначено на 2022 г. | D55: исполнено на 01.01.2023 г. | E55: % испол. | F55: отклон.
A56: 1 | B56: 2 | C56: 3 | D56: 4 | E56: 5 | F56: 6
A57: 0100 | B57: ОБЩЕГОСУДАРСТВЕННЫЕ ВОПРОСЫ | C57: =C58+C59+C60+C61+C62+C64+C63 -> 2831.9648 | D57: =D58+D59+D60+D61+D62+D64+D63 -> 2787.7169 | E57: =SUM(D57/C57*100) -> 98.437556 | F57: =SUM(D57-C57) -> -44.24787
A58: 0103 | B58: Функционирование представительных органов муниципальных образований
A59: 0104 | B59: Функционирование местных администраций | C59: 2660.6981 | D59: 2617.4502 | E59: =SUM(D59/C59*100) -> 98.374567 | F59: =SUM(D59-C59) -> -43.24787
A60: 0105 | B60: Судебная система | F60: =SUM(D60-C60) -> 0
A61: 0106 | B61: Обеспечение деятельности финансовых, налоговых и таможенных органов и органов финансового надзора | E61: =SUM(D61/C61*100) -> #DIV/0! | F61: =SUM(D61-C61) -> 0
A62: 0107 | B62: Выборы | D62: 0 | E62: =SUM(D62/C62*100) -> #DIV/0! | F62: =SUM(D62-C62) -> 0
A63: 0111 | B63: Резервные фонды | C63: 1 | D63: 0 | E63: =SUM(D63/C63*100) -> 0 | F63: =SUM(D63-C63) -> -1
A64: 0113 | B64: Другие общегосударственные вопросы | C64: 170.26667 | D64: 170.26667 | E64: =SUM(D64/C64*100) -> 100 | F64: =SUM(D64-C64) -> 0
A65: 0200 | B65: НАЦИОНАЛЬНАЯ ОБОРОНА | C65: =C66 -> 100.99429 | D65: =D66 -> 100.99429 | E65: =SUM(D65/C65*100) -> 100 | F65: =SUM(D65-C65) -> 0
A66: 0203 | B66: Мобилизационная и вневоинская подготовка | C66: 100.99429 | D66: 100.99429 | E66: =SUM(D66/C66*100) -> 100 | F66: =SUM(D66-C66) -> 0
A67: 0300 | B67: НАЦИОНАЛЬНАЯ БЕЗОПАСНОСТЬ | C67: =C70+C71+C72 -> 10.5 | D67: =D70+D71+D72 -> 8 | E67: =SUM(D67/C67*100) -> 76.190476 | F67: =SUM(D67-C67) -> -2.5
A68: 0302 | B68: Органы внутренних дел | E68: =SUM(D68/C68*100) -> #DIV/0! | F68: =SUM(D68-C68) -> 0
A69: 0304 | B69: Органы юсиции | E69: =SUM(D69/C69*100) -> #DIV/0! | F69: =SUM(D69-C69) -> 0
A70: 0309 | B70: Защита населения и территории от последствий ЧС | C70: 0 | D70: 0 | E70: =SUM(D70/C70*100) -> #DIV/0! | F70: =SUM(D70-C70) -> 0
A71: 0310 | B71: Обеспечение пожарной безопасности | C71: 8.5 | D71: 6 | E71: =SUM(D71/C71*100) -> 70.588235 | F71: =SUM(D71-C71) -> -2.5
A72: 0314 | B72: Другие вопросы в области национальной безоапсности | C72: 2 | D72: 2
A73: 0400 | B73: НАЦИОНАЛЬНАЯ ЭКОНОМИКА | C73: =SUM(C74:C77) -> 4577.6576 | D73: =SUM(D74:D77) -> 4574.0727 | E73: =SUM(D73/C73*100) -> 99.921688 | F73: =SUM(D73-C73) -> -3.58484
A74: 0405 | B74: Сельское хозяйство | C74: 0 | D74: 0 | E74: =SUM(D74/C74*100) -> #DIV/0! | F74: =SUM(D74-C74) -> 0
A75: 0406 | B75: Водные ресурсы | D75: 0 | E75: =SUM(D75/C75*100) -> #DIV/0! | F75: =SUM(D75-C75) -> 0
A76: 0409 | B76: Дорожное хозяйство | C76: 4138.0205 | D76: 4137.4357 | E76: =SUM(D76/C76*100) -> 99.985867 | F76: =SUM(D76-C76) -> -0.58484
A77: 0412 | B77: Другие вопросы в области национальной экономики | C77: 439.63706 | D77: 436.63706 | E77: =SUM(D77/C77*100) -> 99.317619 | F77: =SUM(D77-C77) -> -3
A78: 0500 | B78: ЖИЛИЩНО-КОММУНАЛЬНОЕ ХОЗЯЙСТВО | C78: =SUM(C79:C82) -> 14680.549 | D78: =SUM(D79:D82) -> 14467.795 | E78: =SUM(D78/C78*100) -> 98.550777 | F78: =SUM(D78-C78) -> -212.7539
A79: 0501 | B79: Жилищное хозяйство | C79: 0 | D79: 0 | E79: =SUM(D79/C79*100) -> #DIV/0! | F79: =SUM(D79-C79) -> 0
A80: 0502 | B80: Коммунальное хозяйство | C80: 12688.309 | D80: 12475.705 | E80: =SUM(D80/C80*100) -> 98.324413 | F80: =SUM(D80-C80) -> -212.6036
A81: 0503 | B81: Благоустройство | C81: 1992.2403 | D81: 1992.09 | E81: =SUM(D81/C81*100) -> 99.992456 | F81: =SUM(D81-C81) -> -0.1503
A82: 0505 | B82: Другие вопросы в области ЖКХ | C82: 0 | D82: 0 | E82: =SUM(D82/C82*100) -> #DIV/0! | F82: =SUM(D82-C82) -> 0
A83: 0800 | B83: КУЛЬТУРА И КИНЕМАТОГРАФИЯ | C83: =C84+C85 -> 1263.052 | D83: =D84+D85 -> 344.285 | E83: =SUM(D83/C83*100) -> 27.258181 | F83: =SUM(D83-C83) -> -918.767
A84: 0801 | B84: Культура | C84: 1263.052 | D84: 344.285 | E84: =SUM(D84/C84*100) -> 27.258181 | F84: =SUM(D84-C84) -> -918.767
A85: 0804 | B85: Другие вопросы в области культуры, кинематографии | C85: 0 | D85: 0 | E85: =SUM(D85/C85*100) -> #DIV/0! | F85: =SUM(D85-C85) -> 0
A86: 1000 | B86: СОЦИАЛЬНАЯ ПОЛИТИКА | C86: =SUM(C87:C90) -> 4 | D86: =SUM(D87:D90) -> 4 | E86: =SUM(D86/C86*100) -> 100 | F86: =SUM(D86-C86) -> 0
A87: 1001 | B87: Пенсионное обеспечение | E87: =SUM(D87/C87*100) -> #DIV/0! | F87: =SUM(D87-C87) -> 0
A88: 1003 | B88: Социальное обеспечение населения | C88: 4 | D88: 4 | E88: =SUM(D88/C88*100) -> 100 | F88: =SUM(D88-C88) -> 0
A89: 1004 | B89: Охрана семьи и детства | C89: 0 | D89: 0 | E89: =SUM(D89/C89*100) -> #DIV/0! | F89: =SUM(D89-C89) -> 0
A90: 1006 | B90: Другие вопросы в области социальной политики | C90: 0 | D90: 0 | E90: =SUM(D90/C90*100) -> #DIV/0! | F90: =SUM(D90-C90) -> 0
A91: 1000 | B91: СОЦИАЛЬНАЯ ПОЛИТИКА | C91: =SUM(C92) -> 0 | D91: =SUM(D92) -> 0 | E91: =SUM(D91/C91*100) -> #DIV/0! | F91: =SUM(D91-C91) -> 0
A92: 1006 | B92: Пенсионное обеспечение | C92: 0 | D92: 0 | E92: =SUM(D92/C92*100) -> #DIV/0! | F92: =SUM(D92-C92) -> 0
A93: 1100 | B93: ФИЗИЧЕСКАЯ КУЛЬТУРА И СПОРТ | C93: =C94+C95+C96+C97+C98 -> 35 | D93: =D94+D95+D96+D97+D98 -> 35 | E93: =SUM(D93/C93*100) -> 100 | F93: =F94+F95+F96+F97+F98 -> 0
A94: 1101 | B94: Физическая культура | C94: 35 | D94: 35 | E94: =SUM(D94/C94*100) -> 100 | F94: =SUM(D94-C94) -> 0
A95: 1006 | B95: Другие вопросы в области социальной политики | E95: =SUM(D95/C95*100) -> #DIV/0! | F95: =SUM(D95-C95) -> 0
A96: 1103 | B96: Спорт высших достижений | E96: =SUM(D96/C96*100) -> #DIV/0!
A97: 1104 | B97: Прикладные научные исследования в области физической культуры и спорта | E97: =SUM(D97/C97*100) -> #DIV/0!
A98: 1105 | B98: Другие вопросы в области физическая культуры и спорта | E98: =SUM(D98/C98*100) -> #DIV/0!
A99: 1400 | B99: МЕЖБЮДЖЕТНЫЕ ТРАНСФЕРТЫ | C99: =C100+C101+C102 -> 0 | D99: =SUM(D100:D102) -> 0 | E99: =SUM(D99/C99*100) -> #DIV/0! | F99: =SUM(D99-C99) -> 0
A100: 1401 | B100: Дотации на выравнивание бюджетной обеспеченности | E100: =SUM(D100/C100*100) -> #DIV/0! | F100: =SUM(D100-C100) -> 0
A101: 1402 | B101: Иные дотации | E101: =SUM(D101/C101*100) -> #DIV/0! | F101: =SUM(D101-C101) -> 0
A102: 1403 | B102: Прочие межбюджетные трансферты | E102: =SUM(D102/C102*100) -> #DIV/0! | F102: =SUM(D102-C102) -> 0
...

Sheet Ори
A1: Анализ исполнения бюджета Орининского сельского поселения на 01.01.2023 г.
A3: Коды бюджетной классификации РФ | B3: Наименование доходов | C3: назначено на 2022 г. | D3: исполнено на 01.01.2023 г. | E3: % испол. | F3: отклон.
B4: НАЛОГОВЫЕ ДОХОДЫ | C4: =C5+C12+C14+C17+C7 -> 2301.82 | D4: =D5+D12+D14+D17+D7 -> 2570.5388 | E4: =SUM(D4/C4*100) -> 111.67419 | F4: =SUM(D4-C4) -> 268.71876
A5: 1010000000 | B5: НАЛОГИ НА ПРИБЫЛЬ | C5: =C6 -> 273 | D5: =D6 -> 323.16827 | E5: =SUM(D5/C5*100) -> 118.37666 | F5: =SUM(D5-C5) -> 50.16827
A6: 1010200001 | B6: Налог на доходы физических лиц | C6: 273 | D6: 323.16827 | E6: =SUM(D6/C6*100) -> 118.37666 | F6: =SUM(D6-C6) -> 50.16827
A7: 1030000000 | B7: Налоги на товары (работы и услуги) реализуемые на территории РФ | C7: =C8+C10+C9 -> 550.82 | D7: =D8+D9+D10+D11 -> 651.21163 | E7: =SUM(D7/C7*100) -> 118.22585 | F7: =SUM(D7-C7) -> 100.39163
A8: 1030223001 | B8: Акцизы на диз. топливо | C8: 205.456 | D8: 326.45698 | E8: =SUM(D8/C8*100) -> 158.89387 | F8: =SUM(D8-C8) -> 121.00098
A9: 1030224001 | B9: Акцизы на моторные масла | C9: 2.203 | D9: 1.76338 | E9: =SUM(D9/C9*100) -> 80.044485 | F9: =SUM(D9-C9) -> -0.43962
A10: 1030225001 | B10: Акцизы на автомобильный бензин | C10: 343.161 | D10: 360.44537 | E10: =SUM(D10/C10*100) -> 105.03681 | F10: =SUM(D10-C10) -> 17.28437
A11: 1030265001 | B11: Акцизы на прямогонный бензин | C11: 0 | D11: -37.4541 | E11: =SUM(D11/C11*100) -> #DIV/0! | F11: =SUM(D11-C11) -> -37.4541
A12: 1050000000 | B12: НАЛОГИ НА СОВОКУПНЫЙ ДОХОД | C12: =SUM(C13:C13) -> 10 | D12: =SUM(D13:D13) -> 3.70086 | E12: =SUM(D12/C12*100) -> 37.0086 | F12: =SUM(D12-C12) -> -6.29914
A13: 1050300000 | B13: ЕН с/х предприятий | C13: 10 | D13: 3.70086 | E13: =SUM(D13/C13*100) -> 37.0086 | F13: =SUM(D13-C13) -> -6.29914
A14: 1060000000 | B14: НАЛОГИ НА ИМУЩЕСТВО | C14: =C15+C16 -> 1460 | D14: =D15+D16 -> 1587.618 | E14: =SUM(D14/C14*100) -> 108.74096 | F14: =SUM(D14-C14) -> 127.618
A15: 1060100000 | B15: Налог на имущество физ.лиц | C15: 360 | D15: 371.22931 | E15: =SUM(D15/C15*100) -> 103.11925 | F15: =SUM(D15-C15) -> 11.22931
A16: 1060600000 | B16: Земельный налог | C16: 1100 | D16: 1216.3887 | E16: =SUM(D16/C16*100) -> 110.58079 | F16: =SUM(D16-C16) -> 116.38869
A17: 1080000000 | B17: ПРОЧИЕ НАЛОГИ, СБОРЫ И ПОШЛИНЫ | C17: =C18 -> 8 | D17: =D18 -> 4.84 | E17: =SUM(D17/C17*100) -> 60.5 | F17: =SUM(D17-C17) -> -3.16
A18: 1080400001 | B18: Государственная пошлина за соверш.нотар.действ. | C18: 8 | D18: 4.84 | E18: =SUM(D18/C18*100) -> 60.5 | F18: =SUM(D18-C18) -> -3.16
A19: 1080714001 | B19: Государственная пошлина за государственную регистрацию, а также за совершение прочих юридически значимых действий | E19: =SUM(D19/C19*100) -> #DIV/0! | F19: =SUM(D19-C19) -> 0
A20: 1090000000 | B20: ЗАДОЛЖЕННОСТЬ И ПЕРЕРАСЧЕТЫ ПО ОТМЕНЕННЫМ НАЛОГАМ И СБОРАМ | C20: =C21+C22+C23+C24 -> 0 | D20: =D21+D22+D23+D24 -> 0 | E20: =SUM(D20/C20*100) -> #DIV/0! | F20: =SUM(D20-C20) -> 0
A21: 1090100000 | B21: Налог на прибыль организаций, зачисл. до 1 янв. 2005г. | E21: =SUM(D21/C21*100) -> #DIV/0! | F21: =SUM(D21-C21) -> 0
A22: 1090400000 | B22: Налоги на иммущество | E22: =SUM(D22/C22*100) -> #DIV/0! | F22: =SUM(D22-C22) -> 0
A23: 1090600000 | B23: Прочие налоги и сборы (по отм. нал. и сборам РФ) | E23: =SUM(D23/C23*100) -> #DIV/0! | F23: =SUM(D23-C23) -> 0
A24: 1090700000 | B24: Прочие налоги и сборы (по отм. местн. нал. и сборам ) | E24: =SUM(D24/C24*100) -> #DIV/0! | F24: =SUM(D24-C24) -> 0
B25: НЕНАЛОГОВЫЕ ДОХОДЫ | C25: =C26+C30+C32+C37 -> 956.66285 | D25: =D26+D30+D32+D37+D35 -> 1731.2948 | E25: =SUM(D25/C25*100) -> 180.9723 | F25: =SUM(D25-C25) -> 774.63193
A26: 1110000000 | B26: ДОХОДЫ ОТ ИСПОЛЬЗОВАНИЯ ИМУЩЕСТВА, НАХОДЯЩЕГОСЯ В ГОСУД. И МУН. СОБСТВ. | C26: =C27+C28 -> 130 | D26: =D27+D28+D29 -> 203.25954 | E26: =SUM(D26/C26*100) -> 156.35349 | F26: =SUM(D26-C26) -> 73.25954
A27: 1110502510 | B27: Арендная плата за землю | C27: 100 | D27: 149.25879 | E27: =SUM(D27/C27*100) -> 149.25879 | F27: =SUM(D27-C27) -> 49.25879
A28: 1110503510 | B28: Доходы от сдачи в аренду имущ.наход. | C28: 30 | D28: 54.00075 | E28: =SUM(D28/C28*100) -> 180.0025 | F28: =SUM(D28-C28) -> 24.00075
A29: 1110532000 | B29: Плата за соглашениям об установлениисервитутав отнош.зем.участ. | D29: 0
A30: 1130000000 | B30: ДОХОДЫ ОТ ОКАЗАНИЯ ПЛАТНЫХ УСЛУГ И КОМПЕНСАЦИИ ЗАТРАТ ГОСУДАРСТВА | C30: =C31 -> 50 | D30: =D31 -> 63.02065 | E30: =SUM(D30/C30*100) -> 126.0413 | F30: =SUM(D30-C30) -> 13.02065
A31: 1130206005 | B31: Доходы от оказания платных услуг | C31: 50 | D31: 63.02065 | E31: =SUM(D31/C31*100) -> 126.0413 | F31: =SUM(D31-C31) -> 13.02065
A32: 1140000000 | B32: ДОХОДЫ ОТ ПРОДАЖИ МАТ. И НЕМАТ. АКТИВОВ | C32: =C33+C34 -> 0 | D32: =D33+D34 -> 97.8405 | E32: =SUM(D32/C32*100) -> #DIV/0! | F32: =SUM(D32-C32) -> 97.8405
A33: 1140200000 | B33: Доходы от реализации имущества | D33: 97.8405 | E33: =SUM(D33/C33*100) -> #DIV/0! | F33: =SUM(D33-C33) -> 97.8405
A34: 1140600000 | B34: Доходы от продажи земли | C34: 0 | D34: 0 | E34: =SUM(D34/C34*100) -> #DIV/0! | F34: =SUM(D34-C34) -> 0
A35: 1169000000 | B35: ШТРАФЫ | C35: 0 | D35: =D36 -> 218.01412 | E35: =SUM(D35/C35*100) -> #DIV/0! | F35: =SUM(D35-C35) -> 218.01412
